 Dungeon Crawl Stone Soup version 0.27.1-33-g824d729ab1 (webtiles) character file.

Game seed: 15577790704815538191

10115742 coier1 the Ninja (level 27, 249/249 HPs)
             Began as a Gnoll Wanderer on Dec 10, 2021.
             Was the Champion of Vehumet.
             Escaped with the Orb
             ... and 15 runes on Dec 16, 2021!
             The game lasted 10:48:55 (176847 turns).

coier1 the Ninja (Gnoll Wanderer)                 Turns: 176847, Time: 10:48:56

Health: 249/249    AC: 49    Str: 25    XL:     27
Magic:  41/63      EV: 22    Int: 50    God:    Vehumet [******]
Gold:   19609      SH: 41    Dex: 22    Spells: 8/80 levels left

rFire    + + +     SeeInvis +   h - +7 trident of Ronynujao {venom, Int+8}
rCold    + + +     Faith    .   o - +8 tower shield "Moschewk" {rN+ Will- Int+7 Slay+3}
rNeg     + + +     Spirit   .   t - +8 orange crystal plate armour {Archmagi, Int+3 Clar}
rPois    ∞         Reflect  +   I - -2 hat of the Alchemist {rElec rPois rF+ rC+ rN+ Will+ rMut rCorr}
rElec    +         Harm     .   C - +0 cloak of Howling Wind {rPois Regen+ Str+3}
rCorr    +         Rampage  .   Q - +0 pair of gloves of the Catfish {Will+ Int+8}
rMut     +         Archmagi +   B - +0 pair of boots "Zouczal" {rPois rC+ Dex+2}
Will     +++++     Clarity  +   G - amulet of Von Hoxa {Reflect Contam rC+ MP+9 Str+4 Int+2 SH+5}
Stlth    +.........             X - ring "Uza Fiwk" {Fire rCorr SInv}
HPRegen  2.51/turn              Z - ring "Nuereas" {Drain rN+ Will+ Int+6 Dex+6}
MPRegen  0.38/turn

@: lich-form, studying 5 skills
A: draining attack, torment immunity, no potions, fangs 1, strong nose,
distributed training, fire resistance 1, regeneration 1, MP-powered wands
0: Orb of Zot
}: 15/15 runes: decaying, slimy, silver, golden, iron, obsidian, icy, bone,
abyssal, demonic, glowing, magical, fiery, dark, gossamer
a: End Transformation, Renounce Religion


You escaped.
You worshipped Vehumet.
Vehumet was exalted by your worship.
You were an undead lich.
You visited 18 branches of the dungeon, and saw 90 of its levels.
You visited Pandemonium 3 times, and saw 20 of its levels.
You visited the Abyss 11 times.
You completed 4 ziggurats, and saw 108 of their levels.
You also visited: Gauntlet, Ice Cave and Desolation.

You collected 25220 gold pieces.
You spent 5611 gold pieces at shops.

Inventory:

Hand Weapons
 h - the +7 trident of Ronynujao (weapon) {venom, Int+8}
   (You found it on level 24 of a ziggurat)

   It poisons the flesh of those it strikes.
   Int:       It affects your intelligence (+8).
 q - the +9 staff of Wucad Mu {*channel}
   (You acquired it on level 2 of the Lair of Beasts)

   It occasionally powers its wielder's spells, but with a chance of causing
   confusion or draining the wielder's intelligence.
   It becomes more likely to activate and less likely to backfire with increased
   Evocations skill.
 Y - the +9 trident "Peddausa" {flame, rF+ rC+ Will+ Str+2}
   (You found it on level 22 of a ziggurat)

   It burns those it strikes, dealing additional fire damage.
   Str:       It affects your strength (+2).
   rF:        It protects you from fire.
   rC:        It protects you from cold.
   Will:      It increases your willpower.
Missiles
 f - 188 silver javelins (quivered)
Armour
 o - the +8 tower shield "Moschewk" (worn) {rN+ Will- Int+7 Slay+3}
   (You found it on level 17 of a ziggurat)

   Int:       It affects your intelligence (+7).
   Slay:      It affects your accuracy & damage with ranged weapons and melee
   (+3).
   rN:        It protects you from negative energy.
   Will:      It decreases your willpower.
 t - the +8 orange crystal plate armour (worn) {Archmagi, Int+3 Clar}
   (You found it on level 9 of a ziggurat)

   Int:       It affects your intelligence (+3).
   Clar:      It protects you against confusion.
 x - +12 gold dragon scales
 B - the +0 pair of boots "Zouczal" (worn) {rPois rC+ Dex+2}
   (You found it on level 1 of the Elven Halls)

   Dex:       It affects your dexterity (+2).
   rC:        It protects you from cold.
   rPois:     It protects you from poison.
 C - the +0 cloak of Howling Wind (worn) {rPois Regen+ Str+3}
   (You found it on level 26 of a ziggurat)

   Str:       It affects your strength (+3).
   rPois:     It protects you from poison.
   Regen:     It increases your rate of health regeneration.
 I - the -2 hat of the Alchemist (worn) {rElec rPois rF+ rC+ rN+ Will+ rMut rCorr}
   (You found it on level 26 of a ziggurat)

   rF:        It protects you from fire.
   rC:        It protects you from cold.
   rElec:     It insulates you from electricity.
   rPois:     It protects you from poison.
   rN:        It protects you from negative energy.
   rCorr:     It protects you from acid and corrosion.
   rMut:      It protects you from mutation.
   Will:      It increases your willpower.
 K - the +2 robe of Vines {NoPotionHeal Regen+++}
   (You found it on level 5 of the Lair of Beasts)

   Its wearer cannot be healed by potions.
   Regen:     It increases your rate of health regeneration.
 L - the +4 kite shield of Beyond {Int+4 SInv}
   (Okawaru gifted it to you on level 4 of the Vaults)

   Int:       It affects your intelligence (+4).
   SInv:      It lets you see invisible.
 M - the +18 shield of the Gong {rElec rN+ Will+ EV-5}
   (You found it on level 22 of a ziggurat)

   It is deafeningly noisy when blocking attacks.
   EV:        It affects your evasion (-5).
   rElec:     It insulates you from electricity.
   rN:        It protects you from negative energy.
   Will:      It increases your willpower.
 P - the +3 hat of Pondering {ponderous, Will+ MP+10 Int+5}
   (You found it on level 5 of the Pits of Slime)

   Int:       It affects your intelligence (+5).
   MP:        It affects your magic capacity (+10).
   Will:      It increases your willpower.
 Q - the +0 pair of gloves of the Catfish (worn) {Will+ Int+8}
   (You found it on level 5 of a ziggurat)

   Int:       It affects your intelligence (+8).
   Will:      It increases your willpower.
 U - the +3 cloak "Uneokhusk" {Rampage rElec Will+ Stlth-}
   (You acquired it on level 1 of the Depths)

   rElec:     It insulates you from electricity.
   Rampage:   It bestows one free step when moving towards enemies.
   Will:      It increases your willpower.
   Stlth:     It makes you less stealthy.
 V - a +2 pair of boots of flying
Jewellery
 m - the ring of Arrival {rPois AC+4 Str+3 Int+7}
   (You found it on level 21 of a ziggurat)

   [ring of protection]

   AC:        It affects your AC (+4).
   Str:       It affects your strength (+3).
   Int:       It affects your intelligence (+7).
   rPois:     It protects you from poison.
 n - the ring "Cotueqol" {+Blink rC++ Str+5 Int+6}
   (You found it on level 15 of a ziggurat)

   [ring of intelligence]

   Str:       It affects your strength (+5).
   Int:       It affects your intelligence (+6).
   rC:        It greatly protects you from cold.
   +Blink:    It lets you blink.
 u - the macabre finger necklace {rN+}
   (You found it on level 26 of a ziggurat)

   [amulet of nothing]

   It enables you to equip an extra ring.
   rN:        It protects you from negative energy.
 G - the amulet of Von Hoxa (around neck) {Reflect Contam rC+ MP+9 Str+4 Int+2 SH+5}
   (You bought it in a shop on level 15 of the Dungeon)

   [amulet of reflection]

   It reflects blocked missile attacks.
   Str:       It affects your strength (+4).
   Int:       It affects your intelligence (+2).
   rC:        It protects you from cold.
   MP:        It affects your magic capacity (+9).
   Contam:    It causes magical contamination when unequipped.
   SH:        It affects your SH (+5).
 X - the ring "Uza Fiwk" (left hand) {Fire rCorr SInv}
   (You took it off an imperial myrmidon in the Desolation of Salt)

   [ring of fire]

   It enhances your fire magic.
   rF:        It protects you from fire.
   rC:        It makes you vulnerable to cold.
   SInv:      It lets you see invisible.
   rCorr:     It protects you from acid and corrosion.
 Z - the ring "Nuereas" (right hand) {Drain rN+ Will+ Int+6 Dex+6}
   (You found it on level 21 of a ziggurat)

   [ring of intelligence]

   Int:       It affects your intelligence (+6).
   Dex:       It affects your dexterity (+6).
   rN:        It protects you from negative energy.
   Drain:     It drains your maximum health when unequipped.
   Will:      It increases your willpower.
Wands
 z - a wand of acid (68)
 H - a wand of digging (19)
Scrolls
 b - 11 scrolls of enchant armour
 c - 108 scrolls of teleportation
 d - 48 scrolls of blinking
 i - 3 scrolls of summoning
 k - a scroll of brand weapon
 r - 19 scrolls of amnesia
 s - 26 scrolls of holy word
 A - 42 scrolls of magic mapping
 F - 21 scrolls of silence
 W - 13 scrolls of torment
Potions
 a - 9 potions of magic
 g - 23 potions of heal wounds
 j - 14 potions of haste
 p - 8 potions of resistance
 v - 3 potions of brilliance
 D - 16 potions of ambrosia
 N - 39 potions of curing
 R - 58 potions of mutation
 S - 10 potions of berserk rage
 T - 23 potions of cancellation
Miscellaneous
 l - a condenser vane
 w - a box of beasts
 y - a phantom mirror


   Skills:
 O Level 27 Fighting
 O Level 27 Short Blades
 O Level 27 Long Blades
 O Level 27 Axes
 O Level 27 Maces & Flails
 O Level 27 Polearms
 O Level 27 Staves
 O Level 27 Slings
 O Level 27 Bows
 O Level 27 Crossbows
 O Level 27 Throwing
 O Level 27 Armour
 O Level 27 Dodging
 O Level 27 Stealth
 O Level 27 Shields
 O Level 27 Unarmed Combat
 O Level 27 Spellcasting
 O Level 27 Conjurations
 O Level 27 Hexes
 O Level 27 Summonings
 O Level 27 Necromancy
 O Level 27 Translocations
 O Level 27 Transmutations
 O Level 27 Fire Magic
 O Level 27 Ice Magic
 O Level 27 Air Magic
 O Level 27 Earth Magic
 O Level 27 Poison Magic
 O Level 27 Invocations
 O Level 27 Evocations


You had 8 spell levels left.
You knew the following spells:

 Your Spells              Type           Power      Damage    Failure   Level
a - Lehudib's Crystal Sp  Conj/Erth      86%        10d19     1%          8
b - Blink                 Tloc           N/A        N/A       0%          2
c - Ozocubu's Refrigerat  Ice            86%        4d22      0%          7
d - Ignition              Fire           100%       3d25      1%          8
e - Necromutation         Tmut/Necr      100%       N/A       1%          8
f - Fire Storm            Conj/Fire      100%       8d25      1%          9
g - Swiftness             Air            100%       N/A       0%          3
h - Shatter               Erth           86%        3d62*     1%          9
i - Chain Lightning       Conj/Air       86%        3d115     1%          9
j - Polar Vortex          Ice            86%        N/A       1%          9

Your spell library contained the following spells:

 Spells                   Type           Power      Damage    Failure   Level
 Animate Skeleton         Necr           100%       N/A       0%          1
 Apportation              Tloc           100%       N/A       0%          1
 Beastly Appendage        Tmut           100%       N/A       0%          1
 Corona                   Hex            100%       N/A       0%          1
 Foxfire                  Conj/Fire      100%       2x1d9     0%          1
 Freeze                   Ice            100%       1d11      0%          1
 Magic Dart               Conj           100%       1d8       0%          1
 Pain                     Necr           100%       1d9       0%          1
 Sandblast                Erth           100%       2d20      0%          1
 Shock                    Conj/Air       100%       1d9       0%          1
 Sting                    Tmut/Pois      100%       1d8       0%          1
 Summon Small Mammal      Summ           100%       N/A       0%          1
 Call Imp                 Summ           100%       N/A       0%          2
 Corpse Rot               Necr/Air       N/A        N/A       0%          2
 Ensorcelled Hibernation  Hex/Ice        100%       N/A       0%          2
 Passwall                 Tmut/Erth      100%       N/A       0%          2
 Poisonous Vapours        Pois/Air       100%       N/A       0%          2
 Searing Ray              Conj           100%       3d7       0%          2
 Slow                     Hex            100%       N/A       0%          2
 Static Discharge         Conj/Air       100%       N/A       0%          2
 Sublimation of Blood     Necr           100%       N/A       0%          2
 Wereblood                Tmut           100%       N/A       0%          2
 Call Canine Familiar     Summ           100%       N/A       0%          3
 Confusing Touch          Hex            100%       N/A       0%          3
 Conjure Flame            Conj/Fire      100%       6-21      0%          3
 Dazzling Flash           Conj/Hex       100%       N/A       0%          3
 Frozen Ramparts          Ice            100%       1d12      0%          3
 Gell's Gravitas          Tloc           86%        N/A       0%          3
 Ignite Poison            Fire/Tmut/Pois 100%       N/A       0%          3
 Inner Flame              Hex/Fire       100%       N/A       0%          3
 Lesser Beckoning         Tloc           86%        N/A       0%          3
 Mephitic Cloud           Conj/Pois/Air  100%       N/A       0%          3
 Ozocubu's Armour         Ice            100%       N/A       0%          3
 Portal Projectile        Hex/Tloc       100%       N/A       0%          3
 Spider Form              Tmut/Pois      86%        N/A       0%          3
 Stone Arrow              Conj/Erth      100%       3d13      0%          3
 Summon Guardian Golem    Hex/Summ       100%       N/A       0%          3
 Teleport Other           Tloc           100%       N/A       0%          3
 Tukima's Dance           Hex            100%       N/A       0%          3
 Vampiric Draining        Necr           100%       2d20      0%          3
 Airstrike                Air            86%        N/A       0%          4
 Animate Armour           Summ/Erth      100%       N/A       0%          4
 Animate Dead             Necr           100%       N/A       0%          4
 Cause Fear               Hex            86%        N/A       0%          4
 Dispel Undead            Necr           100%       3d31      0%          4
 Fulminant Prism          Conj/Hex       86%        3d35      0%          4
 Hailstorm                Conj/Ice       100%       3d20      0%          4
 Ice Form                 Ice/Tmut       100%       N/A       0%          4
 Iskenderun's Mystic Bla  Conj/Tloc      100%       2d19      0%          4
 Leda's Liquefaction      Hex/Erth       86%        N/A       0%          4
 Olgreb's Toxic Radiance  Pois           100%       N/A       0%          4
 Passage of Golubria      Tloc           N/A        N/A       0%          4
 Petrify                  Tmut/Erth      100%       N/A       0%          4
 Sticky Flame             Conj/Fire      100%       2d11      0%          4
 Summon Ice Beast         Ice/Summ       100%       N/A       0%          4
 Summon Lightning Spire   Summ/Air       100%       N/A       0%          4
 Agony                    Necr           100%       N/A       0%          5
 Alistair's Intoxication  Tmut/Pois      100%       N/A       0%          5
 Blade Hands              Tmut           86%        N/A       0%          5
 Bolt of Magma            Conj/Fire/Erth 100%       4d37      0%          5
 Borgnjor's Vile Clutch   Necr/Erth      100%       N/A       0%          5
 Excruciating Wounds      Necr           100%       N/A       0%          5
 Fireball                 Conj/Fire      100%       3d36      0%          5
 Freezing Cloud           Conj/Ice/Air   86%        6-21      0%          5
 Irradiate                Conj/Tmut      86%        3d42      0%          5
 Iskenderun's Battlesphe  Conj           100%       2d15      0%          5
 Lee's Rapid Deconstruct  Erth           86%        3d39*     0%          5
 Lightning Bolt           Conj/Air       86%        1d114     0%          5
 Manifold Assault         Tloc           100%       N/A       0%          5
 Metabolic Englaciation   Hex/Ice        86%        N/A       0%          5
 Silence                  Hex/Air        86%        N/A       0%          5
 Summon Forest            Summ/Tloc      86%        N/A       0%          5
 Summon Mana Viper        Hex/Summ       100%       N/A       0%          5
 Yara's Violent Unravell  Hex/Tmut       86%        3d31      0%          5
 Conjure Ball Lightning   Conj/Air       86%        3x3d32    0%          6
 Death Channel            Necr           100%       N/A       0%          6
 Dispersal                Tloc           86%        N/A       0%          6
 Eringya's Noxious Bog    Tmut/Pois      86%        N/A       0%          6
 Invisibility             Hex            86%        N/A       0%          6
 Iron Shot                Conj/Erth      86%        9d16      0%          6
 Shadow Creatures         Summ           N/A        N/A       0%          6
 Simulacrum               Ice/Necr       100%       N/A       0%          6
 Starburst                Conj/Fire      100%       6d25      0%          6
 Statue Form              Tmut/Erth      100%       N/A       0%          6
 Dragon Form              Tmut           86%        N/A       0%          7
 Haunt                    Necr/Summ      100%       N/A       0%          7
 Malign Gateway           Summ/Tloc      86%        N/A       0%          7
 Monstrous Menagerie      Summ           86%        N/A       0%          7
 Orb of Destruction       Conj           86%        9d20      0%          7
 Spellforged Servitor     Conj/Summ      86%        N/A       0%          7
 Storm Form               Tmut/Air       86%        N/A       0%          7
 Summon Hydra             Summ           86%        N/A       0%          7
 Borgnjor's Revivificati  Necr           100%       N/A       1%          8
 Discord                  Hex            86%        N/A       1%          8
 Disjunction              Tloc           86%        N/A       1%          8
 Infestation              Necr           100%       N/A       1%          8
 Maxwell's Capacitive Co  Air            86%        ∞         1%          8
 Summon Horrible Things   Summ           86%        N/A       1%          8
 Death's Door             Necr           100%       N/A       1%          9
 Dragon's Call            Summ           86%        N/A       1%          9


Dungeon Overview and Level Annotations

Branches:
Dungeon (15/15)            Temple (1/1) D:4            Lair (6/6) D:10
  Swamp (4/4) Lair:3       Spider (4/4) Lair:3        Slime (5/5) Lair:5
    Orc (2/2) D:10            Elf (3/3) Orc:2        Vaults (5/5) D:13
  Crypt (3/3) Vaults:3       Tomb (3/3) Crypt:3      Depths (5/5) D:15
   Hell (visited)             Dis (7/7) Hell            Geh (7/7) Hell
    Coc (7/7) Hell            Tar (7/7) Hell            Zot (5/5) Depths:5
  IceCv (visited)         Desolation (visited)      Gauntlet (visited)

Altars:
Ashenzari
Cheibriados
Dithmenos
Elyvilon
Fedhas
Gozag
Hepliaklqana
Kikubaaqudgha
Makhleb
Nemelex Xobeh
Okawaru
Qazlal
Ru
Sif Muna
Trog
Uskayaw
Vehumet
Wu Jian
Xom
Yredelemnul
Zin
The Shining One
Jiyva

Shops:
D:3 ?   D:15 =   Orc:2 *(==   Elf:1 *   Elf:3 :   Vaults:1 *   Depths:4 *

Portals:
Hell: Depths:1 Depths:2 Depths:3 Depths:4 Depths:5
Abyss: Depths:3 Depths:4 Depths:5
Pandemonium: Depths:1 Depths:2 Depths:3
Ziggurat: Lair:2*

Annotations:
Depths:5 SHOPS KTL PRIN EXTENDED


Innate Abilities, Weirdness & Mutations

You are an undead lich.
Your unarmed attacks are suffused with negative energy.
You are immune to unholy pain and torment.
Your necromantic spells are more powerful.
You are immune to poison.
You cannot drink.
You have very sharp teeth.
Your uncanny sense of smell can sniff out nearby items.
Your experience applies equally to all skills.
Your flesh is heat resistant. (rF+)
Your natural rate of healing is unusually fast.
You expend magic power (3 MP) to strengthen your wands.


Message History

A tormentor comes into view.
There is a dry fountain here.
Casting: Chain Lightning (mildly dangerous; 1% risk of failure)
Confirm with . or Enter, or press ? or * to list all spells.
You feel a surge of power!
Your body is suffused with negative energy!
You block the tormentor's attack. The tormentor completely misses you.
You block the tormentor's attack.
The tormentor hits you but does no damage.
Unknown command.
You hit the tormentor but do no damage.
Unknown command.
Unknown command.
You impale the tormentor!!
The tormentor is severely wounded.
You block the tormentor's attack. x2
You miss the tormentor. Your bite misses the tormentor.
The tormentor is severely wounded.
The tormentor closely misses you. You block the tormentor's attack.
You closely miss the tormentor.
The tormentor is severely wounded.
You block the tormentor's attack. x2
Unknown command.
Unknown command.
You hit the tormentor but do no damage.
The tormentor is severely wounded.
You block the tormentor's attack. x2
You hit the tormentor but do no damage.
The tormentor is severely wounded.
You block the tormentor's attack. x2
You puncture the tormentor!
You kill the tormentor!
Vehumet accepts your kill.
No target in view!
Unknown command.
No target in view!
Unknown command.
You see here 10 stones.
There is a staircase leading out of the dungeon here.
You have escaped!

............'...........>#
.###.########........#####
.# #.# #........# .###.#
#........# ..##.#
########## #.##.# #.##.#
##### #.##.# ##.>.##
#..#.# ##..L..## ##.#.#
##...(...## #.#.#
##..⌠..)⌠..## #...#
##........(..## ##..#
##.⌠....⌠....⌠.## #..#
##...............##
#..###..⌠...⌠...⌠...⌠..##
##.##...................##
#.#......⌠.......⌠....(.#


There were no monsters in sight!

Vanquished Creatures
  Cerebov (Pan)
  The ghost of coier1 the Politician, a legendary GnWn of Zin (Zig:23)
  the Royal Jelly (Slime:5)
  The ghost of Vuopse the Conqueror, a legendary GnIE of Ashenzari (Zig:23)
  Asmodeus (Geh:7)
  The ghost of SevenDeadlySins the Archmage, a legendary DrCj of Vehumet (Zig:19)
  The ghost of SevenDeadlySins the Archmage, a legendary DrCj of Vehumet (Zig:19)
  Ereshkigal (Tar:7)
  Gloorx Vloq (Pan)
  Lom Lobon (Pan)
  The ghost of Ikusitist the Infernalist, a legendary NaFE of Cheibriados (Zig:19)
  48 dread liches
  The ghost of Oreexun the Archmage, a legendary DECj of Vehumet (Zig:19)
  Dispater (Dis:7)
  6 orbs of fire
  Mnoleg (Pan)
  The ghost of Manman the Conqueror, a legendary HOGl of Makhleb (Zig:19)
  The ghost of BerryKnight the Divine Blade, a legendary DgFi (Zig:19)
  The ghost of BerryKnight the Divine Blade, a legendary DgFi (Zig:19)
  The ghost of Rueful the Heavyweight Champion, a legendary TrWr of Qazlal (Zig:23)
  The ghost of Ekeiwkem the Impregnable, a legendary DsFi of Makhleb (Zig:19)
  Mennas (Vaults:2)
  The ghost of Hacvoq the Conqueror, a legendary HOFi of Zin (Zig:23)
  The ghost of melllvar the Conqueror, a legendary MiBe of the Shining One (Zig:19)
  The ghost of Fouwomub the Sorcerer, a legendary FoEE of Vehumet (Zig:11)
  The ghost of Sext the Conqueror, a legendary MiFi of the Shining One (Zig:23)
  Khufu (Tomb:3)
  The ghost of Hewasun the Conqueror, a legendary MiBe of the Shining One (Zig:19)
  The ghost of strangelove the Metallomancer, a master GrEE of Vehumet (Zig:23)
  The ghost of Likado the Gnoll Barricade, a legendary GnSk of the Shining One (Zig:11)
  40 ancient liches
  The ghost of grandjackal the Rhythm of Life and Death, a legendary DsGl of Uskayaw (Zig:19)
  Mara (Tomb:1)
  The ghost of Kalug the Executioner, a legendary DrFi of Cheibriados (Zig:19)
  The ghost of Zoplarin the Conqueror, a legendary BaSk of Cheibriados (Zig:19)
  20 juggernauts
  The ghost of Qupubruts the Slayer, a master HOFi of Okawaru (Zig:19)
  The ghost of TuffENuff the End of an Era, a legendary FoFi of Qazlal (Zig:19)
  67 royal mummies
  The ghost of xzight the Conqueror, a legendary MiBe of Trog (Zig:23)
  Boris (Tomb:3)
  28 shard shrikes
  The ghost of Goatei the Slayer, a veteran MiBe of Trog (Depths:3)
  Bai Suzhen (Vaults:2)
  The ghost of Gucom the Gnoll Aeon, a veteran GnFi of Cheibriados (Zig:19)
  The ghost of Gucom the Gnoll Aeon, a veteran GnFi of Cheibriados (Zig:23)
  34 Killer Klowns
  4 curse toes
  The ghost of EricTams the Hoplite, a veteran MiBe of Trog (Zig:19)
  Geryon (Hell)
  47 golden dragons
  85 pandemonium lords
  A caustic shrike (shapeshifter) (Zig:25)
  39 caustic shrikes
  The ghost of Ocayps the Spry, a veteran OpBe of Trog (Depths:5)
  17 profane servitors
  The ghost of Rocah the Hoplite, a veteran GrFi of the Shining One (Zig:19)
  54 bone dragons
  Nikola (Spider:2)
  The ghost of Pikuto the Slayer, an adept MiBe of Trog (Zig:19)
  47 Tzitzimimeh
  21 iron giants
  55 Brimstone Fiends
  17 doom hounds
  32 tentacled monstrosities
  22 hellephants
  Jorgrun (Elf:2)
  25 electric golems
  45 Hell Sentinels
  49 Ice Fiends
  Rupert (D:13)
  28 Orb Guardians
  The ghost of LetschGu the Unseen, an adept KoEn of Gozag (Swamp:2)
  33 liches
  14 deep elf master archers
  Asterion (Vaults:1)
  3 quicksilver dragons (shapeshifter)
  12 deep elf blademasters
  7 quicksilver dragons
  101 titans
  126 acid blobs
  39 sphinxes
  4 thorn hunters
  48 Executioners
  35 ancient champions
  70 tentacled starspawn
  The ghost of frimble the Victor of a Thousand Battles, an adept DsGl of Okawaru (Zig:23)
  2 sphinxes (shapeshifter)
  The ghost of Viocziel the Brawler, an adept TrMo of Nemelex Xobeh (Zig:19)
  The ghost of Himmaryad the Brawler, an adept TrMo of Nemelex Xobeh (Zig:19)
  The ghost of Amikeex the Brawler, an adept TrMo of Nemelex Xobeh (Zig:19)
  The ghost of Amikeex the Brawler, an adept TrMo of Nemelex Xobeh (Depths:5)
  The ghost of Barug the Brawler, an adept TrMo of Nemelex Xobeh (Zig:11)
  The ghost of Himmaryad the Brawler, an adept TrMo of Nemelex Xobeh (Depths:5)
  Kirke (D:15)
  9 death cobs
  36 storm dragons
  29 shadow dragons
  18 tengu reavers
  3 daevas
  3 shadow dragons (shapeshifter)
  44 azure jellies
  38 revenants
  59 rockslimes
  Roxanne (Spider:3)
  4 fenstrider witches
  6 azure jellies (shapeshifter)
  Donald (Vaults:1)
  17 draconian monks
  A fenstrider witch (shapeshifter) (Zig:10)
  60 nagarajas
  17 iron dragons
  30 frost giants
  38 vault wardens
  25 fire giants
  A frost giant (shapeshifter) (Zig:10)
  66 orc warlords
  Aizul (Elf:3)
  19 draconian knights
  81 balrugs
  13 caustic shrike zombies
  4 imperial myrmidons (Desolation)
  27 emperor scorpions
  Louise (Elf:1)
  A fire giant (shapeshifter) (Zig:10)
  19 draconian scorchers
  57 cacodemons
  67 ghost moths
  20 curse skulls
  13 juggernaut zombies
  4 deep elf elementalists
  23 ghouls
  51 quicksilver oozes
  18 draconian shifters
  14 deep elf sorcerers
  2 angels
  26 warmongers
  3 spriggan defenders
  2 quicksilver oozes (shapeshifter)
  11 blood saints
  11 draconian stormcallers
  8 juggernaut skeletons
  29 draconian annihilators
  151 reapers
  17 ironbound preservers
  7 caustic shrike skeletons
  99 stone giants
  60 very ugly things
  22 war gargoyles
  20 bennus
  16 deep elf demonologists
  4 elemental wellsprings
  2 dire elephants (shapeshifter)
  20 green draconians
  3 ophanim
  18 vampire knights
  12 deep elf annihilators
  45 corrupters
  A minotaur (shapeshifter) (Zig:24)
  18 red draconians
  A minotaur (Gauntlet)
  A bunyip (shapeshifter) (Zig:24)
  30 spark wasps
  34 black suns
  27 white draconians
  A black draconian (shapeshifter) (Zig:25)
  A halazid warlock (Desolation)
  27 black draconians
  2 pale draconians (Depths:5)
  11 dire elephants
  31 yellow draconians
  Azrael (Elf:2)
  37 lorocyprocas
  54 entropy weavers
  An entropy weaver (shapeshifter) (Zig:25)
  18 purple draconians
  20 bunyips
  The ghost of kalagan the Thaumaturge, a journeyman DECj of Sif Muna (Elf:1)
  24 merfolk javelineers
  2 eleionomae (shapeshifter)
  98 blizzard demons
  16 eleionomae
  8 crystal guardians
  22 deep elf death magi
  45 eidola
  A fire dragon (shapeshifter) (Zig:25)
  17 fire dragons
  18 quicksilver dragon zombies
  65 green deaths
  28 ettins
  24 jiangshi
  11 ragged hierophants
  2 kraken zombies
  2 great orbs of eyes (shapeshifter)
  15 deep elf high priests
  18 merfolk impalers
  11 shambling mangroves
  59 mummy priests
  16 quicksilver dragon skeletons
  59 great orbs of eyes
  14 monstrous demonspawn
  12 naga warriors
  6 servants of whispers
  42 ice dragons
  33 vault guards
  16 hell beasts
  A hydra (shapeshifter) (Zig:16)
  14 catoblepae
  76 hydras
  Erolcha (Orc:2)
  35 yaktaur captains
  18 ghost crabs
  7 peacekeepers
  43 salamander tyrants
  2 ice dragons (shapeshifter)
  A caustic shrike simulacrum (Zig:14)
  10 ogre magi
  9 ironbound thunderhulks
  17 ironbound frosthearts
  21 rakshasas
  3 juggernaut simulacra
  8 alligator snapping turtles
  18 boulder beetles
  5 anacondas (shapeshifter)
  28 merfolk aquamancers
  9 death knights
  22 spriggan air magi
  23 centaur warriors
  6 anacondas
  2 catoblepae (shapeshifter)
  A spectral fire giant (Crypt:3)
  49 dancing weapons
  A satyr (shapeshifter) (Zig:25)
  17 two-headed ogres
  9 deep troll shamans
  2 alligator snapping turtles (shapeshifter)
  11 satyrs
  5 merfolk avatars
  89 death scarabs
  A two-headed ogre (shapeshifter) (Zig:16)
  3 alligators (shapeshifter)
  18 alligators
  45 hell hogs
  9 death yaks
  11 spriggan berserkers
  10 tengu warriors
  13 deep troll earth magi
  21 titan zombies
  80 thrashing horrors
  27 vampire magi
  A shock serpent (shapeshifter) (Zig:25)
  6 holy swine (Pan)
  95 orc high priests
  3 ironbound beastmasters
  Sonja (D:11)
  41 deep elf knights
  3 fire crabs (Zig:11)
  32 shock serpents
  21 naga sharpshooters
  18 storm dragon zombies
  97 wretched stars
  2 salamander mystics
  192 skeletal warriors
  51 hell knights
  Nergalle (D:11)
  A spectral ghost moth (Crypt:3)
  20 spatial maelstroms
  4 iron trolls (shapeshifter)
  55 iron trolls
  121 sun demons
  73 soul eaters
  12 titan skeletons
  18 golden dragon zombies
  19 iron golems
  60 sixfirhies
  A sea snake (shapeshifter) (Zig:24)
  A goliath frog (shapeshifter) (Zig:26)
  24 infernal demonspawn (Pan)
  9 shadow dragon zombies
  8 goliath frogs
  2 ghost moth zombies
  3 glowing orange brains (shapeshifter)
  19 shadow wraiths
  19 storm dragon skeletons
  2 spark wasp zombies
  12 naga ritualists
  18 gelid demonspawn
  25 glowing orange brains
  4 death drakes (shapeshifter)
  A quicksilver dragon simulacrum (Coc:5)
  20 torturous demonspawn
  31 spriggan druids
  38 flayed ghosts
  A deep troll (shapeshifter) (Zig:21)
  13 orange crystal statues
  27 deep elf archers
  16 death drakes
  18 anaconda zombies
  53 deep trolls
  2 cherubim (Pan)
  15 wizards
  12 lindwurms
  21 necromancers
  8 bog bodies
  17 sea snakes
  32 orc knights
  21 tengu zombies
  43 phantasmal warriors
  2 swamp dragons (shapeshifter)
  8 anaconda skeletons
  38 ironbound convokers
  5 obsidian statues
  28 swamp dragons
  54 shadow demons
  11 sphinx zombies
  12 golden dragon skeletons
  46 deep elf zephyrmancers
  A shining eye (shapeshifter) (Zig:21)
  76 harpies
  7 wolf spider zombies
  18 iron dragon zombies
  3 lindwurms (shapeshifter)
  3 orb spiders (shapeshifter)
  28 cyclopes
  49 shining eyes
  7 shadow dragon skeletons
  70 oklob plants
  76 orb spiders
  50 deep elf pyromancers
  44 orc sorcerers
  76 wolf spiders
  2 wolf spiders (shapeshifter)
  A moth of wrath (shapeshifter) (Zig:26)
  15 frost giant zombies
  A salamander (shapeshifter) (Zig:25)
  5 sphinx skeletons
  20 fauns
  2 toenail golems
  19 will-o-the-wisps
  20 fire giant zombies
  14 stone giant zombies
  8 mana vipers
  59 ugly things
  3 fauns (shapeshifter)
  17 worldbinders
  3 elephants (shapeshifter)
  78 moths of wrath
  7 salamanders
  10 elephants
  2 mana vipers (shapeshifter)
  10 merfolk sirens
  3 cyclopes (shapeshifter)
  16 fire giant skeletons
  23 manticores
  12 stone giant skeletons
  Maurice (D:11)
  32 apocalypse crabs
  12 frost giant skeletons
  27 vault sentinels
  10 dire elephant zombies
  20 naga magi
  A manticore (shapeshifter) (Zig:18)
  3 guardian serpents (shapeshifter)
  2 black mambas (shapeshifter)
  10 molten gargoyles
  A water nymph (shapeshifter) (Zig:24)
  170 smoke demons
  13 iron dragon skeletons
  9 gargoyles
  62 rust devils
  64 orange demons
  3 shock serpent zombies
  21 ice statues
  32 water nymphs
  33 cane toads
  2 torpor snails (shapeshifter)
  An eye of devastation (shapeshifter) (Zig:12)
  50 black mambas
  29 eyes of devastation
  Maggie (D:8)
  4 storm dragon simulacra
  28 guardian serpents
  43 torpor snails
  2 catoblepas zombies
  A red draconian zombie (Geh:7)
  85 hellions
  A sea snake zombie (Hell)
  3 shock serpent skeletons
  20 komodo dragons
  3 minotaur zombies
  5 unseen horrors
  Psyche (D:10)
  7 dire elephant skeletons
  2 unseen horrors (shapeshifter)
  9 rime drakes
  2 rime drakes (shapeshifter)
  87 demonic crawlers
  60 hellwings
  92 tormentors
  23 yaktaurs
  3 spark wasp simulacra
  3 tengu conjurers
  31 efreet
  2 komodo dragons (shapeshifter) (Zig:25)
  2 yaktaurs (shapeshifter)
  4 emperor scorpion zombies
  2 catoblepas skeletons
  13 spriggan skeletons
  130 ice devils
  A kobold demonologist (D:13)
  An anaconda simulacrum (Tomb:1)
  7 silent spectres
  2 minotaur skeletons
  93 freezing wraiths
  112 guardian mummies
  40 trolls
  A black draconian skeleton (Crypt:2)
  19 elf skeletons
  73 merfolk
  65 jumping spiders
  A yellow draconian skeleton (Crypt:1)
  A golden dragon simulacrum (Zig:6)
  A troll (shapeshifter) (Zig:26)
  4 queen bees (shapeshifter)
  2 jumping spiders (shapeshifter)
  3 entropy weaver simulacra (IceCv)
  A tengu simulacrum (Depths:2)
  9 harpy zombies
  A meliai (shapeshifter) (D:13)
  86 red devils
  57 ancient zymes
  50 hornets
  218 slime creatures
  7 polar bears
  A hornet (shapeshifter) (Vaults:5)
  16 hydra zombies
  9 tyrant leeches
  2 harpy skeletons
  Grinder (D:3)
  A bloated husk (Zig:9)
  A wolf spider simulacrum (D:15)
  A slime creature (shapeshifter) (Zig:12)
  A meliai (Zig:27)
  43 saltlings
  31 wind drakes
  16 ice dragon zombies
  A merfolk (shapeshifter) (Zig:26)
  A tarantella zombie (Crypt:1)
  A sphinx simulacrum (Zig:21)
  12 alligator zombies
  11 fire dragon zombies
  19 blink frogs
  6 hydra skeletons
  127 raiju
  12 ettin zombies
  A blink frog (shapeshifter) (Zig:25)
  4 stone giant simulacra
  15 snapping turtles
  18 dream sheep
  4 snapping turtles (shapeshifter)
  A frost giant simulacrum (Tomb:2)
  12 spriggan zombies
  3 deep troll zombies
  10 ettin skeletons
  137 redbacks
  17 air elementals
  A wyvern (shapeshifter) (Zig:23)
  2 black mamba zombies
  248 flying skulls
  54 shadows
  A tarantella (shapeshifter) (Zig:18)
  3 iron dragon simulacra
  9 fire dragon skeletons
  48 spriggans
  7 alligator skeletons
  5 vampires
  61 tarantellas
  75 wraiths
  A spriggan (shapeshifter) (Depths:4)
  3 yaks (shapeshifter)
  Sigmund (D:4)
  105 ynoxinuls
  6 ice dragon skeletons
  49 ushabtiu
  29 fire elementals
  2 hogs (D:15)
  2 redbacks (shapeshifter)
  A dire elephant simulacrum (Coc:7)
  4 steam dragons
  3 fire bats
  41 golden eyes
  15 vampire mosquitoes
  39 water elementals
  7 wyverns
  267 large abominations
  A black mamba skeleton (Geh:7)
  101 chaos spawn
  89 neqoxecs
  56 yaks
  An emperor scorpion simulacrum (Abyss:2)
  7 basilisks
  24 spatial vortices
  2 sea snake simulacra (Hell)
  21 nagas
  28 wargs
  3 swamp worms (shapeshifter)
  19 swamp worms
  6 cane toad zombies
  A merfolk zombie (Dis:7)
  An acid dragon (shapeshifter) (Depths:3)
  A harpy simulacrum (Coc:7)
  6 demonic crawler simulacra (IceCv)
  30 water moccasins
  4 acid dragons
  7 floating eyes
  A merfolk skeleton (Geh:7)
  2 floating eyes (shapeshifter)
  A hydra simulacrum (Tomb:3)
  104 hell hounds
  12 swamp drakes
  158 orc warriors
  4 snapping turtle zombies
  An ice dragon simulacrum (Abyss:1)
  21 ice beasts
  5 cane toad skeletons
  A hornet zombie (D:6)
  54 necrophages
  6 black bears
  5 manticore zombies
  2 swamp dragon zombies
  219 starcursed masses
  5 ugly thing simulacra (IceCv)
  A black bear (shapeshifter) (Zig:23)
  2 black mamba simulacra
  2 sky beasts
  3 ettin simulacra
  An ice beast (shapeshifter) (Abyss:3)
  4 manticore skeletons
  8 snapping turtle skeletons
  8 boggarts
  105 ogres
  27 wolves
  6 phantoms
  A dream sheep skeleton (Crypt:1)
  34 centaurs
  36 elf zombies
  13 bullfrogs
  4 scorpions
  26 earth elementals
  A wyvern zombie (D:6)
  A draconian skeleton (Crypt:2)
  4 gnoll sergeants
  2 glowing shapeshifter simulacra
  122 small abominations
  3 water moccasin zombies (D:6)
  2 wyvern skeletons
  A water moccasin skeleton (D:6)
  A troll zombie (Tar:6)
  9 killer bees
  A snapping turtle simulacrum (Abyss:3)
  A troll skeleton (Tar:7)
  93 wights
  13 electric eels
  11 centaur zombies
  16 crimson imps
  A bullfrog zombie (D:6)
  17 quasits
  A hound (D:6)
  2 gnoll shamans
  29 orc priests
  4 human zombies
  49 iron imps
  7 jellies
  4 iguanas
  Jessica (D:3)
  2 bullfrog skeletons (D:6)
  Terence (D:2)
  8 lightning spires
  41 orc wizards
  18 human skeletons
  5 killer bee zombies
  A deep dwarf zombie (Crypt:1)
  2 ogre zombies
  A naga zombie (Geh:1)
  A naga skeleton (Geh:7)
  5 tengu skeletons
  2 ogre skeletons
  A hound skeleton (D:4)
  161 mummies
  Robin (D:3)
  24 gnolls
  14 adders
  33 shadow imps
  70 white imps
  19 ufetubi
  An iguana zombie (Crypt:1)
  An adder skeleton (D:4)
  6 worms
  3 dart slugs
  73 orcs
  5 ball pythons
  9 endoplasms
  2 giant cockroaches
  6 hobgoblins
  3 jackals (D:3)
  7 kobolds
  2 quokkas
  5 bats
  2 frilled lizards
  9 goblins
  A hobgoblin skeleton (Crypt:1)
  An orc skeleton (Pan)
  2 rats
  8 ball lightnings
  12 briar patches (Zig:20)
  A bush (Lair:1)
  40 fire vortices
  8 lurking horrors
  A plant (Zig:17)
  62 starspawn tentacles
  5 tentacles
13384 creatures vanquished.

Vanquished Creatures (collateral kills)
  Antaeus (Coc:7)
  A pandemonium lord (Zig:10)
  A Killer Klown (Zig:18)
  An iron giant (Zig:24)
  Frances (Elf:1)
  A storm dragon (Zig:19)
  An azure jelly (Slime:5)
  A black sun (Zig:19)
  A ghost moth (Zig:23)
  An emperor scorpion (Zig:22)
  A cacodemon (Zig:19)
  A very ugly thing (Zig:25)
  A spark wasp (Zig:27)
  An entropy weaver (Zig:23)
  A green death (Zig:19)
  A deep elf high priest (Vaults:5)
  A deep troll earth mage (Zig:25)
  A soul eater (Tar:3)
  A deep elf archer (Elf:1)
  An anaconda skeleton (Tomb:1)
  2 orb spiders
  A shadow dragon zombie (Zig:24)
  An ugly thing (Zig:10)
  An eye of devastation (shapeshifter) (Depths:2)
  A hellion (Zig:17)
  A jumping spider (Zig:27)
  An alligator zombie (Coc:7)
  An ushabti (Zig:13)
  A flying skull (Zig:25)
  A tarantella (Zig:23)
  A shadow (Geh:4)
  A wraith (Tar:3)
  A water elemental (Coc:7)
  A chaos spawn (Pan)
  A necrophage (Zig:25)
  5 mummies
  A shadow imp (Tar:3)
  A white imp (Coc:7)
43 creatures vanquished.

Vanquished Creatures (others)
  The ghost of WiseOSalty the Conqueror, a legendary TrGl of Qazlal (Zig:23)
  The ghost of Ucrups the Swordmaster, a legendary MiFi of the Shining One (Zig:23)
  2 Killer Klowns (Zig:25)
  A curse toe (Zig:23)
  5 pandemonium lords
  A titan (Vaults:5)
  A sphinx (shapeshifter) (Zig:25)
  A shadow dragon (shapeshifter) (Zig:12)
  2 ghost moths
  2 frost giants
  A white draconian (Zig:10)
  3 dire elephants (shapeshifter) (Zig:25)
  An ettin (shapeshifter) (Zig:25)
  A fire dragon (Depths:4)
  An anaconda (shapeshifter) (Zig:25)
  A thrashing horror (Zig:18)
  3 deep elf knights
  3 hell hogs
  3 deep elf archers (Elf:1)
  2 deep elf zephyrmancers (Elf:1)
  A frost giant zombie (Geh:3)
  A fire giant zombie (Geh:7)
  An apocalypse crab (Zig:25)
  A smoke demon (Abyss:3)
  An unseen horror (Abyss:3)
  A demonic crawler (Zig:23)
  2 tormentors
  A bloated husk (Swamp:2)
  A blink frog (Abyss:3)
  A raiju (Zig:21)
  A snapping turtle (shapeshifter) (Zig:12)
  A flying skull (Zig:6)
  A redback (shapeshifter) (Zig:25)
  A shadow (Abyss:3)
  A tarantella (Spider:3)
  A fire elemental (Geh:7)
  A human (D:15)
  2 golden eyes (Abyss:1)
  5 chaos spawn
  4 large abominations
  A hell hound (Geh:2)
  A swamp drake (D:10)
  2 small abominations (Abyss:2)
  2 orc priests
  An iron imp (Abyss:3)
  2 lightning spires (Zig:23)
  An orc (D:13)
  An orc zombie (Geh:5)
  10 ball lightnings (Zig:25)
  A briar patch (Zig:20)
  611 fire vortices
  40 foxfires
  53 fungi
  2 lurking horrors (Abyss:3)
  352 plants
  65 starspawn tentacles
  7 tentacles
  5 withered plants (D:6)
1222 creatures vanquished.

Grand Total: 14649 creatures vanquished

Notes
Turn   | Place    | Note
-------+----------+-------------------------------------------
     0 | D:1      | coier1 the Gnoll Wanderer began the quest for the Orb.
     0 | D:1      | coier1 set off with the following items: a +2 falchion, a
                  | potion of curing, a scroll of teleportation, a +0 robe, a
                  | +0 dagger
     0 | D:1      | Reached XP level 1. HP: 20/20 MP: 1/1
   259 | D:1      | Found a faded altar of an unknown god.
   368 | D:1      | Reached XP level 2. HP: 26/26 MP: 2/2
   949 | D:2      | Reached XP level 3. HP: 31/31 MP: 3/3
  1197 | D:2      | Noticed Terence
  1234 | D:2      | Killed Terence
  1235 | D:2      | Reached skill level 1 in Short Blades
  1235 | D:2      | Reached skill level 1 in Axes
  1235 | D:2      | Reached skill level 1 in Maces & Flails
  1235 | D:2      | Reached skill level 1 in Polearms
  1235 | D:2      | Reached skill level 1 in Staves
  1235 | D:2      | Reached skill level 1 in Slings
  1235 | D:2      | Reached skill level 1 in Crossbows
  1235 | D:2      | Reached skill level 1 in Throwing
  1235 | D:2      | Reached skill level 1 in Shields
  1235 | D:2      | Reached skill level 1 in Unarmed Combat
  1235 | D:2      | Reached skill level 1 in Spellcasting
  1235 | D:2      | Reached skill level 1 in Invocations
  1548 | D:3      | Noticed Grinder
  1621 | D:3      | Reached XP level 4. HP: 38/38 MP: 5/5
  2125 | D:3      | Noticed Robin
  2149 | D:3      | Reached skill level 1 in Conjurations
  2149 | D:3      | Reached skill level 1 in Hexes
  2149 | D:3      | Reached skill level 1 in Summonings
  2149 | D:3      | Reached skill level 1 in Necromancy
  2149 | D:3      | Reached skill level 1 in Translocations
  2149 | D:3      | Reached skill level 1 in Transmutations
  2149 | D:3      | Reached skill level 1 in Fire Magic
  2149 | D:3      | Reached skill level 1 in Ice Magic
  2149 | D:3      | Reached skill level 1 in Air Magic
  2149 | D:3      | Reached skill level 1 in Earth Magic
  2149 | D:3      | Reached skill level 1 in Poison Magic
  2150 | D:3      | Killed Robin
  2297 | D:3      | Reached XP level 5. HP: 33/43 MP: 6/6
  2555 | D:3      | Noticed Jessica
  2756 | D:3      | Found Kiurhiy's Magic Scroll Emporium.
  2764 | D:3      | Bought a scroll of identify for 20 gold pieces
  2764 | D:3      | Bought a scroll of enchant weapon for 75 gold pieces
  2847 | D:3      | Killed Grinder
  2848 | D:3      | Reached skill level 5 in Fighting
  2848 | D:3      | Reached skill level 5 in Evocations
  2848 | D:3      | Reached XP level 6. HP: 26/51 MP: 9/9
  3182 | D:3      | Killed Jessica
  3490 | D:4      | Found a radiant altar of Vehumet.
  3505 | D:4      | Found a staircase to the Ecumenical Temple.
  3512 | D:4      | Identified the +10 dagger "Ethreraob" {holy, rC- Int+5}
  3575 | Temple   | Entered the Ecumenical Temple
  3583 | Temple   | Became a worshipper of Warmaster Okawaru
  3806 | D:4      | Reached XP level 7. HP: 34/56 MP: 10/10
  4447 | D:4      | Noticed Sigmund
  4454 | D:4      | Killed Sigmund
  4672 | D:4      | Reached skill level 5 in Stealth
  4785 | D:4      | Identified 2 scrolls of acquirement
  4786 | D:4      | Acquired the ring of Linearity {*Slow rF+ rCorr Str+3
                  | Dex+9}
  4790 | D:4      | Acquired a +2 pair of gloves of archery
  5293 | D:5      | Entered Level 5 of the Dungeon
  5370 | D:4      | Reached XP level 8. HP: 37/63 MP: 12/12
  5526 | D:4      | Reached * piety under Okawaru
  5788 | D:5      | Found a basalt altar of Yredelemnul.
  6345 | D:6      | Reached ** piety under Okawaru
  6346 | D:6      | Reached XP level 9. HP: 65/69 MP: 14/14
  6497 | D:6      | Reached skill level 5 in Long Blades
  6497 | D:6      | Reached skill level 5 in Bows
  6497 | D:6      | Reached skill level 5 in Armour
  6497 | D:6      | Reached skill level 5 in Dodging
  7120 | D:7      | Reached *** piety under Okawaru
  7121 | D:7      | Reached skill level 5 in Invocations
  7331 | D:7      | Reached XP level 10. HP: 77/77 MP: 14/17
  7368 | D:7      | Got the Incunabulum of Dislocated Unholy Rites
  7791 | D:8      | Noticed a centaur warrior
  7811 | D:8      | Killed a centaur warrior
  7811 | D:8      | Reached **** piety under Okawaru
  7812 | D:8      | Reached skill level 5 in Short Blades
  7812 | D:8      | Reached skill level 5 in Axes
  7812 | D:8      | Reached skill level 5 in Maces & Flails
  7812 | D:8      | Reached skill level 5 in Polearms
  7812 | D:8      | Reached skill level 5 in Staves
  7812 | D:8      | Reached skill level 5 in Slings
  7812 | D:8      | Reached skill level 5 in Crossbows
  7812 | D:8      | Reached skill level 5 in Throwing
  7812 | D:8      | Reached skill level 5 in Shields
  7812 | D:8      | Reached skill level 5 in Unarmed Combat
  7812 | D:8      | Reached skill level 5 in Spellcasting
  8068 | D:8      | Noticed Maggie
  8080 | D:8      | Killed Maggie
  8080 | D:8      | Received a gift from Okawaru
  8310 | D:8      | Found a blossoming altar of Fedhas.
  8381 | D:8      | Identified the +11 hunting sling of Ru's Regard {freeze,
                  | rElec rF+}
  9021 | D:9      | Found a glowing silver altar of Zin.
  9707 | D:10     | Entered Level 10 of the Dungeon
 10008 | D:10     | Noticed Psyche
 10011 | D:10     | Killed Psyche
 10011 | D:10     | Received a gift from Okawaru
 10323 | D:10     | Found a staircase to the Lair.
 10401 | D:10     | Reached XP level 11. HP: 84/84 MP: 19/19
 10495 | D:10     | Found a staircase to the Orcish Mines.
 10739 | D:10     | Noticed a two-headed ogre
 10748 | D:10     | Killed a two-headed ogre
 10749 | D:10     | Reached skill level 5 in Conjurations
 10749 | D:10     | Reached skill level 5 in Hexes
 10749 | D:10     | Reached skill level 5 in Summonings
 10749 | D:10     | Reached skill level 5 in Necromancy
 10749 | D:10     | Reached skill level 5 in Translocations
 10749 | D:10     | Reached skill level 5 in Transmutations
 10749 | D:10     | Reached skill level 5 in Fire Magic
 10749 | D:10     | Reached skill level 5 in Ice Magic
 10749 | D:10     | Reached skill level 5 in Air Magic
 10749 | D:10     | Reached skill level 5 in Earth Magic
 10749 | D:10     | Reached skill level 5 in Poison Magic
 10789 | D:10     | Reached ***** piety under Okawaru
 11174 | D:11     | Noticed Sonja
 11178 | D:11     | Killed Sonja
 11236 | D:11     | Received a gift from Okawaru
 11291 | D:11     | Noticed Nergalle
 11301 | D:11     | Killed Nergalle
 11343 | D:11     | Noticed Maurice
 11357 | D:11     | Killed Maurice
 11672 | D:11     | Received a gift from Okawaru
 11765 | Lair:1   | Entered Level 1 of the Lair of Beasts
 11784 | Lair:1   | Noticed a six-headed hydra
 11803 | Lair:1   | Killed a six-headed hydra
 11807 | Lair:1   | Reached XP level 12. HP: 93/93 MP: 20/22
 11838 | Lair:1   | Identified the +0 buckler of Eternity {+Blink Will+ Str+5}
                  | (Okawaru gifted it to you on level 1 of the Lair of Beasts)
 11838 | Lair:1   | Received a gift from Okawaru
 12044 | Lair:1   | Acquired 673 gold pieces
 12134 | Lair:1   | Identified the +5 plate armour of the Serpent {rN+}
 12328 | Lair:1   | You fall into a shaft and drop 1 floor!
 12332 | Lair:2   | Noticed a six-headed hydra
 12338 | Lair:2   | Killed a six-headed hydra
 14062 | Lair:3   | Received a gift from Okawaru
 14122 | Lair:3   | Found a staircase to the Swamp.
 14250 | Lair:3   | Noticed a boulder beetle
 14264 | Lair:3   | Killed a boulder beetle
 14393 | Lair:3   | Reached XP level 13. HP: 101/101 MP: 24/24
 14405 | Lair:3   | Received a gift from Okawaru
 14654 | Lair:3   | Received a gift from Okawaru
 14867 | Lair:3   | Received a gift from Okawaru
 14899 | Lair:3   | Reached ****** piety under Okawaru
 15002 | Lair:3   | Found a hole to the Spider Nest.
 15405 | Lair:4   | Found a frozen archway.
 15462 | IceCv    | Entered an ice cave
 15613 | IceCv    | Noticed a quicksilver ooze
 15622 | IceCv    | Killed a quicksilver ooze
 15813 | IceCv    | Noticed an azure jelly
 15826 | IceCv    | Killed an azure jelly
 15919 | IceCv    | Found a viscous altar of Jiyva.
 15919 | IceCv    | Noticed an azure jelly
 15927 | IceCv    | Killed an azure jelly
 15927 | IceCv    | Identified the +0 robe of Monotheism {+Inv Dex-2 Stlth+}
                  | (Okawaru gifted it to you in an ice cave)
 15927 | IceCv    | Received a gift from Okawaru
 15949 | IceCv    | Identified the +0 pair of boots of the Equinox {*Corrode
                  | Str+5 SInv Stlth-}
 15956 | IceCv    | Got the ring "Qayxink" {Ice Str+3}
 16294 | IceCv    | Reached XP level 14. HP: 87/109 MP: 26/26
 16501 | Lair:4   | Reached skill level 10 in Fighting
 16501 | Lair:4   | Reached skill level 10 in Evocations
 17199 | Lair:5   | Reached skill level 10 in Stealth
 17721 | Lair:5   | Reached skill level 10 in Invocations
 17833 | Lair:5   | Found a runed translucent door.
 17836 | Lair:5   | Found a viscous altar of Jiyva.
 17837 | Lair:5   | Found a staircase to the Slime Pits.
 18022 | Lair:5   | Received a gift from Okawaru
 18442 | Lair:5   | Found the +2 robe of Vines {NoPotionHeal Regen+++}
 18502 | Lair:5   | Identified the +9 mace of Balance {flame, *Slow rElec Int+6
                  | Dex-3} (Okawaru gifted it to you on level 5 of the Lair of
                  | Beasts)
 18502 | Lair:5   | Received a gift from Okawaru
 18889 | Lair:6   | Entered Level 6 of the Lair of Beasts
 19043 | Lair:6   | Reached skill level 10 in Long Blades
 19043 | Lair:6   | Reached skill level 10 in Bows
 19043 | Lair:6   | Reached skill level 10 in Armour
 19043 | Lair:6   | Reached skill level 10 in Dodging
 19256 | Lair:6   | Reached XP level 15. HP: 117/117 MP: 28/28
 19326 | Lair:6   | Received a gift from Okawaru
 20694 | Orc:1    | Entered Level 1 of the Orcish Mines
 20707 | Orc:1    | Received a gift from Okawaru
 20806 | Orc:1    | Found a burning altar of Makhleb.
 20844 | Orc:1    | Reached skill level 10 in Short Blades
 20844 | Orc:1    | Reached skill level 10 in Axes
 20844 | Orc:1    | Reached skill level 10 in Maces & Flails
 20844 | Orc:1    | Reached skill level 10 in Polearms
 20844 | Orc:1    | Reached skill level 10 in Staves
 20844 | Orc:1    | Reached skill level 10 in Slings
 20844 | Orc:1    | Reached skill level 10 in Crossbows
 20844 | Orc:1    | Reached skill level 10 in Throwing
 20844 | Orc:1    | Reached skill level 10 in Shields
 20844 | Orc:1    | Reached skill level 10 in Unarmed Combat
 20844 | Orc:1    | Reached skill level 10 in Spellcasting
 20991 | Orc:2    | Entered Level 2 of the Orcish Mines
 21117 | Orc:2    | Noticed an orc warlord
 21126 | Orc:2    | Killed an orc warlord
 21205 | Orc:2    | Received a gift from Okawaru
 21366 | Orc:2    | Found Ypsofrew's Jewellery Boutique.
 21374 | Orc:2    | Found Byman's Jewellery Emporium.
 21383 | Orc:2    | Found Huesecw's Antique Weapon Shop.
 21385 | Orc:2    | Found Pexkopeu's General Store.
 21408 | Orc:2    | Bought a wand of acid (8) for 288 gold pieces
 21408 | Orc:2    | Bought a scroll of identify for 24 gold pieces
 21413 | Orc:2    | Bought a brightly glowing shortbow for 216 gold pieces
 21413 | Orc:2    | Identified the +2 shortbow of Jen Poo {venom, rCorr Int-3
                  | Dex+7 Stlth+} (You bought it in a shop on level 2 of the
                  | Orcish Mines)
 21566 | Orc:2    | Found a staircase to the Elven Halls.
 21612 | Orc:2    | Received a gift from Okawaru
 21697 | Orc:2    | Noticed Erolcha
 21713 | Orc:2    | Killed Erolcha
 22081 | Orc:1    | Noticed an orc warlord
 22114 | Orc:1    | Killed an orc warlord
 22974 | D:12     | Reached XP level 16. HP: 125/125 MP: 27/30
 23135 | D:12     | Received a gift from Okawaru
 23584 | D:13     | Found a gate leading to a gauntlet.
 23707 | D:13     | Found a gate to the Vaults.
 23754 | Gauntlet | Entered a Gauntlet
 23754 | Gauntlet | Found a transporter.
 23754 | Gauntlet | Found a transporter.
 23791 | Gauntlet | Found a transporter.
 23791 | Gauntlet | Found a transporter.
 23807 | Gauntlet | Found a transporter.
 23811 | Gauntlet | Found a large runed translucent door.
 23825 | Gauntlet | Found a transporter.
 23829 | Gauntlet | Found a transporter.
 23830 | Gauntlet | Found a transporter.
 23830 | Gauntlet | Found a transporter.
 23835 | Gauntlet | Found a transporter.
 23869 | Gauntlet | Found a transporter.
 23887 | Gauntlet | Found a transporter.
 23927 | Gauntlet | Found a transporter.
 23949 | Gauntlet | Found a transporter.
 24044 | Gauntlet | Found a transporter.
 24046 | Gauntlet | Found a large runed translucent door.
 24046 | Gauntlet | Found a large runed translucent door.
 24047 | Gauntlet | Found a large runed translucent door.
 24047 | Gauntlet | Found a large runed translucent door.
 24048 | Gauntlet | Found a large runed translucent door.
 24048 | Gauntlet | Found a runed translucent door.
 24048 | Gauntlet | Found a runed translucent door.
 24048 | Gauntlet | Found a large runed translucent door.
 24048 | Gauntlet | Found a large runed translucent door.
 24049 | Gauntlet | Found a large runed translucent door.
 24049 | Gauntlet | Found a large runed translucent door.
 24052 | Gauntlet | Found a large runed translucent door.
 24052 | Gauntlet | Found a large runed translucent door.
 24054 | Gauntlet | Found a large runed translucent door.
 24054 | Gauntlet | Found a large runed translucent door.
 24054 | Gauntlet | Found a large runed translucent door.
 24056 | Gauntlet | Found a runed translucent gate.
 24056 | Gauntlet | Found a runed translucent gate.
 24056 | Gauntlet | Found a runed translucent gate.
 24058 | Gauntlet | Found a transporter.
 24069 | Gauntlet | Found a large runed translucent door.
 24254 | Gauntlet | Received a gift from Okawaru
 24278 | Gauntlet | Identified the +8 shortbow of Xongibli {flame, rC++ rCorr
                  | Int+2}
 24374 | Gauntlet | Identified the +1 cloak of Rotten Satisfaction {rF- Int+4
                  | SInv}
 24476 | Gauntlet | Identified the +9 rapier "Geteimn" {pain, rElec rPois
                  | Dex-5}
 24485 | Gauntlet | Learned a level 5 spell: Irradiate
 24786 | D:13     | Identified the +0 rapier of Perversion {vorpal, rPois
                  | Dex+2}
 24786 | D:13     | Identified the +0 ring mail "Xakkicha" {Harm rCorr MP-9}
 25153 | D:13     | Identified the +10 plate armour of the Devil's Advocate
                  | {Fly rCorr Int-2} (Okawaru gifted it to you on level 13 of
                  | the Dungeon)
 25153 | D:13     | Received a gift from Okawaru
 25238 | D:14     | Noticed Rupert
 25407 | D:13     | Killed Rupert
 25753 | D:14     | Identified the +4 shortbow of Exoneration {freeze, rC+
                  | rCorr}
 25884 | D:14     | Found a burning altar of Makhleb.
 26988 | Swamp:1  | Entered Level 1 of the Swamp
 27203 | Swamp:1  | Received a gift from Okawaru
 27365 | Swamp:1  | Received a gift from Okawaru
 27374 | Swamp:1  | Noticed a fenstrider witch
 27383 | Swamp:1  | Paralysed by a fenstrider witch for 5 turns
 27678 | Swamp:1  | Killed a fenstrider witch
 27821 | Swamp:1  | Reached XP level 17. HP: 133/133 MP: 32/32
 27923 | Swamp:1  | Received a gift from Okawaru
 28366 | Swamp:2  | Found a runed translucent gate.
 29190 | Swamp:2  | Found a runed translucent gate.
 29190 | Swamp:2  | Found a runed translucent gate.
 29381 | Swamp:2  | Noticed LetschGu's ghost (adept KoEn)
 31189 | Swamp:3  | Received a gift from Okawaru
 31594 | Swamp:3  | Identified the +0 ring mail of Responsibility {rPois Str+2}
 31969 | Swamp:4  | Entered Level 4 of the Swamp
 31975 | Swamp:4  | Reached skill level 10 in Conjurations
 31975 | Swamp:4  | Reached skill level 10 in Hexes
 31975 | Swamp:4  | Reached skill level 10 in Summonings
 31975 | Swamp:4  | Reached skill level 10 in Necromancy
 31975 | Swamp:4  | Reached skill level 10 in Translocations
 31975 | Swamp:4  | Reached skill level 10 in Transmutations
 31975 | Swamp:4  | Reached skill level 10 in Fire Magic
 31975 | Swamp:4  | Reached skill level 10 in Ice Magic
 31975 | Swamp:4  | Reached skill level 10 in Air Magic
 31975 | Swamp:4  | Reached skill level 10 in Earth Magic
 31975 | Swamp:4  | Reached skill level 10 in Poison Magic
 33447 | Swamp:4  | Received a gift from Okawaru
 33791 | Swamp:4  | Received a gift from Okawaru
 33792 | Swamp:4  | Reached XP level 18. HP: 142/142 MP: 33/33
 33890 | Swamp:4  | Got a decaying rune of Zot
 33907 | Swamp:4  | Received a gift from Okawaru
 34559 | Vaults:1 | Entered Level 1 of the Vaults
 34739 | Vaults:1 | Received a gift from Okawaru
 34816 | Vaults:1 | Noticed Asterion
 34836 | Vaults:1 | Killed Asterion
 34836 | Vaults:1 | Received a gift from Okawaru
 35594 | Vaults:1 | Found Poon's Assorted Antiques.
 35608 | Vaults:1 | Bought an embroidered scarf for 216 gold pieces
 35608 | Vaults:1 | Bought a pair of glowing boots for 202 gold pieces
 35635 | Vaults:1 | Noticed Donald
 35657 | Vaults:1 | Killed Donald
 35801 | Vaults:1 | Identified the +1 helmet of Gravitas {rPois rF+ rN+ Str+4}
                  | (Okawaru gifted it to you on level 1 of the Vaults)
 35801 | Vaults:1 | Received a gift from Okawaru
 35875 | Vaults:1 | Acquired the amulet of Equivalence {Reflect rC+ Int+5 SH+5}
 35989 | Vaults:1 | Noticed a tentacled monstrosity
 36005 | Vaults:1 | Killed a tentacled monstrosity
 37528 | Vaults:2 | Received a gift from Okawaru
 37539 | Vaults:2 | Reached XP level 19. HP: 124/149 MP: 35/35
 37632 | Vaults:2 | Found a crumbling gateway.
 37638 | Desolati | Entered the Desolation of Salt
 37793 | Desolati | Identified the amulet of Gomismom {Reflect Int+3 SH+5}
 37796 | Desolati | Identified the +1 scale mail of Proximity {-Cast -Tele
                  | rCorr SInv}
 37808 | Desolati | Identified the +9 fustibalus "Lifebane" {venom, rElec Will-
                  | rCorr}
 38327 | Desolati | Identified the ring "Uza Fiwk" {Fire rCorr SInv}
 38366 | Desolati | Received a gift from Okawaru
 38477 | Desolati | Got Ojocar's Guide on Dark Rites
 38701 | Desolati | Identified the +7 glaive "Koerpheo" {flame, rC- Str+5}
                  | (Okawaru gifted it to you in the Desolation of Salt)
 38701 | Desolati | Received a gift from Okawaru
 39571 | Desolati | Identified the +1 leather armour of Ethics {rN+ Str+3
                  | Stlth+}
 39574 | Desolati | Identified the +5 triple sword of Inference {vorpal, Str+3}
 40380 | Vaults:2 | Received a gift from Okawaru
 40965 | Vaults:2 | Noticed Mennas
 41776 | Vaults:2 | Killed Mennas
 41777 | Vaults:2 | Reached XP level 20. HP: 77/158 MP: 37/37
 42245 | Vaults:2 | Noticed Bai Suzhen
 42714 | Spider:1 | Entered Level 1 of the Spider Nest
 43567 | Spider:2 | Received a gift from Okawaru
 43983 | Spider:2 | Noticed Nikola
 44015 | Spider:2 | Killed Nikola
 45267 | Spider:3 | Received a gift from Okawaru
 45287 | Spider:4 | Entered Level 4 of the Spider Nest
 45428 | Spider:4 | Received a gift from Okawaru
 46032 | Spider:3 | Identified Roxanne's Disquisition on Transmutation
 46032 | Spider:3 | Noticed Roxanne
 46057 | Spider:3 | Killed Roxanne
 46070 | Spider:3 | Learned a level 2 spell: Blink
 46077 | Spider:3 | Learned a level 6 spell: Starburst
 46086 | Spider:3 | Learned a level 8 spell: Ignition
 46849 | Spider:4 | Received a gift from Okawaru
 47056 | Spider:4 | Received a gift from Okawaru
 47056 | Spider:4 | Found the +8 longbow "Zephyr" {speed, Dex+3 SInv}
 47582 | Spider:4 | Reached XP level 21. HP: 161/166 MP: 1/38
 47743 | Spider:4 | Got a gossamer rune of Zot
 49181 | Lair:2   | Gained mutation: Armour fits poorly on your strangely
                  | shaped body. [potion of mutation]
 49286 | Elf:1    | Entered Level 1 of the Elven Halls
 49375 | Elf:1    | Noticed Louise
 49404 | Elf:1    | Killed Louise
 49491 | Elf:1    | Received a gift from Okawaru
 49602 | Elf:1    | Reached skill level 15 in Invocations
 49636 | Elf:1    | Cast into level 3 of the Abyss (a deep elf sorcerer)
 49835 | Elf:1    | Escaped the Abyss
 50106 | Elf:1    | Found Burchargh's Assorted Antiques.
 50114 | Elf:1    | Bought an encrusted morningstar for 261 gold pieces
 50114 | Elf:1    | Identified the +7 morningstar of Discretion {elec, rElec
                  | rPois Will+} (You bought it in a shop on level 1 of the
                  | Elven Halls)
 50114 | Elf:1    | Bought a potion of might for 116 gold pieces
 50114 | Elf:1    | Bought a short smoking staff for 348 gold pieces
 50114 | Elf:1    | Bought a scroll of teleportation for 87 gold pieces
 50197 | Elf:1    | Got the Incunabulum of Sinister Secrets
 50210 | Elf:1    | Learned a level 8 spell: Necromutation
 50262 | Elf:1    | Received a gift from Okawaru
 50614 | Elf:1    | Found a runed translucent gate.
 50615 | Elf:1    | Found a runed translucent gate.
 50616 | Elf:1    | Found a runed translucent gate.
 50617 | Elf:1    | Noticed kalagan's ghost (journeyman DECj)
 50642 | Elf:1    | Noticed Frances
 50664 | Elf:1    | Gained mutation: You are agile. (Dex +2) [mutagenic glow]
 50930 | Elf:1    | Received a gift from Okawaru
 50934 | Elf:1    | Killed Frances
 51322 | Elf:1    | Identified the +0 pair of boots "Zouczal" {rPois rC+ Dex+2}
 51352 | Elf:1    | Killed kalagan's ghost
 53303 | Elf:2    | Noticed Jorgrun
 53316 | Elf:2    | Killed Jorgrun
 53329 | Elf:2    | Found a runed translucent gate.
 53329 | Elf:2    | Found a runed translucent gate.
 53330 | Elf:2    | Found a runed translucent gate.
 53583 | Elf:2    | Found an ancient bone altar of Kikubaaqudgha.
 54229 | Elf:2    | Received a gift from Okawaru
 54524 | Elf:2    | Reached XP level 22. HP: 174/174 MP: 40/40
 54602 | Elf:2    | Noticed Azrael
 54608 | Elf:2    | Killed Azrael
 54692 | Elf:3    | Entered Level 3 of the Elven Halls
 55173 | Elf:3    | Noticed Aizul
 55188 | Elf:3    | Killed Aizul
 55289 | Elf:3    | Received a gift from Okawaru
 55403 | Elf:3    | Reached skill level 15 in Fighting
 55403 | Elf:3    | Reached skill level 15 in Evocations
 55404 | Elf:3    | Cast into level 2 of the Abyss (a deep elf sorcerer)
 55676 | Abyss:2  | Reached skill level 15 in Stealth
 55795 | Abyss:2  | Gained mutation: You are resistant to electric shocks.
                  | (rElec) [a cacodemon]
 55812 | Elf:3    | Escaped the Abyss
 55942 | Elf:3    | Received a gift from Okawaru
 56087 | Elf:3    | Received a gift from Okawaru
 56440 | Elf:3    | Received a gift from Okawaru
 56505 | Elf:3    | Received a gift from Okawaru
 56610 | Elf:3    | Identified the ring of Harmony {rF- Will+++ Str+6 Slay+5}
 56622 | Elf:3    | Identified the +7 great sword "Wec Imyim" {pain, rPois rN+
                  | Str+3}
 56638 | Elf:3    | Got the Tome of Ignition and Attacks
 56664 | Elf:3    | Identified the +2 long sword of the Land of Plenty {venom,
                  | Will- rCorr MP+9 SInv}
 56925 | Elf:3    | Found Xup Erao's Book Shoppe.
 56928 | Elf:3    | Bought a book of Annihilations for 600 gold pieces
 56938 | Elf:3    | Learned a level 9 spell: Fire Storm
 57391 | Vaults:2 | Killed Bai Suzhen
 57434 | Vaults:2 | Reached skill level 15 in Long Blades
 57434 | Vaults:2 | Reached skill level 15 in Bows
 57434 | Vaults:2 | Reached skill level 15 in Armour
 57434 | Vaults:2 | Reached skill level 15 in Dodging
 58676 | Vaults:3 | Reached XP level 23. HP: 182/182 MP: 41/41
 59117 | Orc:2    | Bought a scorched long sword for 229 gold pieces
 59117 | Orc:2    | Identified the +6 long sword of Strategic Superiority
                  | {flame, rN+++ Will+ Int-5 Dex+3} (You bought it in a shop
                  | on level 2 of the Orcish Mines)
 59410 | Vaults:4 | Received a gift from Okawaru
 59747 | Vaults:4 | Reached skill level 15 in Short Blades
 59747 | Vaults:4 | Reached skill level 15 in Axes
 59747 | Vaults:4 | Reached skill level 15 in Maces & Flails
 59747 | Vaults:4 | Reached skill level 15 in Polearms
 59747 | Vaults:4 | Reached skill level 15 in Staves
 59747 | Vaults:4 | Reached skill level 15 in Slings
 59747 | Vaults:4 | Reached skill level 15 in Crossbows
 59747 | Vaults:4 | Reached skill level 15 in Throwing
 59747 | Vaults:4 | Reached skill level 15 in Shields
 59747 | Vaults:4 | Reached skill level 15 in Unarmed Combat
 59747 | Vaults:4 | Reached skill level 15 in Spellcasting
 59766 | Vaults:4 | Received a gift from Okawaru
 59936 | Vaults:4 | Received a gift from Okawaru
 60244 | Vaults:4 | Identified the +4 kite shield of Beyond {Int+4 SInv}
                  | (Okawaru gifted it to you on level 4 of the Vaults)
 60244 | Vaults:4 | Received a gift from Okawaru
 62024 | D:15     | Entered Level 15 of the Dungeon
 62104 | D:15     | Found Ikatot's Jewellery Emporium.
 62113 | D:15     | Bought the amulet of Von Hoxa {Reflect Contam rC+ MP+9
                  | Str+4 Int+2 SH+5} for 1188 gold pieces
 62664 | D:15     | Noticed Kirke
 62675 | D:15     | Killed Kirke
 63083 | D:15     | Found a staircase to the Depths.
 63415 | Depths:1 | Entered Level 1 of the Depths
 63880 | Depths:1 | Acquired the +3 cloak "Uneokhusk" {Rampage rElec Will+
                  | Stlth-}
 64444 | Depths:1 | Found a one-way gate leading to the halls of Pandemonium.
 64475 | Depths:1 | Found a gateway to Hell.
 64477 | Depths:1 | Found a gateway to a ziggurat.
 64520 | Depths:1 | Received a gift from Okawaru
 64736 | Depths:1 | Found an ancient bone altar of Kikubaaqudgha.
 65580 | Depths:2 | Received a gift from Okawaru
 65590 | Depths:2 | Reached XP level 24. HP: 154/191 MP: 42/42
 65756 | Depths:2 | Noticed a juggernaut
 65763 | Depths:2 | You fall into a shaft and drop 1 floor!
 66432 | Depths:3 | Noticed a juggernaut
 66448 | Depths:3 | Identified the +10 war axe "Worm's Wrath" {holy, rPois
                  | rF+++ Will- Str-4}
 66453 | Depths:3 | Killed a juggernaut
 66603 | Depths:3 | Noticed a caustic shrike
 66604 | Depths:3 | a caustic shrike changed into a shadow dragon
 66610 | Depths:3 | Noticed a caustic shrike
 66610 | Depths:3 | a shadow dragon changed into a caustic shrike
 66613 | Depths:3 | a caustic shrike changed into a shadow dragon
 66966 | Depths:3 | Found a one-way gate to the infinite horrors of the Abyss.
 67021 | Depths:3 | Found a runed translucent door.
 67053 | Depths:3 | Noticed Goatei's ghost (veteran MiBe)
 67085 | Depths:3 | Killed Goatei's ghost
 67538 | Depths:3 | Received a gift from Okawaru
 67632 | Depths:2 | Killed a juggernaut
 67672 | Depths:2 | Identified the +0 hat of Miracles {Contam Str+4} (Okawaru
                  | gifted it to you on level 2 of the Depths)
 67672 | Depths:2 | Received a gift from Okawaru
 67832 | Depths:2 | Learned a level 3 spell: Swiftness
 67833 | Depths:2 | Identified the amulet "Leoveves" {Acrobat rF+}
 67836 | Depths:2 | Identified the amulet "Iwennogesm" {Reflect rF++ Regen+
                  | Str+3 Dex-5 SH+5}
 67842 | Depths:2 | Identified the +9 mace of Zin's Benevolence {flame, Fly
                  | rC+}
 67844 | Depths:2 | Identified the +8 arbalest of Usutasut {freeze, rF- rN+
                  | Int+3 Dex+2}
 68257 | Depths:2 | You fall into a shaft and drop 2 floors!
 68343 | Depths:4 | Reached XP level 25. HP: 160/199 MP: 43/43
 69246 | Depths:4 | Found Iffonyc's Assorted Antiques.
 69865 | Depths:5 | Entered Level 5 of the Depths
 69885 | Depths:5 | Identified the +0 bardiche of Moderation {freeze, +Rage
                  | Will+ MP+9 Dex-2 Stlth+} (Okawaru gifted it to you on level
                  | 5 of the Depths)
 69885 | Depths:5 | Received a gift from Okawaru
 70258 | Depths:5 | Identified the +8 whip of Mecixic {freeze, rC+ Int+3}
 70555 | Depths:5 | Received a gift from Okawaru
 70562 | Depths:5 | Found a runed translucent door.
 70715 | Depths:5 | Noticed Amikeex's ghost (adept TrMo)
 70733 | Depths:5 | Killed Amikeex's ghost
 70743 | Depths:5 | Found a runed translucent door.
 70747 | Depths:5 | Identified the ring "Ugeon" {Fly rF+ rCorr Stlth-}
 70747 | Depths:5 | Noticed Ocayps's ghost (veteran OpBe)
 70766 | Depths:5 | Killed Ocayps's ghost
 70800 | Depths:5 | Found a runed translucent door.
 70800 | Depths:5 | Noticed Himmaryad's ghost (adept TrMo)
 70825 | Depths:5 | Killed Himmaryad's ghost
 70949 | Depths:5 | Identified the +1 hat of the Ecumenical Temple {Int+3}
 71033 | Depths:5 | Found a viscous altar of Jiyva.
 71040 | Depths:5 | Reached XP level 26. HP: 194/208 MP: 34/43
 71849 | Depths:5 | Found a gate to the Realm of Zot.
 72426 | Vaults:5 | Entered Level 5 of the Vaults
 72454 | Vaults:5 | Identified the +1 scale mail of Qyicipt {Str+4} (Okawaru
                  | gifted it to you on level 5 of the Vaults)
 72454 | Vaults:5 | Received a gift from Okawaru
 73194 | Vaults:5 | Noticed a dread lich
 73208 | Vaults:5 | Killed a dread lich
 73682 | Vaults:5 | Received a gift from Okawaru
 73747 | Vaults:5 | Reached XP level 27. HP: 169/216 MP: 44/44
 73814 | Vaults:5 | HP: 8/216 [golden dragon (43)]
 74407 | Vaults:5 | Got a silver rune of Zot
 74484 | Vaults:5 | Reached skill level 15 in Conjurations
 74484 | Vaults:5 | Reached skill level 15 in Hexes
 74484 | Vaults:5 | Reached skill level 15 in Summonings
 74484 | Vaults:5 | Reached skill level 15 in Necromancy
 74484 | Vaults:5 | Reached skill level 15 in Translocations
 74484 | Vaults:5 | Reached skill level 15 in Transmutations
 74484 | Vaults:5 | Reached skill level 15 in Fire Magic
 74484 | Vaults:5 | Reached skill level 15 in Ice Magic
 74484 | Vaults:5 | Reached skill level 15 in Air Magic
 74484 | Vaults:5 | Reached skill level 15 in Earth Magic
 74484 | Vaults:5 | Reached skill level 15 in Poison Magic
 75549 | Vaults:5 | Identified the +2 pair of gloves of Viasoag {rC- Int+3}
                  | (Okawaru gifted it to you on level 5 of the Vaults)
 75549 | Vaults:5 | Received a gift from Okawaru
 75805 | Vaults:5 | Noticed an ancient lich
 75813 | Vaults:5 | Killed an ancient lich
 76220 | Vaults:5 | Got the Tome of Mutagenic Dark Rites
 76664 | Lair:2   | Lost mutation: You are agile. (Dex +2) [potion of mutation]
 76664 | Lair:2   | Lost mutation: Armour fits poorly on your strangely shaped
                  | body. [potion of mutation]
 76664 | Lair:2   | Gained mutation: Your body sometimes deteriorates upon
                  | taking damage. [potion of mutation]
 76664 | Lair:2   | Gained mutation: Your spells are a little easier to cast,
                  | but a little less powerful. [potion of mutation]
 76665 | Lair:2   | Lost mutation: Your body sometimes deteriorates upon taking
                  | damage. [potion of mutation]
 76665 | Lair:2   | Lost mutation: Your spells are a little easier to cast, but
                  | a little less powerful. [potion of mutation]
 76665 | Lair:2   | Gained mutation: Potions are less effective at restoring
                  | your health. [potion of mutation]
 76665 | Lair:2   | Gained mutation: You have a pair of small horns on your
                  | head. [potion of mutation]
 76665 | Lair:2   | Gained mutation: Your flesh is heat resistant. (rF+)
                  | [potion of mutation]
 76666 | Lair:2   | Lost mutation: Potions are less effective at restoring your
                  | health. [potion of mutation]
 76666 | Lair:2   | Gained mutation: You possess an exceptional clarity of
                  | mind. [potion of mutation]
 76666 | Lair:2   | Gained mutation: Your muscles are strong. (Str +2) [potion
                  | of mutation]
 77234 | Vaults:3 | Found a staircase to the Crypt.
 77260 | Crypt:1  | Entered Level 1 of the Crypt
 78421 | Crypt:1  | Lost mutation: Your muscles are strong. (Str +2) [potion of
                  | mutation]
 78421 | Crypt:1  | Lost mutation: You are resistant to electric shocks.
                  | (rElec) [potion of mutation]
 78421 | Crypt:1  | Gained mutation: You are occasionally teleported next to
                  | monsters. [potion of mutation]
 79725 | Crypt:3  | Entered Level 3 of the Crypt
 79873 | Crypt:3  | Found an ancient bone altar of Kikubaaqudgha.
 79889 | Crypt:3  | Received a gift from Okawaru
 80151 | Crypt:3  | Received a gift from Okawaru
 80420 | Crypt:3  | Got Adwigoup's Collected Works on Dark Secrets
 80653 | Crypt:3  | Found a staircase to the Tomb.
 81129 | Crypt:3  | Received a gift from Okawaru
 81199 | Crypt:3  | Identified the ring "Irchumanua" {+Blink rN+ rCorr Slay-4}
 81199 | Crypt:3  | Identified the ring of Wirhimat {rN+ Will+ Str+4 Int+3
                  | Stlth+}
 81555 | Hell     | Entered the Vestibule of Hell
 81574 | Hell     | Noticed Geryon
 81594 | Hell     | Killed Geryon
 81746 | Hell     | Found a gateway to the ashen valley of Gehenna.
 81790 | Hell     | Received a gift from Okawaru
 81908 | Hell     | Found a gateway to the Iron City of Dis.
 81997 | Hell     | Found a gateway to the decaying netherworld of Tartarus.
 82008 | Hell     | Identified the +2 hat of the Guilds {Rampage +Inv Will-}
                  | (Okawaru gifted it to you in the Vestibule of Hell)
 82008 | Hell     | Received a gift from Okawaru
 82195 | Hell     | Found a gateway to the freezing wastes of Cocytus.
 82932 | Geh:1    | Entered Level 1 of Gehenna
 84608 | Depths:4 | Bought a scroll of enchant weapon for 210 gold pieces
 84608 | Depths:4 | Bought a scroll of acquirement for 1456 gold pieces
 84608 | Depths:4 | Acquired 1142 gold pieces
 84936 | D:3      | Bought a scroll of blinking for 75 gold pieces
 85241 | Swamp:2  | Killed LetschGu's ghost
 86139 | Coc:1    | Entered Level 1 of Cocytus
 86394 | Depths:3 | Voluntarily entered the Abyss.
 86642 | Abyss:1  | Found an opulent altar of Gozag.
 86942 | Abyss:1  | Found an opulent altar of Gozag.
 86994 | Depths:3 | Escaped the Abyss
 87522 | Depths:3 | Voluntarily entered the Abyss.
 87807 | Abyss:2  | Found a corrupted altar of Lugonu.
 87859 | Abyss:2  | Found a corrupted altar of Lugonu.
 87933 | Abyss:2  | Found a bloodstained altar of Trog.
 87962 | Abyss:2  | Found a bloodstained altar of Trog.
 88306 | Abyss:2  | Received a gift from Okawaru
 89298 | Abyss:2  | Identified the +0 chain mail of the Villain {Will- Int+2
                  | Dex+4} (Okawaru gifted it to you on level 2 of the Abyss)
 89298 | Abyss:2  | Received a gift from Okawaru
 90037 | Abyss:2  | Found a corrupted altar of Lugonu.
 90307 | Abyss:2  | Noticed an ancient lich
 90320 | Abyss:2  | Killed an ancient lich
 90328 | Depths:3 | Escaped the Abyss
 90806 | D:4      | Fell from the grace of Okawaru
 90806 | D:4      | Became a worshipper of Vehumet
 91136 | Depths:3 | Voluntarily entered the Abyss.
 91180 | Abyss:1  | Found a corrupted altar of Lugonu.
 91230 | Abyss:1  | Noticed an ancient lich
 91241 | Abyss:1  | Killed an ancient lich
 91515 | Abyss:1  | Reached * piety under Vehumet
 91575 | Abyss:1  | Noticed an ancient lich
 91595 | Abyss:1  | Killed an ancient lich
 91608 | Depths:3 | Escaped the Abyss
 91981 | Tomb:1   | Entered Level 1 of the Tomb of the Ancients
 92055 | Tomb:1   | Learned a level 7 spell: Orb of Destruction
 92178 | Tomb:1   | Noticed Mara
 92620 | Depths:3 | Voluntarily entered the Abyss.
 92780 | Abyss:1  | Reached ** piety under Vehumet
 92813 | Abyss:1  | Offered knowledge of Searing Ray by Vehumet.
 93177 | Abyss:2  | Found a corrupted altar of Lugonu.
 93230 | Abyss:2  | Found a corrupted altar of Lugonu.
 93349 | Abyss:2  | Offered knowledge of Mephitic Cloud by Vehumet.
 93544 | Abyss:3  | Reached *** piety under Vehumet
 93574 | Abyss:3  | Identified the amulet of Cofihayl {Spirit Rampage Str+2
                  | Int+3}
 93719 | Abyss:3  | Offered knowledge of Fulminant Prism by Vehumet.
 93763 | Abyss:3  | Found a corrupted altar of Lugonu.
 93816 | Depths:3 | Escaped the Abyss
 93880 | Depths:3 | Voluntarily entered the Abyss.
 94120 | Abyss:1  | Reached **** piety under Vehumet
 94168 | Abyss:1  | Offered knowledge of Freezing Cloud by Vehumet.
 94471 | Depths:3 | Escaped the Abyss
 94518 | Depths:3 | Voluntarily entered the Abyss.
 94663 | Abyss:1  | Noticed a dread lich
 94673 | Abyss:1  | Killed a dread lich
 94675 | Abyss:1  | Reached ***** piety under Vehumet
 94680 | Abyss:1  | Offered knowledge of Bolt of Magma by Vehumet.
 95201 | Abyss:2  | Noticed a dread lich
 95221 | Abyss:2  | Killed a dread lich
 95299 | Abyss:2  | Found a transporter.
 95350 | Abyss:2  | Found a transporter.
 95353 | Abyss:2  | Found a corrupted altar of Lugonu.
 95387 | Abyss:2  | Identified the amulet of Satyriasis {rPois Regen+ Int+3}
 95399 | Abyss:2  | Found a transporter.
 95506 | Abyss:3  | Found a corrupted altar of Lugonu.
 95631 | Abyss:3  | Offered knowledge of Conjure Ball Lightning by Vehumet.
 95983 | Abyss:3  | Offered knowledge of Iskenderun's Battlesphere by Vehumet.
 96668 | Abyss:3  | Got an abyssal rune of Zot
 96753 | Abyss:3  | Paralysed by accursed screaming for 1 turns
 96755 | Abyss:3  | Identified the +5 tower shield of the Cockroach {rF- Dex+8}
 96862 | Abyss:3  | Was forgiven by Okawaru
 97027 | Abyss:3  | Reached ****** piety under Vehumet
 97124 | Abyss:3  | Offered knowledge of Conjure Ball Lightning by Vehumet.
 97478 | Abyss:3  | Paralysed by accursed screaming for 1 turns
 97616 | Abyss:3  | Identified the +3 plate armour of Zin's Condemnation {Str+2
                  | Dex+2}
 97679 | Abyss:3  | Offered knowledge of Bolt of Magma by Vehumet.
 97955 | Abyss:3  | Learned a level 9 spell: Chain Lightning
 98124 | Abyss:3  | Offered knowledge of Freezing Cloud by Vehumet.
 98850 | Abyss:3  | Offered knowledge of Conjure Ball Lightning by Vehumet.
 99256 | Abyss:3  | Found a corrupted altar of Lugonu.
 99295 | Abyss:3  | Found a corrupted altar of Lugonu.
 99511 | Depths:3 | Escaped the Abyss
100102 | Tomb:1   | Noticed coier1's illusion
100107 | Tomb:1   | Killed Mara
100316 | Tomb:1   | Noticed a royal mummy
100325 | Tomb:1   | Killed a royal mummy
100943 | Tomb:1   | Noticed a royal mummy
100943 | Tomb:1   | Noticed a royal mummy
100943 | Tomb:1   | Noticed a royal mummy
100943 | Tomb:1   | Noticed a royal mummy
100947 | Tomb:1   | Killed a royal mummy
100948 | Tomb:1   | Killed a royal mummy
100948 | Tomb:1   | Killed a royal mummy
100948 | Tomb:1   | Killed a royal mummy
100950 | Tomb:1   | Noticed a royal mummy
100952 | Tomb:1   | Noticed a royal mummy
100955 | Tomb:1   | Noticed a royal mummy
100956 | Tomb:1   | Killed a royal mummy
100958 | Tomb:1   | Killed a royal mummy
100959 | Tomb:1   | Noticed a royal mummy
100960 | Tomb:1   | Killed a royal mummy
100962 | Tomb:1   | Noticed a royal mummy
100967 | Tomb:1   | Noticed a royal mummy
100968 | Tomb:1   | Killed a royal mummy
100968 | Tomb:1   | Noticed a royal mummy
100970 | Tomb:1   | Killed a royal mummy
100970 | Tomb:1   | Noticed a royal mummy
100971 | Tomb:1   | Noticed a royal mummy
100975 | Tomb:1   | Killed a royal mummy
100976 | Tomb:1   | Killed a royal mummy
100980 | Tomb:1   | Killed a royal mummy
100980 | Tomb:1   | Killed a royal mummy
100980 | Tomb:1   | Noticed a royal mummy
101547 | Slime:1  | Entered Level 1 of the Pits of Slime
101574 | Slime:1  | Offered knowledge of Shatter by Vehumet.
101574 | Slime:1  | Offered knowledge of Polar Vortex by Vehumet.
103255 | Slime:5  | Entered Level 5 of the Pits of Slime
103288 | Slime:5  | Noticed the Royal Jelly
103298 | Slime:5  | Killed the Royal Jelly
103514 | Slime:5  | Found the amulet of Vitality {Regen+ HP+15}
103518 | Slime:5  | Found the +3 hat of Pondering {ponderous, Will+ MP+10
                  | Int+5}
103525 | Slime:5  | Got a slimy rune of Zot
103619 | Slime:5  | Identified the +5 long sword "Bewkug" {speed, rElec Will+}
103662 | Slime:5  | Identified the +7 flail "Maprak" {vorpal, rElec}
103688 | Slime:5  | Got the Tome of Lethal Dislocation
104179 | Lair:2   | Learned a level 8 spell: Lehudib's Crystal Spear
105927 | Coc:7    | Entered Level 7 of Cocytus
106004 | Coc:7    | Noticed Antaeus
106024 | Coc:7    | Killed Antaeus
106100 | Coc:7    | Got an icy rune of Zot
106508 | Coc:7    | Identified the +1 scale mail of Mucs {Str+3}
106924 | Coc:7    | Identified the +2 war axe "Livateh" {vorpal, Fragile rElec
                  | rF++ SInv}
107084 | Coc:7    | Identified the +1 robe of an ossuary {rF+ Dex+2 Archmagi}
107089 | Coc:7    | Identified the +2 cloak of Resilience {Dex+4}
108906 | Dis:1    | Entered Level 1 of the Iron City of Dis
109008 | Tar:1    | Entered Level 1 of Tartarus
110334 | Tar:7    | Entered Level 7 of Tartarus
111220 | Tar:7    | Identified the +0 helmet "Uhiomaheil" {Str+2}
111651 | Tar:7    | Noticed Ereshkigal
111659 | Tar:7    | Killed Ereshkigal
111820 | Tar:7    | Got a bone rune of Zot
112157 | Tar:7    | Identified the +0 scale mail "Kukhun" {rF+ Int+4}
112159 | Tar:7    | Identified the amulet of Dekkeo {Acrobat Int+7}
112164 | Tar:7    | Identified the ring of Amorality {rPois rF+ Will+ SInv}
112279 | Tar:7    | Identified the ring of Jooczor {rC+ rN+ MP+9 Str-2 SInv}
112281 | Tar:7    | Identified the ring of Niampor {rPois Will- Int+6 Stlth+}
112387 | Tar:7    | Identified the +0 ring mail "Fodaozar" {Str+3 Dex+4}
114015 | Geh:7    | Entered Level 7 of Gehenna
115474 | Geh:7    | Found the +7 sceptre of Asmodeus
115474 | Geh:7    | Noticed Asmodeus
115492 | Geh:7    | Killed Asmodeus
115524 | Geh:7    | Got an obsidian rune of Zot
117171 | Zig:1    | Entered Level 1 of a ziggurat
117186 | Zig:2    | Entered Level 2 of a ziggurat
117205 | Zig:3    | Entered Level 3 of a ziggurat
117235 | Zig:4    | Entered Level 4 of a ziggurat
117251 | Zig:5    | Entered Level 5 of a ziggurat
117252 | Zig:5    | Noticed a dread lich
117256 | Zig:5    | Killed a dread lich
117261 | Zig:5    | Identified the +0 pair of gloves of the Catfish {Will+
                  | Int+8}
117286 | Zig:6    | Entered Level 6 of a ziggurat
117291 | Zig:6    | Noticed an orb of fire
117291 | Zig:6    | Noticed an orb of fire
117296 | Zig:6    | Killed an orb of fire
117296 | Zig:6    | Killed an orb of fire
117393 | Zig:6    | Identified the +11 scimitar "Geechysh" {holy, Str+8}
117412 | Zig:7    | Entered Level 7 of a ziggurat
117416 | Zig:7    | Noticed a juggernaut
117420 | Zig:7    | Killed a juggernaut
117431 | Zig:7    | Identified the +2 quarterstaff of the Apocalypse {flame,
                  | rPois rN+ Dex-3}
117448 | Zig:7    | Identified the ring of the Seven Nightmares {Ice Dex+3}
117522 | Zig:8    | Entered Level 8 of a ziggurat
117528 | Zig:8    | Noticed a royal mummy
117530 | Zig:8    | Found the +7 great mace "Undeadhunter" {disrupt, rN+}
117533 | Zig:8    | Killed a royal mummy
117575 | Zig:9    | Entered Level 9 of a ziggurat
117593 | Zig:9    | Identified the amulet "Ylefinyu" {Regen+ Dex+3}
117598 | Zig:9    | Identified the +10 rapier of the Five Beggars {vorpal,
                  | *Rage rPois rF- rN+++}
117617 | Zig:10   | Entered Level 10 of a ziggurat
117622 | Zig:10   | Noticed Voteseg the pandemonium lord
117628 | Zig:10   | Killed Voteseg the pandemonium lord
117773 | Zig:11   | Entered Level 11 of a ziggurat
117785 | Zig:11   | Noticed an orb of fire
117792 | Zig:11   | Killed an orb of fire
117839 | Zig:11   | Identified the ring of Zuluckul {rElec rC- Str+7 Int+6
                  | Dex+3}
117873 | Zig:12   | Entered Level 12 of a ziggurat
117899 | Zig:12   | Identified the amulet "Kaykona" {Acrobat -Tele Str+6}
117917 | Zig:13   | Entered Level 13 of a ziggurat
117932 | Zig:13   | Noticed Raruuh Tuytz the pandemonium lord
117941 | Zig:13   | Killed Raruuh Tuytz the pandemonium lord
118014 | Zig:13   | Identified the +5 plate armour of Vunyduot {rC+ Int+3}
118024 | Zig:13   | Identified the +4 chain mail "Himasuob" {rPois Regen+ rCorr
                  | Int-2}
118090 | Zig:14   | Entered Level 14 of a ziggurat
118189 | Zig:14   | Identified the +2 troll leather armour "Qiarefao" {rC+
                  | Regen+ Dex+3}
118219 | Zig:15   | Entered Level 15 of a ziggurat
118247 | Zig:15   | Identified the ring of the Death Scarab {rF+ rN+ rCorr
                  | Int+6 Dex-2}
118333 | Zig:16   | Entered Level 16 of a ziggurat
118348 | Zig:16   | Noticed Goemos the pandemonium lord
118349 | Zig:16   | Noticed Rydaorcha the pandemonium lord
118349 | Zig:16   | Noticed Alameok the pandemonium lord
118349 | Zig:16   | Noticed Radaiff the pandemonium lord
118349 | Zig:16   | Noticed Useh the pandemonium lord
118349 | Zig:16   | Noticed Xaerysmi the pandemonium lord
118351 | Zig:16   | Killed Xaerysmi the pandemonium lord
118352 | Zig:16   | Killed Radaiff the pandemonium lord
118354 | Zig:16   | Killed Useh the pandemonium lord
118354 | Zig:16   | Killed Goemos the pandemonium lord
118356 | Zig:16   | Killed Alameok the pandemonium lord
118357 | Zig:16   | Killed Rydaorcha the pandemonium lord
118358 | Zig:16   | Reached skill level 27 in Stealth
118467 | Zig:16   | Identified the +5 leather armour of Broken Taboos {Harm
                  | rElec Str-4}
118477 | Zig:16   | Identified the ring "Roboagh" {AC+4 Str+2 Dex+7}
118607 | Zig:17   | Entered Level 17 of a ziggurat
118617 | Zig:17   | Noticed a juggernaut
118619 | Zig:17   | Noticed a juggernaut
118620 | Zig:17   | Noticed a juggernaut
118621 | Zig:17   | Noticed a juggernaut
118621 | Zig:17   | Noticed a juggernaut
118623 | Zig:17   | Killed a juggernaut
118624 | Zig:17   | Killed a juggernaut
118624 | Zig:17   | Killed a juggernaut
118625 | Zig:17   | Killed a juggernaut
118629 | Zig:17   | Killed a juggernaut
118634 | Zig:17   | Found the +3 giant club "Skullcrusher" {speed, Str+7}
118648 | Zig:17   | Identified the amulet of the Evil One {Reflect rF+ rN+
                  | Str-4 Int+3 SH+5}
118653 | Zig:17   | Identified the +2 pair of boots of Ittugguh {Dex+4}
118659 | Zig:17   | Identified the +8 shortbow of Extinguishment {flame, rC+
                  | Dex+5}
118664 | Zig:17   | Identified the ring "Kuvinle" {Fly rC+ Will++ Str-5}
118667 | Zig:17   | Identified the +11 whip of Zofegagelup {elec, Dex+4}
118670 | Zig:17   | Identified the +6 scale mail of the Peculiar Seers {rPois
                  | Str+6}
118673 | Zig:17   | Identified the +2 short sword of Resourcefulness {freeze,
                  | rF+ rCorr}
118783 | Zig:18   | Entered Level 18 of a ziggurat
118822 | Zig:18   | Found the +14 obsidian axe {vorpal, Mesm Drain Fly SInv}
118853 | Zig:18   | Identified the +6 morningstar "Syiludir" {speed, rElec rF++
                  | Dex-2}
118950 | Zig:19   | Entered Level 19 of a ziggurat
119077 | Zig:19   | Paralysed by accursed screaming for 1 turns
119184 | Zig:19   | Identified the amulet "Giucib" {RegenMP Rampage *Slow
                  | rCorr}
119188 | Zig:19   | Identified the +11 morningstar of Lilenest {vorpal, *Rage
                  | +Blink rElec Stlth+}
119225 | Zig:20   | Entered Level 20 of a ziggurat
119412 | Zig:21   | Entered Level 21 of a ziggurat
119457 | Zig:21   | Found the +10 zealot's sword {holy, *Rage rN+ EV+3}
119471 | Zig:21   | Identified the ring of Arrival {rPois AC+4 Str+3 Int+7}
119543 | Zig:21   | Identified the ring "Kaicw" {Will+ rCorr Dex+4}
119562 | Zig:21   | Identified the amulet "Veuces" {Faith rElec Dex+7}
119593 | Zig:22   | Entered Level 22 of a ziggurat
119637 | Zig:22   | Found the amulet of the Air {Inacc Air Fly rElec RMsl}
119796 | Zig:22   | Identified the +6 hunting sling of Azxe {vorpal, rN+ Dex+4}
119800 | Zig:22   | Identified the +9 trident "Peddausa" {flame, rF+ rC+ Will+
                  | Str+2}
119803 | Zig:22   | Identified the +1 cloak of the Bulwark {rElec rPois SInv}
119828 | Zig:22   | Got Sif Muna's Volume of Companions
119864 | Zig:23   | Entered Level 23 of a ziggurat
119877 | Zig:23   | Noticed Sext's ghost (legendary MiFi)
119880 | Zig:23   | Noticed strangelove's ghost (master GrEE)
119883 | Zig:23   | Noticed frimble's ghost (adept DsGl)
119886 | Zig:23   | Noticed Gucom's ghost (veteran GnFi)
119886 | Zig:23   | Noticed Hacvoq's ghost (legendary HOFi)
119887 | Zig:23   | Noticed xzight's ghost (legendary MiBe)
119887 | Zig:23   | Noticed coier1's ghost (legendary GnWn)
119888 | Zig:23   | Noticed Ucrups's ghost (legendary MiFi)
119889 | Zig:23   | Noticed WiseOSalty's ghost (legendary TrGl)
119890 | Zig:23   | Noticed Rueful's ghost (legendary TrWr)
119891 | Zig:23   | Killed strangelove's ghost
119891 | Zig:23   | Killed Sext's ghost
119893 | Zig:23   | Noticed Vuopse's ghost (legendary GnIE)
119895 | Zig:23   | Killed Gucom's ghost
119896 | Zig:23   | Killed frimble's ghost
119896 | Zig:23   | Killed xzight's ghost
119899 | Zig:23   | Killed Hacvoq's ghost
119900 | Zig:23   | Killed Rueful's ghost
119902 | Zig:23   | Killed Ucrups's ghost
119902 | Zig:23   | Killed WiseOSalty's ghost
119906 | Zig:23   | Killed coier1's ghost
119922 | Zig:23   | Reached skill level 27 in Invocations
120123 | Zig:23   | Killed Vuopse's ghost
120339 | Zig:23   | Found the +8 Vampire's Tooth {vamp}
120468 | Zig:24   | Entered Level 24 of a ziggurat
120588 | Zig:24   | Identified the ring "Seloegh" {Fly rElec Int+4 Dex+2}
120595 | Zig:24   | Identified the +4 morningstar of Xiawoh {flame, rPois rF++
                  | Str-4 Dex+2}
120609 | Zig:24   | Identified the +8 hunting sling "Wissu" {flame, rElec
                  | Will++ SInv}
120732 | Zig:25   | Entered Level 25 of a ziggurat
120753 | Zig:25   | Reached skill level 27 in Crossbows
120763 | Zig:25   | Reached skill level 27 in Short Blades
120847 | Zig:25   | Identified the amulet of Ajeanate {Spirit rPois}
120869 | Zig:25   | Identified the +1 chain mail of Ylubufef {Int+5}
120890 | Zig:25   | Identified the +4 ring mail of Going Fast {Harm +Inv rElec
                  | Str-4}
120891 | Zig:25   | Identified the +3 quarterstaff "Osyoss" {vorpal, Fragile
                  | +Blink Dex+7}
120894 | Zig:25   | Identified the +9 falchion of the Thieving Butterfly
                  | {vorpal, Will+++ rCorr Str-2 Dex-2}
120896 | Zig:25   | Identified the +1 battleaxe of Bloodstone {venom, +Blink}
120902 | Zig:25   | Identified the ring "Elaoras" {rC+ Dex+6}
121054 | Zig:26   | Entered Level 26 of a ziggurat
121198 | Zig:26   | Found the +7 sceptre of Torment {pain, torment}
121209 | Zig:26   | Identified the +10 great sword "Beetleslayer" {flame, rN+}
121220 | Zig:26   | Identified the +3 plate armour of Beogh's Esteem {rPois rF+
                  | Will-}
121231 | Zig:26   | Got Sif Muna's Catalogue of Companions
121250 | Zig:26   | Identified the +2 falchion of Dullness {flame, rPois rC+++
                  | Will-}
121251 | Zig:26   | Identified the +1 robe "Atragai" {rF+ rC+ Stlth-}
121257 | Zig:26   | Identified the +8 rapier of Waberrom {drain, rF+ rN++ rCorr
                  | Stlth-}
121272 | Zig:27   | Entered Level 27 of a ziggurat
121569 | Zig:27   | Identified the -4 buckler of Monotheism {rN++ rCorr Str+4}
122466 | Lair:2   | Learned a level 7 spell: Ozocubu's Refrigeration
122509 | Lair:2   | Learned a level 9 spell: Shatter
122990 | Tomb:1   | Noticed a royal mummy
122995 | Tomb:1   | Killed a royal mummy
122995 | Tomb:1   | Noticed a royal mummy
122996 | Tomb:1   | Reached skill level 27 in Maces & Flails
123002 | Tomb:1   | Killed a royal mummy
123125 | Tomb:1   | Noticed a royal mummy
123131 | Tomb:1   | Killed a royal mummy
123141 | Tomb:1   | Killed a royal mummy
123412 | Tomb:1   | Noticed a royal mummy
123420 | Tomb:1   | Killed a royal mummy
123424 | Tomb:1   | Noticed a royal mummy
123428 | Tomb:1   | Killed a royal mummy
123429 | Tomb:1   | Noticed a royal mummy
123438 | Tomb:1   | Killed a royal mummy
123820 | Tomb:2   | Noticed a royal mummy
123827 | Tomb:2   | Killed a royal mummy
123828 | Tomb:2   | Noticed a royal mummy
123828 | Tomb:2   | Noticed a royal mummy
123828 | Tomb:2   | Noticed a royal mummy
123831 | Tomb:2   | Killed a royal mummy
123832 | Tomb:2   | Killed a royal mummy
123835 | Tomb:2   | Killed a royal mummy
124653 | Tomb:3   | Entered Level 3 of the Tomb of the Ancients
124657 | Tomb:3   | Noticed a dread lich
124663 | Tomb:3   | Noticed Boris
124665 | Tomb:3   | Killed a dread lich
124665 | Tomb:3   | Noticed a royal mummy
124665 | Tomb:3   | Noticed a royal mummy
124666 | Tomb:3   | Noticed a royal mummy
124666 | Tomb:3   | Noticed a royal mummy
124666 | Tomb:3   | Noticed a royal mummy
124666 | Tomb:3   | Noticed a royal mummy
124668 | Tomb:3   | Killed Boris
124668 | Tomb:3   | Killed a royal mummy
124668 | Tomb:3   | Killed a royal mummy
124668 | Tomb:3   | Noticed a royal mummy
124669 | Tomb:3   | Killed a royal mummy
124669 | Tomb:3   | Killed a royal mummy
124669 | Tomb:3   | Killed a royal mummy
124670 | Tomb:3   | Killed a royal mummy
124672 | Tomb:3   | Noticed Khufu
124674 | Tomb:3   | Killed a royal mummy
124689 | Tomb:3   | Killed Khufu
124694 | Tomb:3   | Noticed a royal mummy
124696 | Tomb:3   | Killed a royal mummy
125054 | Tomb:3   | Got a golden rune of Zot
125385 | Tomb:3   | Identified the +4 scimitar of Gloom {freeze, rC++ Dex+4}
125386 | Tomb:3   | Identified the +8 hand crossbow of the Inferno {venom,
                  | Contam rElec rCorr}
125440 | Tomb:3   | Identified the +7 hand axe "Moocso" {vorpal, Str-3 Int+2
                  | SInv}
127007 | Dis:4    | Found a burning altar of Makhleb.
127484 | Dis:4    | Reached skill level 27 in Fighting
127484 | Dis:4    | Reached skill level 27 in Evocations
127591 | Dis:4    | Reached skill level 27 in Shields
128268 | Dis:7    | Entered Level 7 of the Iron City of Dis
128545 | Dis:7    | Reached skill level 27 in Long Blades
128545 | Dis:7    | Reached skill level 27 in Bows
128545 | Dis:7    | Reached skill level 27 in Armour
128545 | Dis:7    | Reached skill level 27 in Dodging
128745 | Dis:7    | Reached skill level 27 in Axes
128745 | Dis:7    | Reached skill level 27 in Polearms
128745 | Dis:7    | Reached skill level 27 in Staves
128745 | Dis:7    | Reached skill level 27 in Slings
128745 | Dis:7    | Reached skill level 27 in Throwing
128745 | Dis:7    | Reached skill level 27 in Unarmed Combat
128745 | Dis:7    | Reached skill level 27 in Spellcasting
129843 | Dis:7    | Identified the +7 battleaxe of the Nexus {vorpal, rC++}
129847 | Dis:7    | Identified the +8 dagger "Fiah" {vorpal, rElec Int+3}
130791 | Dis:7    | Found the +4 staff of Dispater
130791 | Dis:7    | Identified the ring of Lusesalo {EV+4 Str+3}
130791 | Dis:7    | Noticed Dispater
130812 | Dis:7    | Killed Dispater
131113 | Dis:7    | Got an iron rune of Zot
131115 | Dis:7    | Identified the +3 war axe of Adiryimn {protect, rN++}
131376 | Zot:1    | Entered Level 1 of the Realm of Zot
133829 | Zot:3    | Reached skill level 27 in Necromancy
134482 | Slime:5  | Identified the +9 mace "Impslayer" {spect, *Noise MP-9
                  | Int+4 Dex+6}
134852 | Depths:1 | Identified the +2 flail "Zughirgh" {vorpal, Dex+6}
137495 | Lair:2   | Lost mutation: You possess an exceptional clarity of mind.
                  | [potion of mutation]
137495 | Lair:2   | Lost mutation: Your flesh is heat resistant. (rF+) [potion
                  | of mutation]
137495 | Lair:2   | Lost mutation: You have a pair of small horns on your head.
                  | [potion of mutation]
137495 | Lair:2   | Gained mutation: Your body sometimes deteriorates upon
                  | taking damage. [potion of mutation]
137496 | Lair:2   | Lost mutation: Your body sometimes deteriorates upon taking
                  | damage. [potion of mutation]
137496 | Lair:2   | Lost mutation: You are occasionally teleported next to
                  | monsters. [potion of mutation]
137496 | Lair:2   | Gained mutation: You are somewhat resistant to further
                  | mutation. [potion of mutation]
137496 | Lair:2   | Gained mutation: Your spells are a little easier to cast,
                  | but a little less powerful. [potion of mutation]
137497 | Lair:2   | Lost mutation: Your spells are a little easier to cast, but
                  | a little less powerful. [potion of mutation]
137497 | Lair:2   | Lost mutation: You are somewhat resistant to further
                  | mutation. [potion of mutation]
137497 | Lair:2   | Gained mutation: Your body sometimes deteriorates upon
                  | taking damage. [potion of mutation]
137498 | Lair:2   | Lost mutation: Your body sometimes deteriorates upon taking
                  | damage. [potion of mutation]
137498 | Lair:2   | Gained mutation: You have sharp toenails. [potion of
                  | mutation]
137498 | Lair:2   | Gained mutation: You have a pair of small antennae on your
                  | head. [potion of mutation]
137499 | Lair:2   | Lost mutation: You have sharp toenails. [potion of
                  | mutation]
137499 | Lair:2   | Lost mutation: You have a pair of small antennae on your
                  | head. [potion of mutation]
137499 | Lair:2   | Gained mutation: You evolve. [potion of mutation]
137499 | Lair:2   | Gained mutation: You are resistant to electric shocks.
                  | (rElec) [potion of mutation]
137500 | Lair:2   | Lost mutation: You evolve. [potion of mutation]
137500 | Lair:2   | Lost mutation: You are resistant to electric shocks.
                  | (rElec) [potion of mutation]
137500 | Lair:2   | Gained mutation: Potions are less effective at restoring
                  | your health. [potion of mutation]
137500 | Lair:2   | Gained mutation: You have a pair of small horns on your
                  | head. [potion of mutation]
137500 | Lair:2   | Gained mutation: You are resistant to electric shocks.
                  | (rElec) [potion of mutation]
137501 | Lair:2   | Gained mutation: Your spells are a little harder to cast,
                  | but a little more powerful. [potion of mutation]
137501 | Lair:2   | Gained mutation: You are frail. (-10% HP) [potion of
                  | mutation]
137501 | Lair:2   | Gained mutation: You expend magic power (3 MP) to
                  | strengthen your wands. [potion of mutation]
137502 | Lair:2   | Lost mutation: You are frail. (-10% HP) [potion of
                  | mutation]
137502 | Lair:2   | Lost mutation: You have a pair of small horns on your head.
                  | [potion of mutation]
137502 | Lair:2   | Gained mutation: Armour fits poorly on your strangely
                  | shaped body. [potion of mutation]
137502 | Lair:2   | Gained mutation: Your mind is acute. (Int +2) [potion of
                  | mutation]
137503 | Lair:2   | Lost mutation: Armour fits poorly on your strangely shaped
                  | body. [potion of mutation]
137503 | Lair:2   | Lost mutation: Your mind is acute. (Int +2) [potion of
                  | mutation]
137503 | Lair:2   | Lost mutation: Your spells are a little harder to cast, but
                  | a little more powerful. [potion of mutation]
137503 | Lair:2   | Gained mutation: Your magical capacity is low. (-10% MP)
                  | [potion of mutation]
137504 | Lair:2   | Lost mutation: Your magical capacity is low. (-10% MP)
                  | [potion of mutation]
137504 | Lair:2   | Lost mutation: You expend magic power (3 MP) to strengthen
                  | your wands. [potion of mutation]
137504 | Lair:2   | Gained mutation: You are occasionally teleported next to
                  | monsters. [potion of mutation]
137504 | Lair:2   | Gained mutation: You are dopey. (Int -2) [potion of
                  | mutation]
137504 | Lair:2   | Gained mutation: You have sharp toenails. [potion of
                  | mutation]
137504 | Lair:2   | Gained mutation: Your skin changes colour to match your
                  | surroundings (Stealth+). [potion of mutation]
137505 | Lair:2   | Lost mutation: You are occasionally teleported next to
                  | monsters. [potion of mutation]
137505 | Lair:2   | Lost mutation: You are dopey. (Int -2) [potion of mutation]
137505 | Lair:2   | Lost mutation: You are resistant to electric shocks.
                  | (rElec) [potion of mutation]
137505 | Lair:2   | Gained mutation: You are frail. (-10% HP) [potion of
                  | mutation]
137505 | Lair:2   | Gained mutation: You expend magic power (3 MP) to
                  | strengthen your wands. [potion of mutation]
137506 | Lair:2   | Lost mutation: You have sharp toenails. [potion of
                  | mutation]
137506 | Lair:2   | Lost mutation: You are frail. (-10% HP) [potion of
                  | mutation]
137506 | Lair:2   | Gained mutation: Your mind is acute. (Int +2) [potion of
                  | mutation]
137507 | Lair:2   | Lost mutation: Your skin changes colour to match your
                  | surroundings (Stealth+). [potion of mutation]
137507 | Lair:2   | Lost mutation: Potions are less effective at restoring your
                  | health. [potion of mutation]
137507 | Lair:2   | Gained mutation: Your system is resistant to poisons.
                  | (rPois) [potion of mutation]
137507 | Lair:2   | Gained mutation: Your mind is very acute. (Int +4) [potion
                  | of mutation]
137508 | Lair:2   | Lost mutation: You expend magic power (3 MP) to strengthen
                  | your wands. [potion of mutation]
137508 | Lair:2   | Lost mutation: Your system is resistant to poisons. (rPois)
                  | [potion of mutation]
137509 | Lair:2   | Gained mutation: Your muscles are strong. (Str +2) [potion
                  | of mutation]
137509 | Lair:2   | Gained mutation: You have sharp toenails. [potion of
                  | mutation]
137510 | Lair:2   | Lost mutation: Your mind is very acute. (Int +4) [potion of
                  | mutation]
137510 | Lair:2   | Lost mutation: Your muscles are strong. (Str +2) [potion of
                  | mutation]
137510 | Lair:2   | Gained mutation: Your body sometimes deteriorates upon
                  | taking damage. [potion of mutation]
137510 | Lair:2   | Gained mutation: Your flesh is heat resistant. (rF+)
                  | [potion of mutation]
137747 | Pan      | Entered Pandemonium
137845 | Pan      | Gained mutation: You are clumsy. (Dex -2) [a cacodemon]
138146 | Pan      | Noticed Yqia the pandemonium lord
138150 | Pan      | Killed Yqia the pandemonium lord
138168 | Pan      | Got a demonic rune of Zot
138702 | Pan      | Entered the realm of Lom Lobon.
139311 | Pan      | Noticed Lom Lobon
139317 | Pan      | Killed Lom Lobon
140210 | Pan      | Got a magical rune of Zot
140318 | Pan      | Noticed Giph the pandemonium lord
140321 | Pan      | Killed Giph the pandemonium lord
141946 | Pan      | Found an exit through the horrors of the Abyss.
142209 | Pan      | Noticed Icwofral the pandemonium lord
142213 | Pan      | Killed Icwofral the pandemonium lord
142395 | Pan      | Found a transporter.
142465 | Pan      | Found a transporter.
142549 | Pan      | Identified the amulet "Essiuloy" {Faith -Cast Dex+5}
142559 | Pan      | Identified the ring "Giyvotwu" {rPois Dex+4}
142563 | Pan      | Identified the amulet of Moderation {-Tele rPois Will+
                  | Regen+ Int+4}
144088 | Pan      | Noticed Bukod the pandemonium lord
144276 | Pan      | Found an exit through the horrors of the Abyss.
144748 | Pan      | Noticed Bipp the pandemonium lord
144754 | Pan      | Killed Bipp the pandemonium lord
145833 | Pan      | Noticed Iqyawy the pandemonium lord
145836 | Pan      | Killed Iqyawy the pandemonium lord
146902 | Pan      | Found an exit through the horrors of the Abyss.
147214 | Pan      | Noticed Qolys the pandemonium lord
147221 | Pan      | Killed Qolys the pandemonium lord
147892 | Pan      | Reached skill level 27 in Conjurations
147892 | Pan      | Reached skill level 27 in Hexes
147892 | Pan      | Reached skill level 27 in Summonings
147892 | Pan      | Reached skill level 27 in Translocations
147892 | Pan      | Reached skill level 27 in Transmutations
147892 | Pan      | Reached skill level 27 in Fire Magic
147892 | Pan      | Reached skill level 27 in Ice Magic
147892 | Pan      | Reached skill level 27 in Air Magic
147892 | Pan      | Reached skill level 27 in Earth Magic
147892 | Pan      | Reached skill level 27 in Poison Magic
148148 | Pan      | Took an exit into the Abyss.
148148 | Abyss:1  | Escaped into the Abyss
148180 | Abyss:1  | Found a corrupted altar of Lugonu.
148225 | Depths:1 | Escaped the Abyss
148695 | Zig:1    | Entered Level 1 of a ziggurat
148703 | Zig:1    | Identified the +8 shortbow "Gorex" {vorpal, Will+ Dex-2
                  | Stlth+}
148709 | Zig:2    | Entered Level 2 of a ziggurat
148733 | Zig:3    | Entered Level 3 of a ziggurat
148741 | Zig:3    | Identified the +3 plate armour of Heubi {Str+4}
148749 | Zig:4    | Entered Level 4 of a ziggurat
148749 | Zig:4    | Found the +2 ratskin cloak {*Rats rPois rN+ Str-1 Int-1
                  | Dex+1}
148834 | Zig:5    | Entered Level 5 of a ziggurat
148835 | Zig:5    | Noticed a dread lich
148841 | Zig:5    | Killed a dread lich
148852 | Zig:5    | Identified the ring of Kets {rPois Str+2 Int+2 Dex+6}
148863 | Zig:6    | Entered Level 6 of a ziggurat
148922 | Zig:6    | Identified the +4 chain mail of Xuyclept {rN+ Dex+3 Slay+3
                  | SInv}
148944 | Zig:7    | Entered Level 7 of a ziggurat
149004 | Zig:8    | Entered Level 8 of a ziggurat
149018 | Zig:8    | Identified the +10 halberd "Annaxaew" {protect, Dex+4}
149024 | Zig:8    | Identified the +11 dagger "Mioch" {holy, Drain rElec
                  | Will+++ MP+9}
149070 | Zig:9    | Entered Level 9 of a ziggurat
149100 | Zig:9    | Identified the ring of Wycics {EV+4 Stlth+}
149123 | Zig:10   | Entered Level 10 of a ziggurat
149231 | Zig:10   | Identified the ring "Cusaer" {rN+ Will+}
149287 | Zig:11   | Entered Level 11 of a ziggurat
149296 | Zig:11   | Noticed Likado's ghost (legendary GnSk)
149296 | Zig:11   | Noticed Barug's ghost (adept TrMo)
149296 | Zig:11   | Noticed Fouwomub's ghost (legendary FoEE)
149299 | Zig:11   | Killed Barug's ghost
149314 | Zig:11   | Killed Likado's ghost
149317 | Zig:11   | Killed Fouwomub's ghost
149439 | Zig:11   | Identified the +0 fustibalus of Okeshi {vorpal, rPois Str-4
                  | Dex-3 Stlth+}
149449 | Zig:11   | Identified the +2 pair of gloves of the Thunderstorm {rElec
                  | Regen+ Str-4 Int-2}
149461 | Zig:12   | Entered Level 12 of a ziggurat
149468 | Zig:12   | Noticed Peagryo the pandemonium lord
149468 | Zig:12   | Noticed Lycosifo the pandemonium lord
149471 | Zig:12   | Killed Lycosifo the pandemonium lord
149471 | Zig:12   | Killed Peagryo the pandemonium lord
149471 | Zig:12   | Noticed Kyl Uqoe the pandemonium lord
149471 | Zig:12   | Noticed Niupragg the pandemonium lord
149473 | Zig:12   | Killed Niupragg the pandemonium lord
149474 | Zig:12   | Killed Kyl Uqoe the pandemonium lord
149474 | Zig:12   | Noticed Myik the pandemonium lord
149479 | Zig:12   | Killed Myik the pandemonium lord
149571 | Zig:12   | Identified the +3 robe of Complete Protection {rElec rPois
                  | rF- rN+}
149576 | Zig:12   | Identified the +11 mace of Wondrous Power {distort, rPois
                  | Str+4}
149585 | Zig:13   | Entered Level 13 of a ziggurat
149602 | Zig:13   | Found the +15 Maxwell's patent armour {-Cast -Tele rElec
                  | Will+ rCorr}
149615 | Zig:13   | Identified the amulet of the Catamount {Reflect Fly rC+++
                  | Will- Str+3 SH+5}
149624 | Zig:13   | Identified the +3 war axe of Ufyl {speed, Str+4}
149779 | Zig:14   | Entered Level 14 of a ziggurat
149871 | Zig:14   | Identified the amulet "Larowkoe" {Spirit Dex+4}
149881 | Zig:14   | Identified the +2 war axe of Dithmenos's Reproof {speed,
                  | rF+}
149883 | Zig:14   | Identified the ring "Cucovvy" {+Blink Fly rPois rF- rCorr}
149976 | Zig:15   | Entered Level 15 of a ziggurat
149987 | Zig:15   | Found the +5 sword of Power {vorpal}
150083 | Zig:15   | Identified the +6 battleaxe of Integrity {flame, rElec rC+
                  | rCorr SInv}
150085 | Zig:15   | Identified the +3 hunting sling of the Bespelling Puffin
                  | {venom, rF+}
150149 | Zig:16   | Entered Level 16 of a ziggurat
150176 | Zig:16   | Identified the ring "Uzaxkaj" {Contam Fly rElec Int-2
                  | Dex+6}
150189 | Zig:16   | Acquired the +3 sling "Punk" {acid, rCorr}
150189 | Zig:16   | Found the +3 sling "Punk" {acid, rCorr}
150351 | Zig:17   | Entered Level 17 of a ziggurat
150361 | Zig:17   | Noticed a royal mummy
150365 | Zig:17   | Killed a royal mummy
150365 | Zig:17   | Noticed a royal mummy
150369 | Zig:17   | Killed a royal mummy
150374 | Zig:17   | Noticed a royal mummy
150375 | Zig:17   | Noticed a royal mummy
150379 | Zig:17   | Killed a royal mummy
150379 | Zig:17   | Killed a royal mummy
150381 | Zig:17   | Noticed a royal mummy
150383 | Zig:17   | Killed a royal mummy
150559 | Zig:17   | Got the Almanac of Confrontation
150644 | Zig:18   | Entered Level 18 of a ziggurat
150743 | Zig:18   | Identified the +2 robe of Dishonesty {+Blink rF+ Will+
                  | Dex+2}
150744 | Zig:18   | Identified the +8 short sword of Modesty {freeze, rC+ Int+2
                  | Dex+4}
150746 | Zig:18   | Identified the amulet "Qeveos" {Acrobat Str+4}
150755 | Zig:18   | Identified the ring of the Median {rC+ Str+6}
150761 | Zig:18   | Got Sif Muna's Disquisition on Entrancing Dislocation
150768 | Zig:18   | Identified the +8 battleaxe "Ycoh" {spect, rC+ Str+3 Int+3}
150861 | Zig:19   | Entered Level 19 of a ziggurat
150872 | Zig:19   | Noticed Wicomoewk the pandemonium lord
150875 | Zig:19   | Killed Wicomoewk the pandemonium lord
150901 | Zig:19   | Found the +9 sword of Zonguldrok {reap}
150906 | Zig:19   | Identified the ring of Wejo {rF+++ rC- Str+4 Int+6 Dex-2}
150923 | Zig:19   | Identified the ring "Yhisujosh" {*Corrode rN++ Int+6}
150927 | Zig:19   | Identified the +3 robe "Erghuv" {Slay+2}
150966 | Zig:20   | Entered Level 20 of a ziggurat
151047 | Zig:20   | Found the amulet of the Four Winds {rN+ Will+++ Clar}
151128 | Zig:20   | Identified the +9 mace "Entuama" {vorpal, SInv}
151145 | Zig:20   | Identified the +3 whip of Ugroimam {spect, rPois}
151154 | Zig:20   | Got the Almanac of Air and the Compass
151158 | Zig:20   | Got the Tome of Conjuration
151268 | Zig:21   | Entered Level 21 of a ziggurat
151290 | Zig:21   | Found the +4 robe of Augmentation {Str+4 Int+4 Dex+4}
151377 | Zig:21   | Identified the +10 chain mail of Qazlal {Drain rF+ Dex+3
                  | Stlth+}
151380 | Zig:21   | Identified the ring "Xoxivis" {rF+ Will+ Int+4}
151393 | Zig:21   | Identified the +9 battleaxe of Duusoth {holy, rC+}
151562 | Zig:22   | Entered Level 22 of a ziggurat
151592 | Zig:22   | Found the +18 shield of the Gong {rElec rN+ Will+ EV-5}
151609 | Zig:22   | Identified the amulet of Beauty {RegenMP Int+3}
151636 | Zig:22   | Identified the ring "Qaoklusi" {rF+ rC+ Dex+6}
151644 | Zig:22   | Identified the ring "Zenedwie" {*Slow rElec MP+9 Int+2}
151653 | Zig:22   | Identified the ring of Arrival {rN++ EV+4 Slay+5}
151768 | Zig:23   | Entered Level 23 of a ziggurat
151790 | Zig:23   | Noticed a juggernaut
151792 | Zig:23   | Killed a juggernaut
151830 | Zig:23   | Identified the +1 double sword of Evil {freeze, *Noise
                  | rC+++ Dex+4 SInv}
151858 | Zig:23   | Identified the +1 long sword "Qeday" {elec, rF++ Str-5
                  | Int+4}
151862 | Zig:23   | Identified the +5 falchion "Temaryq" {vorpal, Fragile rPois
                  | Int+3 SInv}
152042 | Zig:24   | Entered Level 24 of a ziggurat
152294 | Zig:24   | Identified the +0 robe of Classification {rElec Str+3
                  | Int+4}
152295 | Zig:24   | Identified the +4 plate armour "Syzipp" {Harm rElec rN+
                  | Str+2}
152463 | Zig:25   | Entered Level 25 of a ziggurat
152471 | Zig:25   | Noticed Iklussuh the pandemonium lord
152471 | Zig:25   | Noticed Uttiacra the pandemonium lord
152472 | Zig:25   | Noticed Adost the pandemonium lord
152474 | Zig:25   | Killed Iklussuh the pandemonium lord
152474 | Zig:25   | Killed Adost the pandemonium lord
152475 | Zig:25   | Noticed Figa the pandemonium lord
152475 | Zig:25   | Noticed Naomez the pandemonium lord
152476 | Zig:25   | Noticed Tauppats the pandemonium lord
152476 | Zig:25   | Noticed Setsuc the pandemonium lord
152477 | Zig:25   | Killed Naomez the pandemonium lord
152477 | Zig:25   | Killed Setsuc the pandemonium lord
152477 | Zig:25   | Noticed Ceupreimm the pandemonium lord
152477 | Zig:25   | Noticed Cirit the pandemonium lord
152478 | Zig:25   | Killed Figa the pandemonium lord
152478 | Zig:25   | Noticed Quj Voic the pandemonium lord
152479 | Zig:25   | Killed Tauppats the pandemonium lord
152479 | Zig:25   | Noticed Gamea the pandemonium lord
152480 | Zig:25   | Noticed Epofis the pandemonium lord
152481 | Zig:25   | Killed Quj Voic the pandemonium lord
152481 | Zig:25   | Killed Keannoes the pandemonium lord
152481 | Zig:25   | Noticed Syjol Yrao the pandemonium lord
152482 | Zig:25   | Killed Epofis the pandemonium lord
152482 | Zig:25   | Killed Cuedun the pandemonium lord
152483 | Zig:25   | Killed Cirit the pandemonium lord
152483 | Zig:25   | Killed Gamea the pandemonium lord
152484 | Zig:25   | Killed Uttiacra the pandemonium lord
152484 | Zig:25   | Killed Ceupreimm the pandemonium lord
152485 | Zig:25   | Killed Syjol Yrao the pandemonium lord
152485 | Zig:25   | Noticed Gelobedgh the pandemonium lord
152485 | Zig:25   | Noticed Idocra the pandemonium lord
152485 | Zig:25   | Noticed Dokhle the pandemonium lord
152485 | Zig:25   | Noticed Ceddin the pandemonium lord
152486 | Zig:25   | Noticed Diuboces the pandemonium lord
152486 | Zig:25   | Killed Ceddin the pandemonium lord
152486 | Zig:25   | Noticed Luewuong the pandemonium lord
152486 | Zig:25   | Noticed Nabudghoc the pandemonium lord
152487 | Zig:25   | Killed Idocra the pandemonium lord
152487 | Zig:25   | Killed Dokhle the pandemonium lord
152487 | Zig:25   | Noticed Idiugema the pandemonium lord
152487 | Zig:25   | Noticed Kobic the pandemonium lord
152488 | Zig:25   | Killed Gelobedgh the pandemonium lord
152488 | Zig:25   | Killed Diuboces the pandemonium lord
152489 | Zig:25   | Killed Nabudghoc the pandemonium lord
152490 | Zig:25   | Killed Qeicuwu the pandemonium lord
152491 | Zig:25   | Killed Luewuong the pandemonium lord
152491 | Zig:25   | Noticed Ruryforgh the pandemonium lord
152491 | Zig:25   | Noticed Yskivvej the pandemonium lord
152492 | Zig:25   | Killed Ruryforgh the pandemonium lord
152492 | Zig:25   | Killed Zotabusk the pandemonium lord
152492 | Zig:25   | Killed Kobic the pandemonium lord
152492 | Zig:25   | Killed Fuqupni the pandemonium lord
152494 | Zig:25   | Killed Idiugema the pandemonium lord
152495 | Zig:25   | Killed Yskivvej the pandemonium lord
152495 | Zig:25   | Noticed Gylucwum the pandemonium lord
152502 | Zig:25   | Killed Gylucwum the pandemonium lord
152938 | Zig:25   | Identified the amulet of the Ant {Rampage Regen+ rCorr
                  | Str-3 Int-5}
152950 | Zig:25   | Identified the ring of Highumog {Wiz rF++ Stlth+}
152961 | Zig:25   | Identified the +2 rapier of Kesh {protect, rPois rC- Will++
                  | Str+3 Int-4}
153061 | Zig:26   | Entered Level 26 of a ziggurat
153082 | Zig:26   | Found the -2 hat of the Alchemist {rElec rPois rF+ rC+ rN+
                  | Will+ rMut rCorr}
153319 | Zig:26   | Identified the ring of Osalip {Fly rPois Will+ Str-4 Dex+6}
153323 | Zig:26   | Identified the +7 spear of the Screaming Penguin {spect,
                  | Str+3 Stlth+}
153326 | Zig:26   | Got Ataefir's Reference Book on Creative Curses
153331 | Zig:26   | Identified the amulet of Juocai {Spirit rElec rC+}
153369 | Zig:26   | Identified the ring of Wuozxoe {rF- rN++ MP+9 Int+4}
153374 | Zig:26   | Identified the +8 scale mail of Ilottuudi {rC++ Int+3 Dex-3
                  | Stlth+}
153510 | Zig:27   | Entered Level 27 of a ziggurat
153562 | Zig:27   | Identified the +10 flail "Maydwaeseku" {drain, Will+ MP+9
                  | Stlth+}
153581 | Zig:27   | Identified the +6 dagger "Jelly's Demise" {speed, Dex+3}
153582 | Zig:27   | Identified the ring of Summer {Contam rN+ Str+3 Int+6
                  | Dex+6}
153794 | Lair:2   | Lost mutation: You have sharp toenails. [potion of
                  | mutation]
153794 | Lair:2   | Lost mutation: Your mind is acute. (Int +2) [potion of
                  | mutation]
153794 | Lair:2   | Gained mutation: You are dopey. (Int -2) [potion of
                  | mutation]
153794 | Lair:2   | Gained mutation: You sometimes lose the ability to read
                  | scrolls when taking damage. [potion of mutation]
153795 | Lair:2   | Lost mutation: You are clumsy. (Dex -2) [potion of
                  | mutation]
153795 | Lair:2   | Lost mutation: You sometimes lose the ability to read
                  | scrolls when taking damage. [potion of mutation]
153795 | Lair:2   | Gained mutation: Your system is resistant to poisons.
                  | (rPois) [potion of mutation]
153795 | Lair:2   | Gained mutation: Your flesh is cold resistant. (rC+)
                  | [potion of mutation]
153796 | Lair:2   | Lost mutation: Your flesh is cold resistant. (rC+) [potion
                  | of mutation]
153796 | Lair:2   | Lost mutation: Your body sometimes deteriorates upon taking
                  | damage. [potion of mutation]
153796 | Lair:2   | Gained mutation: You have sharp toenails. [potion of
                  | mutation]
153796 | Lair:2   | Lost mutation: You are dopey. (Int -2) [potion of mutation]
153796 | Lair:2   | Gained mutation: You are partially covered in iridescent
                  | scales. (AC +2) [potion of mutation]
154073 | Pan      | Entered Pandemonium
154073 | Pan      | Found an exit through the horrors of the Abyss.
154256 | Pan      | Found a huge runed translucent gate.
154258 | Pan      | Found a huge runed translucent gate.
154259 | Pan      | Found a huge runed translucent gate.
154263 | Pan      | Found a huge runed translucent gate.
154909 | Pan      | Found a huge runed translucent gate.
154909 | Pan      | Found a huge runed translucent gate.
154911 | Pan      | Found a huge runed translucent gate.
154917 | Pan      | Noticed Ilob the pandemonium lord
154922 | Pan      | Killed Ilob the pandemonium lord
155390 | Pan      | Entered the realm of Mnoleg.
155648 | Pan      | Found an exit through the horrors of the Abyss.
156160 | Pan      | Noticed Mnoleg
156164 | Pan      | Killed Mnoleg
156355 | Pan      | Got a glowing rune of Zot
156490 | Pan      | Gained mutation: Armour fits poorly on your strangely
                  | shaped body. [a cacodemon]
156493 | Pan      | Lost mutation: Armour fits poorly on your strangely shaped
                  | body. [potion of mutation]
156493 | Pan      | Lost mutation: You are partially covered in iridescent
                  | scales. (AC +2) [potion of mutation]
156493 | Pan      | Lost mutation: You have sharp toenails. [potion of
                  | mutation]
156493 | Pan      | Gained mutation: You are frail. (-10% HP) [potion of
                  | mutation]
156493 | Pan      | Gained mutation: You are dopey. (Int -2) [potion of
                  | mutation]
156494 | Pan      | Lost mutation: Your system is resistant to poisons. (rPois)
                  | [potion of mutation]
156494 | Pan      | Lost mutation: You are dopey. (Int -2) [potion of mutation]
156494 | Pan      | Gained mutation: Your natural rate of healing is unusually
                  | fast. [potion of mutation]
156494 | Pan      | Gained mutation: You expend magic power (3 MP) to
                  | strengthen your wands. [potion of mutation]
156494 | Pan      | Lost mutation: You are frail. (-10% HP) [potion of
                  | mutation]
156727 | Pan      | Identified the amulet "Fohoid" {Spirit rF+ rN+}
156912 | Pan      | Noticed Hinofyr the pandemonium lord
156916 | Pan      | Killed Hinofyr the pandemonium lord
157202 | Pan      | Found an exit through the horrors of the Abyss.
157539 | Pan      | Found an exit through the horrors of the Abyss.
157718 | Pan      | Found a transporter.
157808 | Pan      | Found a transporter.
158517 | Pan      | Identified the ring "Ypoosahi" {Fly Dex+5}
158553 | Pan      | Identified the ring "Athisty" {Wiz Int+2}
158698 | Pan      | Identified the +1 chain mail of Ethics {*Corrode rPois rN+
                  | Will+}
158783 | Pan      | Found an exit through the horrors of the Abyss.
158810 | Pan      | Noticed Ziaxum the pandemonium lord
158817 | Pan      | Killed Ziaxum the pandemonium lord
159586 | Pan      | Identified the +2 rapier "Ufuraobb" {protect, +Blink Str+4}
159702 | Pan      | Entered the realm of Cerebov.
159726 | Pan      | Found an exit through the horrors of the Abyss.
160247 | Pan      | Identified the ring "Pohoeh" {rC+ Int+3 SInv}
160370 | Pan      | Found the +6 sword of Cerebov {flame}
160370 | Pan      | Noticed Cerebov
160582 | Pan      | Killed Cerebov
160815 | Pan      | Identified the +8 chain mail of Intercession {Rampage rC+
                  | rCorr}
160828 | Pan      | Identified the ring "Veutiroa" {rF+ rC+ Dex+3}
160971 | Pan      | Got a fiery rune of Zot
161011 | Pan      | Identified the +3 trident "Uneurr" {speed, rElec rCorr
                  | Stlth+}
161511 | Pan      | Found an exit through the horrors of the Abyss.
161830 | Pan      | Found a huge runed translucent gate.
161858 | Pan      | Found a huge runed translucent gate.
161859 | Pan      | Found a huge runed translucent gate.
161859 | Pan      | Found a huge runed translucent gate.
161859 | Pan      | Found a huge runed translucent gate.
162095 | Pan      | Found a huge runed translucent gate.
162095 | Pan      | Found a huge runed translucent gate.
162101 | Pan      | Noticed Faez the pandemonium lord
162104 | Pan      | Killed Faez the pandemonium lord
162159 | Pan      | Found a runed translucent door.
162187 | Pan      | Noticed Ger Arig the pandemonium lord
162189 | Pan      | Found a runed translucent door.
162211 | Pan      | Found a runed translucent door.
162211 | Pan      | Found a runed translucent door.
162909 | Pan      | Killed Ger Arig the pandemonium lord
162977 | Pan      | Identified the +2 dagger "Weguuthua" {vorpal, +Rage rN+++
                  | Dex+4 Stlth-}
163020 | Pan      | Noticed Ilerat the pandemonium lord
163024 | Pan      | Killed Ilerat the pandemonium lord
163807 | Pan      | Found an exit through the horrors of the Abyss.
163815 | Pan      | Took an exit into the Abyss.
163815 | Abyss:1  | Escaped into the Abyss
163815 | Abyss:1  | Found a corrupted altar of Lugonu.
163824 | Abyss:1  | Found a corrupted altar of Lugonu.
164000 | Abyss:1  | Identified the +5 rapier "Trog's Scorn" {holy, *Rage Dex+7
                  | Stlth+}
164021 | Depths:1 | Escaped the Abyss
164265 | Lair:2   | Acquired Tela's Guide on Creative Curses
164269 | Lair:2   | Acquired the +9 staff of Wucad Mu {*channel}
164269 | Lair:2   | Found the +9 staff of Wucad Mu {*channel}
164289 | Lair:2   | Learned a level 9 spell: Polar Vortex
164308 | Zig:1    | Entered Level 1 of a ziggurat
164328 | Zig:2    | Entered Level 2 of a ziggurat
164345 | Zig:2    | Identified the +6 glaive "Seser" {antimagic, rElec Will+
                  | rCorr Stlth-}
164365 | Zig:3    | Entered Level 3 of a ziggurat
164367 | Zig:3    | Noticed a dread lich
164374 | Zig:3    | Killed a dread lich
164384 | Zig:3    | Got the Papyrus of Mutagenic Envenoming
164397 | Zig:3    | Acquired the +8 arc blade {discharge, rElec}
164397 | Zig:3    | Found the +8 arc blade {discharge, rElec}
164413 | Zig:4    | Entered Level 4 of a ziggurat
164422 | Zig:4    | Noticed a juggernaut
164422 | Zig:4    | a Killer Klown changed into a juggernaut
164439 | Zig:4    | Killed a juggernaut
164496 | Zig:5    | Entered Level 5 of a ziggurat
164518 | Zig:5    | Identified the +6 shortbow "Vyferuw" {vorpal, rPois Will-
                  | Dex+4}
164519 | Zig:5    | Identified the ring of Iczef {EV+4 Str+10 Int-4}
164530 | Zig:6    | Entered Level 6 of a ziggurat
164641 | Zig:7    | Entered Level 7 of a ziggurat
164693 | Zig:8    | Entered Level 8 of a ziggurat
164734 | Zig:9    | Entered Level 9 of a ziggurat
164739 | Zig:9    | Found the +8 orange crystal plate armour {Archmagi, Int+3
                  | Clar}
164902 | Zig:10   | Entered Level 10 of a ziggurat
164907 | Zig:10   | Noticed Zungaidu the pandemonium lord
164909 | Zig:10   | Noticed Qyowi the pandemonium lord
164910 | Zig:10   | Killed Zungaidu the pandemonium lord
164912 | Zig:10   | Killed Qyowi the pandemonium lord
164912 | Zig:10   | Noticed Learph the pandemonium lord
164914 | Zig:10   | Killed Learph the pandemonium lord
164915 | Zig:10   | Found the +8 frozen axe "Frostbite" {freezing cloud, *Noise
                  | Fly rC+}
164916 | Zig:10   | Found the +4 robe of Folly {Brilliance Will-∞ Int+8}
165017 | Zig:10   | Identified the +7 tower shield of an ice cave {+Blink MP-9
                  | Dex+4 Stlth+}
165051 | Zig:11   | Entered Level 11 of a ziggurat
165057 | Zig:11   | Noticed a royal mummy
165057 | Zig:11   | Noticed a royal mummy
165059 | Zig:11   | Killed a royal mummy
165059 | Zig:11   | Killed a royal mummy
165060 | Zig:11   | Noticed a royal mummy
165062 | Zig:11   | Noticed a royal mummy
165062 | Zig:11   | Noticed a royal mummy
165062 | Zig:11   | Noticed a royal mummy
165063 | Zig:11   | Found the ring of Shadows {Umbra +Inv Stlth+}
165064 | Zig:11   | Killed a royal mummy
165064 | Zig:11   | Killed a royal mummy
165066 | Zig:11   | Killed a royal mummy
165070 | Zig:11   | Killed a royal mummy
165087 | Zig:11   | Identified the +5 flail "Uforoyp" {freeze, rCorr}
165123 | Zig:12   | Entered Level 12 of a ziggurat
165187 | Zig:13   | Entered Level 13 of a ziggurat
165191 | Zig:13   | Noticed a royal mummy
165191 | Zig:13   | Noticed a royal mummy
165191 | Zig:13   | Noticed a royal mummy
165193 | Zig:13   | Killed a royal mummy
165193 | Zig:13   | Killed a royal mummy
165194 | Zig:13   | Noticed a royal mummy
165194 | Zig:13   | Noticed a royal mummy
165194 | Zig:13   | Noticed a royal mummy
165195 | Zig:13   | Killed a royal mummy
165195 | Zig:13   | Killed a royal mummy
165197 | Zig:13   | Killed a royal mummy
165197 | Zig:13   | Killed a royal mummy
165208 | Zig:13   | Identified the +1 leather armour of Birchiry {rElec Regen+
                  | Str+4}
165214 | Zig:13   | Identified the amulet of Tempters {Spirit rF+ Will+}
165223 | Zig:13   | Identified the +8 hunting sling of Micsiab {flame, Will+
                  | rCorr SInv}
165281 | Zig:13   | Got the Grimoire of Execration
165285 | Zig:14   | Entered Level 14 of a ziggurat
165291 | Zig:14   | Noticed a royal mummy
165291 | Zig:14   | Noticed a royal mummy
165291 | Zig:14   | Noticed a royal mummy
165291 | Zig:14   | Noticed a royal mummy
165292 | Zig:14   | Noticed a royal mummy
165293 | Zig:14   | Killed a royal mummy
165293 | Zig:14   | Killed a royal mummy
165293 | Zig:14   | Killed a royal mummy
165293 | Zig:14   | Killed a royal mummy
165294 | Zig:14   | Killed a royal mummy
165294 | Zig:14   | Noticed a royal mummy
165295 | Zig:14   | Noticed a royal mummy
165295 | Zig:14   | Noticed an ancient lich
165295 | Zig:14   | Found the +10 morningstar "Eos" {elec, Halo rElec}
165296 | Zig:14   | Killed a royal mummy
165297 | Zig:14   | Killed an ancient lich
165297 | Zig:14   | Killed a royal mummy
165335 | Zig:14   | Identified the +4 short sword of the Seven Ziggurats
                  | {flame, rF+ Int+2}
165383 | Zig:15   | Entered Level 15 of a ziggurat
165405 | Zig:15   | Found the +7 lajatang of Order {silver, rMut}
165416 | Zig:15   | Identified the +5 broad axe of Slime {antimagic, rC+ Int+2}
165422 | Zig:15   | Identified the +7 hand axe "Nig Camn" {flame, rN++}
165427 | Zig:15   | Identified the ring "Fatuluj" {rPois rF- rN+ Will++ Stlth+}
165435 | Zig:15   | Identified the +8 shortbow "Ninoyck" {freeze, +Blink Dex+2}
165440 | Zig:15   | Identified the ring "Xatu" {Fly rPois rF+ rC+ Str-2}
165475 | Zig:16   | Entered Level 16 of a ziggurat
165496 | Zig:16   | Found the +7 captain's cutlass {speed, disarm}
165545 | Zig:17   | Entered Level 17 of a ziggurat
165554 | Zig:17   | Noticed Ewkicri the pandemonium lord
165557 | Zig:17   | Killed Ewkicri the pandemonium lord
165623 | Zig:17   | Identified the +5 trident of the Toadstool {pain, rPois
                  | Str-2 Int+4 Dex+3}
165657 | Zig:18   | Entered Level 18 of a ziggurat
165681 | Zig:18   | Found the +8 trident of the Octopus King {venom, rElec
                  | rPois Will+}
165703 | Zig:18   | Identified the +7 hand crossbow "Jannu" {speed, rElec rCorr
                  | Dex+5}
165708 | Zig:18   | Identified the ring "Gemmaved" {Fly Str+4 Int+6 Dex+6
                  | Stlth-}
165774 | Zig:19   | Entered Level 19 of a ziggurat
165867 | Zig:19   | Identified the +0 chain mail "Joidu" {rCorr Str+6 Int-3
                  | Dex+3}
165880 | Zig:19   | Identified the +5 spear of Propriety {venom, rElec rN+}
165882 | Zig:19   | Identified the +3 great sword of Eriq {pain, rN+ Str+4
                  | SInv}
165894 | Zig:19   | Identified the +9 glaive "Taceqiwo" {vorpal, rC+ Int+6
                  | Dex-4}
165996 | Zig:20   | Entered Level 20 of a ziggurat
166109 | Zig:20   | Identified the +4 whip of the Nine Tales {vorpal, +Rage
                  | rPois rC- Stlth+}
166114 | Zig:20   | Identified the ring of Summertime {rElec rN+ rCorr}
166125 | Zig:20   | Identified the ring "Zourha" {rCorr Dex+6}
166129 | Zig:20   | Identified the ring of Uvvaf {rC- Str+5 Int+6}
166139 | Zig:20   | Identified the amulet "Nasid" {Faith -Cast Rampage rN+}
166142 | Zig:20   | Identified the +6 arbalest of Extinguishment {freeze, rC-
                  | rN+ SInv Stlth+}
166167 | Zig:21   | Entered Level 21 of a ziggurat
166174 | Zig:21   | Noticed a dread lich
166175 | Zig:21   | Noticed an ancient lich
166175 | Zig:21   | Noticed an ancient lich
166175 | Zig:21   | Noticed an ancient lich
166175 | Zig:21   | Noticed a dread lich
166177 | Zig:21   | Killed a dread lich
166177 | Zig:21   | Killed an ancient lich
166178 | Zig:21   | Killed a dread lich
166179 | Zig:21   | Killed an ancient lich
166179 | Zig:21   | Noticed a dread lich
166179 | Zig:21   | Noticed a dread lich
166179 | Zig:21   | Noticed an ancient lich
166182 | Zig:21   | Killed an ancient lich
166182 | Zig:21   | Killed a dread lich
166182 | Zig:21   | Killed a dread lich
166183 | Zig:21   | Killed an ancient lich
166228 | Zig:21   | Identified the +6 short sword of Eternal Vigilance {chaos,
                  | rElec rPois Str-2 Int-5}
166263 | Zig:22   | Entered Level 22 of a ziggurat
166310 | Zig:22   | Found the brooch of Shielding {Spirit SH+8}
166315 | Zig:22   | Identified the +8 hand crossbow of Koimooti {elec, rF-
                  | Str+10 Int+2}
166318 | Zig:22   | Identified the ring "Fecad" {rPois rC+}
166321 | Zig:22   | Identified the +4 morningstar "Lexyhipuo" {venom, rElec
                  | rPois rF+ Dex-4}
166322 | Zig:22   | Identified the +1 plate armour of the Gusle {Will+ Dex+4}
166324 | Zig:22   | Identified the ring "Peluem" {*Corrode rF+ Str+3 SInv}
166332 | Zig:22   | Identified the +2 falchion "Nour" {speed, rElec rF+ Int+2}
166339 | Zig:22   | Identified the +0 scale mail "Yloguqy" {Str+5 Int+2}
166406 | Zig:23   | Entered Level 23 of a ziggurat
166492 | Zig:23   | Found the +5 robe of Misfortune {Contam Harm *Corrode Drain
                  | *Slow EV+5}
166511 | Zig:23   | Identified the +8 chain mail of Taotwoi {Will+ Int+3 Dex+2}
166517 | Zig:23   | Identified the ring of Wuerph {rF+ Str+5 Int-3}
166520 | Zig:23   | Identified the ring of Lelisawo {rPois EV+4 Dex+5 Slay+5}
166532 | Zig:23   | Identified the ring of the Queen {Slay+4 Stlth+}
166544 | Zig:23   | Got the Grimoire of Conjuration
166546 | Zig:23   | Identified the +9 rapier of Duty {protect, rC+ Will+ Str-5}
166551 | Zig:23   | Identified the +4 arbalest of Peroetum {elec, rF++ Int+3
                  | Dex+4}
166566 | Zig:24   | Entered Level 24 of a ziggurat
166603 | Zig:24   | Found the +8 storm bow {elec, penet}
166662 | Zig:24   | Identified the +3 plate armour of Xiny {rElec rC++ Int-5
                  | Stlth+}
166663 | Zig:24   | Identified the amulet "Giuremn" {Acrobat Fly Dex-2 SInv
                  | Stlth-}
166674 | Zig:24   | Identified the +7 trident of Ronynujao {venom, Int+8}
166757 | Zig:24   | Identified the +10 plate armour of Kewnijec {Fly rElec}
166790 | Zig:25   | Entered Level 25 of a ziggurat
167046 | Zig:25   | Identified the amulet "Jog Ceo" {Regen+ Str+3 Slay+3}
167056 | Zig:25   | Identified the amulet of Fomnoa {Spirit rF+}
167065 | Zig:25   | Identified the +0 dire flail of Pirphitae {venom, Int+2
                  | SInv}
167070 | Zig:25   | Identified the +10 hand axe "Killer Klown's Doom" {speed,
                  | rPois Will+}
167071 | Zig:25   | Identified the +3 leather armour "Ofebraus" {-Tele rN+
                  | Int+5}
167078 | Zig:25   | Identified the +8 scimitar "Geephal" {freeze, rPois}
167118 | Zig:26   | Entered Level 26 of a ziggurat
167133 | Zig:26   | Noticed a dread lich
167133 | Zig:26   | Noticed a dread lich
167134 | Zig:26   | Noticed an ancient lich
167135 | Zig:26   | Killed a dread lich
167136 | Zig:26   | Killed a dread lich
167136 | Zig:26   | Killed an ancient lich
167136 | Zig:26   | Noticed an ancient lich
167136 | Zig:26   | Noticed a dread lich
167137 | Zig:26   | Noticed a dread lich
167137 | Zig:26   | Noticed an ancient lich
167137 | Zig:26   | Noticed a dread lich
167139 | Zig:26   | Noticed a dread lich
167140 | Zig:26   | Killed a dread lich
167140 | Zig:26   | Killed a dread lich
167140 | Zig:26   | Killed an ancient lich
167141 | Zig:26   | Killed an ancient lich
167142 | Zig:26   | Noticed an ancient lich
167142 | Zig:26   | Noticed a dread lich
167143 | Zig:26   | Killed a dread lich
167144 | Zig:26   | Killed a dread lich
167144 | Zig:26   | Killed an ancient lich
167144 | Zig:26   | Noticed an ancient lich
167144 | Zig:26   | Noticed a dread lich
167145 | Zig:26   | Noticed a dread lich
167145 | Zig:26   | Noticed an ancient lich
167146 | Zig:26   | Killed a dread lich
167147 | Zig:26   | Killed an ancient lich
167147 | Zig:26   | Killed a dread lich
167147 | Zig:26   | Killed an ancient lich
167153 | Zig:26   | Killed a dread lich
167157 | Zig:26   | Found the ring of the Hare {EV+8}
167180 | Zig:26   | Identified the +8 shortbow of a volcano {vorpal, rF+ Will+}
167184 | Zig:26   | Identified the +0 cloak of Howling Wind {rPois Regen+
                  | Str+3}
167263 | Zig:26   | Identified the ring of Jauxurill {Fly Will+ Int+4 Dex-4}
167325 | Zig:27   | Entered Level 27 of a ziggurat
167364 | Zig:27   | Identified the +6 flail of Resourcefulness {vorpal, rF+
                  | Int+6 Dex-4}
167366 | Zig:27   | Identified the ring "Catua" {Wiz +Blink Str+4}
167370 | Zig:27   | Identified the +2 robe of the Stallion {rPois rN+}
167391 | Zig:27   | Identified the +6 chain mail "Zacy" {Dex+3}
167552 | Zig:27   | Identified the +11 mace "Demonbane" {pain, Stlth+}
167845 | Pan      | Entered Pandemonium
167845 | Pan      | Found an exit through the horrors of the Abyss.
167957 | Pan      | Noticed Ypramiga the pandemonium lord
167968 | Pan      | Paralysed by a floating eye for 3 turns
167977 | Pan      | Killed Ypramiga the pandemonium lord
169028 | Pan      | Entered the realm of Gloorx Vloq.
169121 | Pan      | Found an exit through the horrors of the Abyss.
169884 | Pan      | Noticed Gloorx Vloq
169888 | Pan      | Killed Gloorx Vloq
170024 | Pan      | Got a dark rune of Zot
170604 | Pan      | Took an exit into the Abyss.
170604 | Abyss:1  | Escaped into the Abyss
170616 | Depths:1 | Escaped the Abyss
170861 | Zig:1    | Entered Level 1 of a ziggurat
170892 | Zig:2    | Entered Level 2 of a ziggurat
170958 | Zig:3    | Entered Level 3 of a ziggurat
170984 | Zig:4    | Entered Level 4 of a ziggurat
171019 | Zig:5    | Entered Level 5 of a ziggurat
171023 | Zig:5    | Noticed an ancient lich
171026 | Zig:5    | Killed an ancient lich
171064 | Zig:6    | Entered Level 6 of a ziggurat
171078 | Zig:6    | Identified the ring "Agee" {rPois rF+ rN+ Int+2}
171081 | Zig:6    | Identified the +5 hand crossbow of Indomitability {flame,
                  | rF++ Will+ rCorr Stlth-}
171088 | Zig:6    | Acquired 803 gold pieces
171116 | Zig:7    | Entered Level 7 of a ziggurat
171132 | Zig:7    | Identified the ring "Weweluav" {Wiz rElec MP+9 Str+8
                  | Slay-5}
171138 | Zig:7    | Identified the +0 spear "Passoral" {freeze, Will+++ Int+4
                  | Dex-3}
171152 | Zig:8    | Entered Level 8 of a ziggurat
171247 | Zig:8    | Identified the +4 chain mail of Duty {rF++ rN+ Str-5
                  | Stlth+}
171264 | Zig:9    | Entered Level 9 of a ziggurat
171270 | Zig:9    | Noticed an ancient lich
171270 | Zig:9    | Noticed an ancient lich
171271 | Zig:9    | Noticed an ancient lich
171272 | Zig:9    | Noticed a dread lich
171273 | Zig:9    | Killed an ancient lich
171274 | Zig:9    | Noticed a dread lich
171275 | Zig:9    | Killed a dread lich
171276 | Zig:9    | Killed an ancient lich
171276 | Zig:9    | Killed an ancient lich
171276 | Zig:9    | Killed a dread lich
171279 | Zig:9    | Noticed a dread lich
171280 | Zig:9    | Killed a dread lich
171294 | Zig:9    | Identified the ring "Itiud" {Ice *Slow Will+ rCorr Dex+3}
171310 | Zig:10   | Entered Level 10 of a ziggurat
171320 | Zig:10   | Noticed Iwobbub the pandemonium lord
171321 | Zig:10   | Killed Iwobbub the pandemonium lord
171355 | Zig:10   | Identified the amulet "Honucudo" {RegenMP Dex+3}
171358 | Zig:10   | Identified the amulet of Linearity {Spirit Str+3 Int+4}
171409 | Zig:11   | Entered Level 11 of a ziggurat
171418 | Zig:11   | Noticed a juggernaut
171420 | Zig:11   | Killed a juggernaut
171434 | Zig:11   | Identified the +2 ring mail of Axaelaet {Drain rPois rCorr
                  | Dex+5}
171439 | Zig:11   | Identified the +2 ring mail of Incorporation {rC- rN+++
                  | Int-5 Dex+5}
171445 | Zig:12   | Entered Level 12 of a ziggurat
171492 | Zig:12   | Identified the ring "Ilylaane" {Fly Int+2}
171518 | Zig:12   | Identified the +6 great mace of Resumed Hostilities {holy,
                  | *Slow Fly rF+++ Int-5}
171529 | Zig:13   | Entered Level 13 of a ziggurat
171535 | Zig:13   | Noticed an ancient lich
171535 | Zig:13   | Noticed a royal mummy
171536 | Zig:13   | Noticed a royal mummy
171537 | Zig:13   | Noticed a royal mummy
171539 | Zig:13   | Killed a royal mummy
171540 | Zig:13   | Killed an ancient lich
171540 | Zig:13   | Killed a royal mummy
171540 | Zig:13   | Killed a royal mummy
171540 | Zig:13   | Noticed a royal mummy
171540 | Zig:13   | Noticed a royal mummy
171540 | Zig:13   | Noticed a royal mummy
171541 | Zig:13   | Noticed a royal mummy
171541 | Zig:13   | Noticed a royal mummy
171542 | Zig:13   | Killed a royal mummy
171542 | Zig:13   | Killed a royal mummy
171542 | Zig:13   | Killed a royal mummy
171542 | Zig:13   | Noticed a royal mummy
171543 | Zig:13   | Killed a royal mummy
171544 | Zig:13   | Killed a royal mummy
171545 | Zig:13   | Killed a royal mummy
171605 | Zig:14   | Entered Level 14 of a ziggurat
171623 | Zig:14   | Noticed an ancient lich
171624 | Zig:14   | Killed an ancient lich
171643 | Zig:14   | Identified the +0 battleaxe of Psychosis {flame, Will++}
171667 | Zig:14   | Identified the +6 plate armour "Ibugik" {rC++ Str+4}
171685 | Zig:15   | Entered Level 15 of a ziggurat
171716 | Zig:15   | Identified the ring "Cotueqol" {+Blink rC++ Str+5 Int+6}
171746 | Zig:15   | Identified the +6 hunting sling of Peril {vorpal, rF-
                  | Will++ SInv}
171782 | Zig:16   | Entered Level 16 of a ziggurat
171804 | Zig:16   | Noticed Xeamu the pandemonium lord
171808 | Zig:16   | Killed Xeamu the pandemonium lord
171893 | Zig:16   | Identified the +9 shortbow of Reosut {flame, Stlth+}
171899 | Zig:16   | Identified the +4 hunting sling of Necko {venom, rN+}
171911 | Zig:16   | Identified the ring "Mex Quad" {rC+ Will+ Int+3 Dex+4}
171939 | Zig:17   | Entered Level 17 of a ziggurat
171948 | Zig:17   | Noticed a juggernaut
171950 | Zig:17   | Noticed a juggernaut
171950 | Zig:17   | Killed a juggernaut
171955 | Zig:17   | Noticed a juggernaut
171958 | Zig:17   | Killed a juggernaut
171958 | Zig:17   | Killed a juggernaut
171979 | Zig:17   | Identified the +8 tower shield "Moschewk" {rN+ Will- Int+7
                  | Slay+3}
171996 | Zig:17   | Identified the +9 glaive of the Ring {venom, *Slow +Blink
                  | Str+3 Dex+2 Stlth-}
171998 | Zig:17   | Identified the +6 mace of the Last Nights {venom, Drain rF+
                  | Int+6}
172004 | Zig:17   | Identified the +7 battleaxe of Teapuvedyuh {pain, Dex+3}
172005 | Zig:17   | Identified the +0 helmet of the Tormentor {Rampage +Blink
                  | Dex+2}
172012 | Zig:17   | Identified the +7 long sword of Zin's Displeasure {speed,
                  | Fragile rC+ rN+ Str+9}
172013 | Zig:17   | Identified the +9 flail of Xynletet {vorpal, rPois rC+
                  | Dex-2 SInv}
172018 | Zig:17   | Identified the ring of Equivalence {*Corrode rElec Will-
                  | Str+6 SInv}
172039 | Zig:18   | Entered Level 18 of a ziggurat
172055 | Zig:18   | Noticed Jiogicra the pandemonium lord
172055 | Zig:18   | Noticed Pagoel the pandemonium lord
172055 | Zig:18   | Noticed Xeabieb the pandemonium lord
172055 | Zig:18   | Noticed Ikaommif the pandemonium lord
172055 | Zig:18   | Noticed Miugg the pandemonium lord
172055 | Zig:18   | Noticed Baazamah the pandemonium lord
172056 | Zig:18   | Killed Jiogicra the pandemonium lord
172056 | Zig:18   | Killed Baazamah the pandemonium lord
172056 | Zig:18   | Noticed Suehaoq the pandemonium lord
172057 | Zig:18   | Noticed Qarrupt the pandemonium lord
172058 | Zig:18   | Killed Ikaommif the pandemonium lord
172059 | Zig:18   | Killed Pagoel the pandemonium lord
172059 | Zig:18   | Killed Xeabieb the pandemonium lord
172060 | Zig:18   | Noticed Igeh Oxups the pandemonium lord
172060 | Zig:18   | Noticed Norob the pandemonium lord
172060 | Zig:18   | Noticed Vekhufia the pandemonium lord
172060 | Zig:18   | Noticed Kiluggeh the pandemonium lord
172060 | Zig:18   | Noticed Zytu the pandemonium lord
172060 | Zig:18   | Noticed Nearr the pandemonium lord
172060 | Zig:18   | Noticed Kuton the pandemonium lord
172062 | Zig:18   | Noticed Hata the pandemonium lord
172062 | Zig:18   | Noticed Dayduxera the pandemonium lord
172063 | Zig:18   | Killed Kiluggeh the pandemonium lord
172063 | Zig:18   | Killed Zytu the pandemonium lord
172063 | Zig:18   | Killed Ruuf the pandemonium lord
172064 | Zig:18   | Killed Qarrupt the pandemonium lord
172064 | Zig:18   | Killed Miugg the pandemonium lord
172064 | Zig:18   | Noticed Uddeulif the pandemonium lord
172064 | Zig:18   | Noticed Pinwo the pandemonium lord
172068 | Zig:18   | Killed Igeh Oxups the pandemonium lord
172068 | Zig:18   | Killed Vekhufia the pandemonium lord
172068 | Zig:18   | Noticed Idghinop the pandemonium lord
172069 | Zig:18   | Killed Norob the pandemonium lord
172069 | Zig:18   | Killed Suehaoq the pandemonium lord
172070 | Zig:18   | Killed Kuton the pandemonium lord
172070 | Zig:18   | Killed Nearr the pandemonium lord
172070 | Zig:18   | Noticed Koes the pandemonium lord
172071 | Zig:18   | Killed Hata the pandemonium lord
172072 | Zig:18   | Killed Dayduxera the pandemonium lord
172072 | Zig:18   | Noticed Qymoucep the pandemonium lord
172073 | Zig:18   | Noticed Gaeqina the pandemonium lord
172074 | Zig:18   | Killed Koes the pandemonium lord
172074 | Zig:18   | Killed Qymoucep the pandemonium lord
172076 | Zig:18   | Killed Uddeulif the pandemonium lord
172076 | Zig:18   | Killed Idghinop the pandemonium lord
172076 | Zig:18   | Noticed Tysawoech the pandemonium lord
172077 | Zig:18   | Killed Gaeqina the pandemonium lord
172077 | Zig:18   | Noticed Bonoemnurch the pandemonium lord
172079 | Zig:18   | Killed Bonoemnurch the pandemonium lord
172080 | Zig:18   | Noticed Acuczoq the pandemonium lord
172081 | Zig:18   | Killed Tysawoech the pandemonium lord
172083 | Zig:18   | Killed Pinwo the pandemonium lord
172085 | Zig:18   | Killed Acuczoq the pandemonium lord
172090 | Zig:18   | Found the +2 hat of the Bear Spirit {Spirit, +Rage rN+
                  | Will++}
172185 | Zig:18   | Identified the +0 scale mail "Vetaohosm" {Str+2}
172193 | Zig:18   | Identified the +8 mace of a bailey {drain, *Slow rPois rF+
                  | Stlth+}
172202 | Zig:18   | Identified the +1 shortbow of Disarray {flame, rC+ rN+
                  | Int+2}
172205 | Zig:18   | Identified the +0 scale mail "Xead" {Will+ Dex+2}
172231 | Zig:18   | Identified the ring "Qopahe" {Drain rElec MP+9 Dex+10}
172293 | Zig:19   | Entered Level 19 of a ziggurat
172311 | Zig:19   | Noticed Qupubruts's ghost (master HOFi)
172311 | Zig:19   | Noticed SevenDeadlySins's ghost (legendary DrCj)
172311 | Zig:19   | Noticed Ekeiwkem's ghost (legendary DsFi)
172311 | Zig:19   | Noticed BerryKnight's ghost (legendary DgFi)
172311 | Zig:19   | Noticed Gucom's ghost (veteran GnFi)
172311 | Zig:19   | Noticed Kalug's ghost (legendary DrFi)
172311 | Zig:19   | Noticed Viocziel's ghost (adept TrMo)
172311 | Zig:19   | Noticed Ikusitist's ghost (legendary NaFE)
172312 | Zig:19   | Noticed Pikuto's ghost (adept MiBe)
172312 | Zig:19   | Noticed Hewasun's ghost (legendary MiBe)
172312 | Zig:19   | Noticed melllvar's ghost (legendary MiBe)
172312 | Zig:19   | Noticed Amikeex's ghost (adept TrMo)
172312 | Zig:19   | Noticed BerryKnight's ghost (legendary DgFi)
172313 | Zig:19   | Noticed grandjackal's ghost (legendary DsGl)
172313 | Zig:19   | Noticed EricTams's ghost (veteran MiBe)
172313 | Zig:19   | Noticed TuffENuff's ghost (legendary FoFi)
172313 | Zig:19   | Noticed Manman's ghost (legendary HOGl)
172314 | Zig:19   | Noticed Himmaryad's ghost (adept TrMo)
172314 | Zig:19   | Noticed Rocah's ghost (veteran GrFi)
172315 | Zig:19   | Killed Amikeex's ghost
172315 | Zig:19   | Killed Gucom's ghost
172315 | Zig:19   | Killed Viocziel's ghost
172316 | Zig:19   | Killed Hewasun's ghost
172318 | Zig:19   | Killed Kalug's ghost
172318 | Zig:19   | Killed EricTams's ghost
172319 | Zig:19   | Killed Himmaryad's ghost
172319 | Zig:19   | Noticed SevenDeadlySins's ghost (legendary DrCj)
172319 | Zig:19   | Noticed Zoplarin's ghost (legendary BaSk)
172320 | Zig:19   | Noticed Oreexun's ghost (legendary DECj)
172323 | Zig:19   | Killed grandjackal's ghost
172323 | Zig:19   | Killed Qupubruts's ghost
172324 | Zig:19   | Killed Oreexun's ghost
172325 | Zig:19   | Killed Ikusitist's ghost
172330 | Zig:19   | Killed Pikuto's ghost
172330 | Zig:19   | Killed Rocah's ghost
172330 | Zig:19   | Killed TuffENuff's ghost
172333 | Zig:19   | Killed BerryKnight's ghost
172334 | Zig:19   | Killed BerryKnight's ghost
172334 | Zig:19   | Killed SevenDeadlySins's ghost
172334 | Zig:19   | Killed Zoplarin's ghost
172336 | Zig:19   | Killed Ekeiwkem's ghost
172337 | Zig:19   | Killed SevenDeadlySins's ghost
172339 | Zig:19   | Killed melllvar's ghost
172425 | Zig:19   | Killed Manman's ghost
172530 | Zig:19   | Identified the +9 triple sword of Timul {freeze, Str+4}
172549 | Zig:19   | Identified the amulet of Kiphul {Faith rN++}
172572 | Zig:19   | Identified the +4 war axe of Extremism {pain, Fragile rElec
                  | rCorr Dex-3}
172609 | Zig:20   | Entered Level 20 of a ziggurat
172619 | Zig:20   | Noticed a juggernaut
172621 | Zig:20   | Noticed a juggernaut
172623 | Zig:20   | Noticed a juggernaut
172624 | Zig:20   | Killed a juggernaut
172624 | Zig:20   | Noticed a juggernaut
172626 | Zig:20   | Noticed a juggernaut
172629 | Zig:20   | Killed a juggernaut
172629 | Zig:20   | Noticed a juggernaut
172630 | Zig:20   | Killed a juggernaut
172630 | Zig:20   | Killed a juggernaut
172630 | Zig:20   | Killed a juggernaut
172631 | Zig:20   | Killed a juggernaut
172693 | Zig:20   | Found the +6 arbalest "Damnation" {damnation}
172697 | Zig:20   | Found the ring of the Mage {Wiz Will++ Int+3}
172722 | Zig:20   | Identified the +9 glaive "Zuthrar" {drain, rElec}
172724 | Zig:20   | Identified the +2 chain mail of the Endless Expanse {Str-3
                  | Dex+3 Slay+2 Stlth+}
172729 | Zig:20   | Identified the amulet of Alaneitt {Reflect Dex+3 SH+5}
172772 | Zig:20   | Identified the +1 ice dragon scales of Satisfaction {rElec
                  | rPois rF- rC++ Will- Str+10}
172777 | Zig:21   | Entered Level 21 of a ziggurat
172813 | Zig:21   | Found the ring of the Tortoise {AC+8}
172813 | Zig:21   | Found the +4 skin of Zhor {*Englaciate rC+++ SInv}
172817 | Zig:21   | Found the +12 glaive of Prune {vorpal}
172837 | Zig:21   | Identified the ring "Jiugutz" {rElec Str+6 Int+2}
172842 | Zig:21   | Identified the +3 fire dragon scales of Parlour Games {rF++
                  | rC- Dex+4 Stlth+}
172844 | Zig:21   | Identified the ring of Dom Lup {rC+ Will+ rCorr Dex+4}
172850 | Zig:21   | Identified the ring "Nuereas" {Drain rN+ Will+ Int+6 Dex+6}
172905 | Zig:22   | Entered Level 22 of a ziggurat
172921 | Zig:22   | Noticed a dread lich
172922 | Zig:22   | Noticed a dread lich
172924 | Zig:22   | Noticed an ancient lich
172924 | Zig:22   | Noticed a dread lich
172924 | Zig:22   | Noticed a dread lich
172926 | Zig:22   | Noticed a dread lich
172927 | Zig:22   | Killed an ancient lich
172927 | Zig:22   | Killed a dread lich
172927 | Zig:22   | Noticed an ancient lich
172928 | Zig:22   | Killed a dread lich
172928 | Zig:22   | Noticed an ancient lich
172929 | Zig:22   | Killed a dread lich
172929 | Zig:22   | Killed a dread lich
172929 | Zig:22   | Noticed an ancient lich
172932 | Zig:22   | Killed an ancient lich
172932 | Zig:22   | Killed a dread lich
172933 | Zig:22   | Killed an ancient lich
172933 | Zig:22   | Killed an ancient lich
172972 | Zig:22   | Identified the amulet "Hucihit" {Reflect Drain rElec
                  | Will+++ Int+4 SH+5}
172980 | Zig:22   | Identified the +5 hunting sling of Blood-Lust {venom, rC+
                  | Dex-4 SInv}
172981 | Zig:22   | Identified the +0 pair of gloves of Space {Harm rC- rN+}
172992 | Zig:22   | Identified the +10 executioner's axe "Amit Utu" {flame,
                  | rN+}
172995 | Zig:22   | Identified the +3 ring mail "Hoilemie" {rPois Int+2}
173022 | Zig:23   | Entered Level 23 of a ziggurat
173257 | Zig:23   | Identified the +0 buckler of Limited Liability {*Corrode
                  | rC- Regen+ Stlth+}
173260 | Zig:23   | Identified the ring of Uxzuogew {rPois Will+}
173265 | Zig:23   | Identified the +10 quarterstaff "Bajobre" {freeze, +Blink
                  | rC- Will+}
173286 | Zig:23   | Identified the +7 dagger of Sequestration {venom, rF+ rCorr
                  | Str-2 Int+4}
173292 | Zig:23   | Identified the amulet "Qoikhliro" {rF+ Will+ Regen+ Int+4}
173319 | Zig:24   | Entered Level 24 of a ziggurat
173333 | Zig:24   | Noticed an ancient lich
173333 | Zig:24   | Noticed an ancient lich
173339 | Zig:24   | Killed an ancient lich
173339 | Zig:24   | Killed an ancient lich
173340 | Zig:24   | Noticed a dread lich
173340 | Zig:24   | Noticed a dread lich
173341 | Zig:24   | Noticed a dread lich
173341 | Zig:24   | Noticed an ancient lich
173342 | Zig:24   | Killed a dread lich
173344 | Zig:24   | Killed a dread lich
173344 | Zig:24   | Killed an ancient lich
173346 | Zig:24   | Killed a dread lich
173346 | Zig:24   | Noticed a dread lich
173347 | Zig:24   | Killed a dread lich
173347 | Zig:24   | Noticed a dread lich
173348 | Zig:24   | Killed a dread lich
173348 | Zig:24   | Noticed a dread lich
173350 | Zig:24   | Killed a dread lich
173351 | Zig:24   | Noticed an ancient lich
173351 | Zig:24   | Killed a dread lich
173351 | Zig:24   | Killed a dread lich
173352 | Zig:24   | Killed an ancient lich
173356 | Zig:24   | Noticed an ancient lich
173356 | Zig:24   | Noticed an ancient lich
173357 | Zig:24   | Killed an ancient lich
173357 | Zig:24   | Killed an ancient lich
173358 | Zig:24   | Noticed a dread lich
173360 | Zig:24   | Killed a dread lich
173414 | Zig:24   | Identified the +9 battleaxe of Burnt Fortitude {protect,
                  | rElec}
173423 | Zig:24   | Identified the +3 mace of Xoasotus {antimagic, Will+ Int+2}
173430 | Zig:24   | Identified the +6 great mace of the Thoughtful Seas {flame,
                  | rPois}
173458 | Zig:25   | Entered Level 25 of a ziggurat
173473 | Zig:25   | Noticed a dread lich
173474 | Zig:25   | Noticed an ancient lich
173475 | Zig:25   | Noticed an ancient lich
173476 | Zig:25   | Noticed a dread lich
173480 | Zig:25   | Killed an ancient lich
173480 | Zig:25   | Killed a dread lich
173480 | Zig:25   | Noticed an ancient lich
173481 | Zig:25   | Noticed a dread lich
173481 | Zig:25   | Killed an ancient lich
173482 | Zig:25   | Noticed a dread lich
173485 | Zig:25   | Noticed an ancient lich
173486 | Zig:25   | Killed a dread lich
173486 | Zig:25   | Killed an ancient lich
173486 | Zig:25   | Killed a dread lich
173487 | Zig:25   | Killed a dread lich
173487 | Zig:25   | Noticed a dread lich
173488 | Zig:25   | Killed an ancient lich
173489 | Zig:25   | Killed a dread lich
173490 | Zig:25   | Killed a dread lich
173491 | Zig:25   | Noticed a dread lich
173492 | Zig:25   | Killed a dread lich
173493 | Zig:25   | Noticed an ancient lich
173493 | Zig:25   | Noticed a dread lich
173493 | Zig:25   | Noticed a dread lich
173494 | Zig:25   | Killed a dread lich
173496 | Zig:25   | Killed an ancient lich
173497 | Zig:25   | Killed a dread lich
173499 | Zig:25   | Killed an ancient lich
173500 | Zig:25   | Noticed a dread lich
173503 | Zig:25   | Killed a dread lich
173521 | Zig:25   | Found the +8 glaive of the Guard {elec, spectral, AC+5}
173530 | Zig:25   | Identified the +0 helmet of Abstinence {+Blink rF- Will+
                  | Regen+}
173538 | Zig:25   | Acquired the +3 pair of boots of Lifelessness {Will+}
173566 | Zig:25   | Identified the +6 hand crossbow "Bocihor" {freeze, Will-
                  | Str+7 SInv}
173605 | Zig:25   | Identified the +1 ring mail of the Game Afoot {rCorr}
173621 | Zig:26   | Entered Level 26 of a ziggurat
173654 | Zig:26   | Found the macabre finger necklace {rN+}
173666 | Zig:26   | Identified the ring of the Solstice {Fly rN++ rCorr Dex-3
                  | Slay+4}
173671 | Zig:26   | Identified the +7 chain mail of Omission {-Cast rElec rF+
                  | Regen+ Str+2}
173675 | Zig:26   | Identified the +5 halberd of Causality {vorpal, rF- rC-
                  | rN+++ Str+6}
173676 | Zig:26   | Identified the +2 leather armour of Xom's Respect {Regen+
                  | Dex+4}
173680 | Zig:26   | Identified the ring "Sorch" {+Blink rF+ rCorr Dex+4}
173693 | Zig:26   | Identified the +3 hand axe "Zaem" {freeze, Int+4 SInv}
173702 | Zig:26   | Identified the +4 war axe "Ihasat" {speed, rCorr}
173705 | Zig:26   | Identified the +4 scimitar of Broken Luck {pain, rF+ Str-4
                  | Int+3 Dex+2}
173730 | Zig:26   | Identified the +2 leather armour "Peck" {rF+ Str+3}
173733 | Zig:26   | Identified the +4 spear "Isyg" {pain, SInv}
173744 | Zig:26   | Identified the +3 leather armour of the Soft Grue {rC++
                  | Str+5}
173762 | Zig:27   | Entered Level 27 of a ziggurat
173848 | Zig:27   | Found the +10 tower shield of Ignorance {rN+ Int-4}
173870 | Zig:27   | Identified the +7 swamp dragon scales of Pyunwe Loeto
                  | {*Slow rPois rF+ rN+}
173873 | Zig:27   | Identified the ring "Coacotru" {Fly rC+ Str+6}
173876 | Zig:27   | Identified the +2 pair of gloves of Least Resistance {rElec
                  | rC+++ Int-5}
173882 | Zig:27   | Identified the +4 executioner's axe "Ciot Egi" {vorpal,
                  | SInv}
173886 | Zig:27   | Identified the +11 dire flail of the Gnat {holy, *Slow
                  | rPois Int+3}
173919 | Zig:27   | Identified the +10 hand crossbow of Iczit {flame, Str+3}
173924 | Zig:27   | Identified the +7 hunting sling "Grum" {vorpal, rElec}
174399 | Zot:5    | Entered Level 5 of the Realm of Zot
174437 | Zot:5    | Noticed a dread lich
174439 | Zot:5    | Killed a dread lich
174791 | Zot:5    | Noticed an orb of fire
174792 | Zot:5    | Noticed an ancient lich
174798 | Zot:5    | Killed an ancient lich
174798 | Zot:5    | Killed an orb of fire
175096 | Zot:5    | Noticed an orb of fire
175097 | Zot:5    | Noticed an ancient lich
175100 | Zot:5    | Killed an orb of fire
175102 | Zot:5    | Killed an ancient lich
175162 | Zot:5    | Noticed an orb of fire
175165 | Zot:5    | Killed an orb of fire
176152 | Zot:5    | Got the Orb of Zot
176771 | D:2      | Noticed Imushih the pandemonium lord
176771 | D:2      | Noticed an ancient lich
176772 | D:2      | Killed Imushih the pandemonium lord
176773 | D:2      | Killed an ancient lich
176847 | D:$      | Escaped with the Orb!

Illustrated notes

Levels and vault maps discovered:
D:1:      dpeg_arrival_lava_temple_mockup, layout_basic,
          hellmonk_ecumenical_altar_leap_of_faith
D:2:      layout_loops_ring, uniq_terence
D:3:      layout_loops_corners, serial_shops, shop, uniq_jessica, uniq_grinder,
          uniq_robin
D:4:      layout_layer_cave, mainiacjoe_overflow_alcove_1,
          minmay_temple_entry_statues, uniq_sigmund
D:5:      layout_cave_pools, nicolae_overflow_hidden_temple
D:6:      layout_rooms, serial_undead, serial_undead_e, serial_undead_d,
          serial_undead_d, serial_undead_e, serial_undead_f, serial_undead_d,
          serial_undead_b, serial_undead_a
D:7:      layout_basic
D:8:      layout_loops_ring, nicolae_overflow_crystal_walls, uniq_maggie
D:9:      layout_loops_ring, kennysheep_little_box
D:10:     layout_basic, lair_entry_dummy, erik_orc_1, serial_rivers,
          chequers_serial_rivers_small_b, chequers_serial_rivers_micro_a,
          chequers_serial_rivers_micro_a, chequers_serial_rivers_micro_e,
          chequers_serial_rivers_large_b, chequers_serial_rivers_micro_a,
          kennysheep_crisscross, uniq_psyche
D:11:     layout_rooms, kennysheep_generic_room_10, uniq_sonja, uniq_nergalle,
          uniq_maurice
D:12:     layout_rooms, hangedman_cracks_in_the_wall
D:13:     layout_loops_ring, david_vaults_4, gauntlet_entry_generic
D:14:     layout_loops_ring, bloody_makhleb, uniq_rupert
D:15:     grunt_enter_depths_magical_seal, layout_stronghold, serial_shops,
          shop, uniq_kirke
Temple:   eino_narrow_crystal_temple
Lair:1:   layout_gridlike, minmay_lair_oklob_items, mumra_transporter_accident
Lair:2:   minmay_lair_venomous_thicket, layout_cave_pods, grunt_megastairs_1
Lair:3:   dpeg_oklob_gauntlet, layout_chaotic_city, minmay_swamp_entry_swarm,
          spider_nest_entry_a, minmay_lindwurm_lava, minmay_lair_oklob_chamber,
          serial_bayou_shore_a, lemuel_fruit_tree, infiniplex_staircase_pool_2
Lair:4:   layout_misc_corridors, portal_ice_cave_entry_imps, grunt_megastairs_4
Lair:5:   layout_cave_pods, slime_altar_2, hellmonk_guarded_unrand_vines
Lair:6:   minmay_lair_end_enchanted_forest, layout_regular_city
Swamp:1:  nicolae_swamp_ascending_descending, layout_falls_marsh,
          nicolae_swamp_fairy_circle, swamp_pool5
Swamp:2:  layout_falls_marsh, ebering_ghost_rock_garden,
          evilmike_swamp_ruin_rubble_2
Swamp:3:  layout_basic_swamp, nicolae_swamp_decorative_isthmus, swamp_pool1
Swamp:4:  swamp_alternative, layout_basic_swamp, grunt_lady_of_the_lake
Spider:1: layout_spider_delve
Spider:2: layout_spider_delve, hangedman_spider_tarantella_strand, uniq_nikola
Spider:3: layout_spider_delve, uniq_roxanne
Spider:4: guppyfry_spider_rune, nicolae_spider_webs_and_nodes, drop_trap
Slime:1:  layout_caves
Slime:2:  layout_caves
Slime:3:  layout_caves
Slime:4:  layout_caves, nicolae_slime_barrier
Slime:5
Orc:1:    layout_diamond_mine, basic_altar
Orc:2:    st_orc_open, layout_diamond_mine, nicolae_orc_pool_cavern,
          uniq_erolcha
Elf:1:    minmay_elf_arrival_plus, layout_gridlike,
          gammafunk_ghost_tricky_traps, serial_shops,
          nicolae_shop_overgrown_old_shop, minmay_elf_necromancy,
          grunt_megastairs_2, uniq_frances, uniq_louise
Elf:2:    elven_hall_of_blades_hangedman_original
          [nicolae_blade_entry_crossed_weapons], layout_geoelf_diagonals,
          david_defended_altar_elf, uniq_azrael, uniq_jorgrun
Elf:3:    minmay_elf_hall_statues, layout_geoelf_castle, serial_shops, shop,
          statue_in_the_mist_lemuel, uniq_aizul
Vaults:1: ontoclasm_vaults_ligature, vaults_standard_mumra_x,
          grunt_vaults_hallway_long, v_misc_18, v_misc_27,
          nicolae_vaults_border_crossing, nicolae_vaults_display_case,
          layout_vaults_omnigrid, serial_shops, shop, uniq_asterion, uniq_donald
Vaults:2: vaults_dpeg_encased_lava, hangedman_vaults_slither,
          hangedman_vaults_maws, dpeg_vaults_monster_row, vaults_room_door_hall,
          grunt_vaults_funnel, vaults_dpeg_ring, hangedman_vaults_snaps,
          hangedman_vaults_stretched_pinwheel, vaults_mumra_chevron,
          layout_vaults_ring, portal_desolation_entry_salt, uniq_mennas,
          uniq_bai_suzhen
Vaults:3: nicolae_vaults_network_quinsquares
          [nicolae_vaults_network_quincunx_subvault,
          nicolae_vaults_network_quincunx_subvault,
          nicolae_vaults_network_quincunx_subvault,
          nicolae_vaults_network_quincunx_subvault], grunt_vaults_trifunnel,
          v_misc_33, ontoclasm_vaults_gateway, nicolae_vaults_network_quincunx
          [nicolae_vaults_network_quincunx_subvault,
          nicolae_vaults_network_quincunx_subvault,
          nicolae_vaults_network_quincunx_subvault,
          nicolae_vaults_network_quincunx_subvault,
          nicolae_vaults_network_quincunx_subvault], v_misc_22, v_misc_23,
          ontoclasm_vaults_spin, nicolae_vaults_circle_grid_b,
          blue_anna_dwarven_crypt, v_misc_11, ontoclasm_vaults_decontamination,
          ontoclasm_vaults_twist, nicolae_vaults_asterisk,
          nicolae_vaults_little_ls, vaults_dpeg_cross, ontoclasm_vaults_pinch,
          layout_vaults_maze_bifur, uniq_margery
Vaults:4: v_misc_23, vaults_dpeg_diagonal, ontoclasm_vaults_shuriken,
          nicolae_vaults_theta, v_misc_24, kb_rosetta, ontoclasm_vaults_chip,
          vaults_room_stairs_pillars, nicolae_vaults_what_the_h,
          hangedman_vaults_stream, serial_ice_h, vaults_mumra_hexcomb,
          layout_vaults_omnibox
Vaults:5
Crypt:1:  layout_chaotic_city, grunt_crypt_arrival_webbed
Crypt:2:  layout_regular_city
Crypt:3:  grunt_crypt_end_deaths_head
Tomb:1:   uniq_mara
Tomb:2
Tomb:3:   uniq_boris
Depths:1: minmay_spriggan_fort, layout_cave_shapes, enter_ziggurat_f,
          hell_entry, kiku_gazebo_pond_becter, grunt_pan_entry_zigzag,
          serial_bayou_pond_c, patterned_corridor
Depths:2: minmay_strange_plus, layout_cave_pools, serial_sigils,
          serial_sigils_hangedman_stare, serial_sigils_hangedman_scar,
          serial_sigils_hangedman_etch, serial_sigils_hangedman_writhe,
          serial_sigils_hangedman_shear, rand_demon_pan_entry_9, hell_entry,
          chequers_decorated_corner, kennysheep_generic_room_7,
          minmay_staircase_windowed_small
Depths:3: cheibrodos_salmonella, layout_basic, chequers_serial_rivers_marsh,
          pf_dread_powers_of_hell, abyss_entry_small_statue_room,
          grunt_pan_entry_spiral, ebering_ghost_reflecting_pool
Depths:4: nzn_winding_woodlands_cross
          [nzn_winding_woodlands_5x15_pathside_ponds,
          nzn_winding_woodlands_5x15_pockets, nzn_winding_woodlands_5x15_pool,
          nzn_winding_woodlands_5x15_garden,
          nzn_winding_woodlands_15x15_boxy_spiral], layout_cave_pools,
          hell_entry, serial_shops, shop, abyss_entry_glasseish,
          minmay_staircase_statues
Depths:5: evilmike_zot_entry_gauntlet, layout_cave_pools, special_room
          [special_room_jelly], abyss_entry, hangedman_coc_ice_floe,
          muffindrake_ghost_three_little_ghosts
Hell
Dis:1:    layout_regular_city, hangedman_dis_decor_blocks_talon
Dis:2:    layout_chaotic_city
Dis:3:    layout_chaotic_city
Dis:4:    kennysheep_iron_temple, layout_chaotic_city, hangedman_dis_chains
Dis:5:    layout_overlapping_boxes, lemuel_elevator
Dis:6:    layout_subdivisions
Dis:7:    dis_st
Geh:1:    layout_gehenna_lava_caves, special_room [special_room_morgue]
Geh:2:    layout_gehenna_pools_basic
Geh:3:    layout_gehenna_pools_triple, nicolae_geh_fiery_graves
          [nicolae_geh_single_fiery_grave, nicolae_geh_single_fiery_grave,
          nicolae_geh_single_fiery_grave, nicolae_geh_single_fiery_grave,
          nicolae_geh_single_fiery_grave, nicolae_geh_single_fiery_grave,
          nicolae_geh_single_fiery_grave, nicolae_geh_single_fiery_grave,
          nicolae_geh_single_fiery_grave]
Geh:4:    layout_gehenna_pools_basic, lemuel_hellion_isle
Geh:5:    layout_gehenna_pools_box, grunt_megastairs_3
Geh:6:    layout_gehenna_pools_box
Geh:7:    geh_grunt_pentagon
Coc:1:    layout_cocytus_water_paths
Coc:2:    layout_cocytus_water_paths
Coc:3:    layout_cocytus_water_paths
Coc:4:    layout_cocytus_water_paths
Coc:5:    layout_ice_bergs
Coc:6:    layout_cocytus_water_paths
Coc:7:    coc_mu
Tar:1:    layout_grid_maze
Tar:2:    layout_catacombs, nicolae_tar_cuneiform_not
Tar:3:    layout_catacombs, nicolae_tar_cuneiform_not, evilmike_ambush
          [evilmike_ambush_outer_pillars, evilmike_ambush_inner_pond]
Tar:4:    layout_grid_maze
Tar:5:    layout_grid_maze, nicolae_tar_cuneiform_water
Tar:6:    layout_honeycomb
Tar:7:    tar_old
Zot:1:    layout_gridlike, st_stairs_8, grunt_ministairs_1, drop_trap,
          lemuel_baited_zot_trap
Zot:2:    layout_gridlike, st_stairs_6, drop_trap
Zot:3:    layout_cathedral_of_symmetry
Zot:4:    layout_cellular_growth, st_small_dragon_hoard_2
Zot:5:    layout_cathedral_of_symmetry, grunt_ministairs_6

Skill      XL: |  1  2  3  4  5  6  7  8  9 10 11 12 13 14 15 16 17 18 19 20 21 22 23 24 25 26 27 |
---------------+----------------------------------------------------------------------------------+-----
Short Blades   | 1 2 3 4 5 6 7 8 9 10 11 12 13 14 15 16 17 27 | 27.0
Axes           | 1 2 3 4 5 6 7 8 9 10 11 12 13 14 15 16 17 27 | 27.0
Maces & Flails | 1 2 3 4 5 6 7 8 9 10 11 12 13 14 15 16 17 27 | 27.0
Polearms       | 1 2 3 4 5 6 7 8 9 10 11 12 13 14 15 16 17 27 | 27.0
Staves         | 1 2 3 4 5 6 7 8 9 10 11 12 13 14 15 16 17 27 | 27.0
Slings         | 1 2 3 4 5 6 7 8 9 10 11 12 13 14 15 16 17 27 | 27.0
Crossbows      | 1 2 3 4 5 6 7 8 9 10 11 12 13 14 15 16 17 27 | 27.0
Throwing       | 1 2 3 4 5 6 7 8 9 10 11 12 13 14 15 16 17 27 | 27.0
Shields        | 1 2 3 4 5 6 7 8 9 10 11 12 13 14 15 16 17 27 | 27.0
Unarmed Combat | 1 2 3 4 5 6 7 8 9 10 11 12 13 14 15 16 17 27 | 27.0
Spellcasting   | 1 2 3 4 5 6 7 8 9 10 11 12 13 14 15 16 17 27 | 27.0
Invocations    | 1 2 3 4 5 6 7 8 9 10 11 12 13 14 15 16 17 18 27 | 27.0
Conjurations   | 1 2 3 4 5 6 7 8 9 10 11 12 13 14 27 | 27.0
Hexes          | 1 2 3 4 5 6 7 8 9 10 11 12 13 14 27 | 27.0
Summonings     | 1 2 3 4 5 6 7 8 9 10 11 12 13 14 27 | 27.0
Necromancy     | 1 2 3 4 5 6 7 8 9 10 11 12 13 14 27 | 27.0
Translocations | 1 2 3 4 5 6 7 8 9 10 11 12 13 14 27 | 27.0
Transmutations | 1 2 3 4 5 6 7 8 9 10 11 12 13 14 27 | 27.0
Fire Magic     | 1 2 3 4 5 6 7 8 9 10 11 12 13 14 27 | 27.0
Ice Magic      | 1 2 3 4 5 6 7 8 9 10 11 12 13 14 27 | 27.0
Air Magic      | 1 2 3 4 5 6 7 8 9 10 11 12 13 14 27 | 27.0
Earth Magic    | 1 2 3 4 5 6 7 8 9 10 11 12 13 14 27 | 27.0
Poison Magic   | 1 2 3 4 5 6 7 8 9 10 11 12 13 14 27 | 27.0
Fighting       | 5 6 7 8 9 10 11 12 13 14 15 16 17 27 | 27.0
Long Blades    | 3 4 5 6 7 8 9 10 11 12 13 14 15 16 17 27 | 27.0
Bows           | 3 4 5 6 7 8 9 10 11 12 13 14 15 16 17 27 | 27.0
Armour         | 3 4 5 6 7 8 9 10 11 12 13 14 15 16 17 27 | 27.0
Dodging        | 3 4 5 6 7 8 9 10 11 12 13 14 15 16 17 27 | 27.0
Evocations     | 5 6 7 8 9 10 11 12 13 14 15 16 17 27 | 27.0
Stealth        | 5 6 7 8 9 10 11 12 13 14 15 16 17 27 | 27.0

Action                   |  1- 3 |  4- 6 |  7- 9 | 10-12 | 13-15 | 16-18 | 19-21 | 22-24 | 25-27 || total
-------------------------+-------+-------+-------+-------+-------+-------+-------+-------+-------++-------
Melee: Falchion          |    84 |    93 |     3 |       |       |       |       |       |       ||   180
       Bite              |    10 |    19 |    50 |    37 |     2 |    43 |    85 |   199 |  2332 ||  2777
       Dagger            |       |    13 |   278 |   124 |       |   143 |    36 |       |       ||   594
       Punch             |       |       |     9 |       |       |       |       |       |       ||     9
       Hunting sling     |       |       |       |    17 |    11 |     3 |       |       |       ||    31
       Morningstar       |       |       |       |       |       |       |   332 |       |  3521 ||  3853
       Double sword      |       |       |       |       |       |       |    50 |   480 |       ||   530
       War axe           |       |       |       |       |       |       |       |   272 |  1752 ||  2024
       Trident           |       |       |       |       |       |       |       |       |  3337 ||  3337
       Headbutt          |       |       |       |       |       |       |       |       |  2665 ||  2665
       Executioner's axe |       |       |       |       |       |       |       |       |  2156 ||  2156
       Staff             |       |       |       |       |       |       |       |       |  1447 ||  1447
       Rapier            |       |       |       |       |       |       |       |       |    27 ||    27
       Broad axe         |       |       |       |       |       |       |       |       |    24 ||    24
 Fire: Hunting sling     |       |       |       |   381 |  1056 |  1253 |  1809 |   720 |       ||  5219
Throw: Javelin           |       |       |       |       |       |     8 |       |       |    42 ||    50
 Cast: Irradiate         |       |       |       |       |       |       |     3 |     1 |       ||     4
       Starburst         |       |       |       |       |       |       |     3 |    29 |    10 ||    42
       Ignition          |       |       |       |       |       |       |       |       |   971 ||   971
       Necromutation     |       |       |       |       |       |       |       |       |   749 ||   749
       Chain Lightning   |       |       |       |       |       |       |       |       |   725 ||   725
       Fire Storm        |       |       |       |       |       |       |       |       |   304 ||   304
       Shatter           |       |       |       |       |       |       |       |       |   202 ||   202
       Lehudib's Crystal |       |       |       |       |       |       |       |       |   167 ||   167
       Ozocubu's Refrige |       |       |       |       |       |       |       |       |    29 ||    29
       Polar Vortex      |       |       |       |       |       |       |       |       |    16 ||    16
       Swiftness         |       |       |       |       |       |       |       |       |     7 ||     7
       Blink             |       |       |       |       |       |       |       |       |     4 ||     4
       Orb of Destructio |       |       |       |       |       |       |       |       |     2 ||     2
Invok: Heroism           |       |       |     8 |    15 |    34 |    47 |    65 |    49 |    58 ||   276
       Finesse           |       |       |       |       |       |     4 |     5 |       |     5 ||    14
 Abil: End Transformatio |       |       |       |       |       |       |       |       |     1 ||     1
Evoke: Wand              |       |     1 |    13 |     2 |     4 |     5 |    12 |     2 |    57 ||    96
       Condenser vane    |       |       |       |       |     1 |     2 |     4 |     1 |    12 ||    20
       Tin of tremorston |       |       |       |       |       |     2 |     6 |     3 |     9 ||    20
       Box of beasts     |       |       |       |       |       |       |     3 |     1 |    10 ||    14
       Phantom mirror    |       |       |       |       |       |       |       |       |     9 ||     9
       Figurine of a zig |       |       |       |       |       |       |       |       |     5 ||     5
       Piece from Xom's  |       |       |       |       |       |       |       |       |     1 ||     1
  Use: Potion            |     1 |       |       |       |     2 |     6 |     4 |       |    96 ||   109
       Scroll            |       |     5 |     7 |     7 |     6 |    13 |    10 |     2 |    49 ||    99
 Stab: Sleeping          |     5 |     6 |     9 |     1 |       |       |     3 |     1 |    72 ||    97
       Distracted        |       |       |     1 |       |       |       |     2 |     2 |   150 ||   155
       Invisible         |       |       |       |       |       |       |       |       |     5 ||     5
Armor: Ring mail         |    25 |    28 |    84 |     2 |       |     8 |       |       |       ||   147
       Leather armour    |       |       |       |    42 |     4 |       |       |       |       ||    46
       Plate armour      |       |       |       |    12 |    30 |   156 |   449 |   180 |   343 ||  1170
       Chain mail        |       |       |       |       |    44 |       |       |       |       ||    44
       Robe              |       |       |       |       |       |       |       |     1 |  1389 ||  1390
       Gold dragon scale |       |       |       |       |       |       |       |       |   494 ||   494
       Crystal plate arm |       |       |       |       |       |       |       |       |   339 ||   339
       Skin              |       |       |       |       |       |       |       |       |     1 ||     1
Dodge: Dodged            |    65 |    58 |   228 |   119 |   161 |   252 |   899 |   521 |  5760 ||  8063
Block: Kite shield       |       |       |       |    39 |       |       |       |   783 |  8964 ||  9786
       Buckler           |       |       |       |    22 |    90 |   182 |   964 |   150 |       ||  1408
       Reflection        |       |       |       |       |       |     3 |    50 |    45 |   246 ||   344
       Tower shield      |       |       |       |       |       |       |       |       |   514 ||   514
       Other             |       |       |       |       |       |       |       |       |   395 ||   395
       Rpst.: Falchion   |    16 |    13 |     1 |       |       |       |       |       |       ||    30
       Double sword      |       |       |       |       |       |       |     3 |    53 |       ||    56
